Workbook

Sheet GRIGLIA
A2: OT/Toll Risk | B2: B | C2: MB | D2: M | E2: MA | F2: A
A3: 1
A4: 3
A5: 5
A6: 10
A7: >10

Sheet Constit ACWI
A1: Constituents MSCI World All Country Index VECCHIA COMPOSIZIONE…..oltre 10 anni fa)
A2: ISIN | B2: BB Ticker | C2: Name | D2: Gics Sector | E2: Gics Industry Group | F2: Gics Industry | G2: Country | H2: Currency | I2: Weight | K2: Sectors | L2: 100
A3: US0378331005 | B3: AAPL UW | C3: APPLE INC | D3: Information Technology | E3: Technology Hardware & Equipmen | F3: Computers & Peripherals | G3: UNITED STATES | H3: USD | I3: 1.7623982 | K3: Information Technology | L3: 12.649187
A4: US30231G1022 | B4: XOM UN | C4: EXXON MOBIL CORP | D4: Energy | E4: Energy | F4: Oil, Gas & Consumable Fuels | G4: UNITED STATES | H4: USD | I4: 1.4738985 | K4: Energy | L4: 11.965988
A5: US5949181045 | B5: MSFT UW | C5: MICROSOFT CORP | D5: Information Technology | E5: Software & Services | F5: Software | G5: UNITED STATES | H5: USD | I5: 0.83869916 | K5: Consumer Staples | L5: 10.00019
A6: US4592001014 | B6: IBM UN | C6: INTL BUSINESS MACHINES CORP | D6: Information Technology | E6: Software & Services | F6: IT Services | G6: UNITED STATES | H6: USD | I6: 0.82339918 | K6: Industrials | L6: 10.595589
A7: US1667641005 | B7: CVX UN | C7: CHEVRON CORP | D7: Energy | E7: Energy | F7: Oil, Gas & Consumable Fuels | G7: UNITED STATES | H7: USD | I7: 0.76599923 | K7: Telecommunication Services | L7: 4.4723955
A8: CH0038863350 | B8: NESN VX | C8: NESTLE SA-REG | D8: Consumer Staples | E8: Food Beverage & Tobacco | F8: Food Products | G8: SWITZERLAND | H8: CHF | I8: 0.70989929 | K8: Health Care | L8: 8.7224913
A9: US3696041033 | B9: GE UN | C9: GENERAL ELECTRIC CO | D9: Industrials | E9: Capital Goods | F9: Industrial Conglomerates | G9: UNITED STATES | H9: USD | I9: 0.70769929 | K9: Financials | L9: 19.379881
A10: US7427181091 | B10: PG UN | C10: PROCTER & GAMBLE CO/THE | D10: Consumer Staples | E10: Household & Personal Products | F10: Household Products | G10: UNITED STATES | H10: USD | I10: 0.65019935 | K10: Materials | L10: 8.2897917
A11: US00206R1023 | B11: T UN | C11: AT&T INC | D11: Telecommunication Services | E11: Telecommunication Services | F11: Diversified Telecommunication | G11: UNITED STATES | H11: USD | I11: 0.63529936 | K11: Consumer Discretionary | L11: 10.28839
A12: US4781601046 | B12: JNJ UN | C12: JOHNSON & JOHNSON | D12: Health Care | E12: Pharmaceuticals, Biotechnology | F12: Pharmaceuticals | G12: UNITED STATES | H12: USD | I12: 0.62499938 | K12: Utilities | L12: 3.6360964
A13: US7170811035 | B13: PFE UN | C13: PFIZER INC | D13: Health Care | E13: Pharmaceuticals, Biotechnology | F13: Pharmaceuticals | G13: UNITED STATES | H13: USD | I13: 0.57689942
A14: GB0005405286 | B14: HSBA LN | C14: HSBC HOLDINGS PLC | D14: Financials | E14: Banks | F14: Commercial Banks | G14: BRITAIN | H14: GBp | I14: 0.55479945 | K14: Currencies | L14: 100
A15: US38259P5089 | B15: GOOG UW | C15: GOOGLE INC-CL A | D15: Information Technology | E15: Software & Services | F15: Internet Software & Services | G15: UNITED STATES | H15: USD | I15: 0.55079945 | K15: USD | L15: 45.453955
A16: US9497461015 | B16: WFC UN | C16: WELLS FARGO & CO | D16: Financials | E16: Banks | F16: Commercial Banks | G16: UNITED STATES | H16: USD | I16: 0.54999945 | K16: CHF | L16: 3.0821969
A17: US46625H1005 | B17: JPM UN | C17: JPMORGAN CHASE & CO | D17: Financials | E17: Diversified Financials | F17: Diversified Financial Services | G17: UNITED STATES | H17: USD | I17: 0.53619946 | K17: GBp | L17: 8.3612916
A18: GB0007980591 | B18: BP/ LN | C18: BP PLC | D18: Energy | E18: Energy | F18: Oil, Gas & Consumable Fuels | G18: BRITAIN | H18: GBp | I18: 0.52219948 | K18: AUD | L18: 3.1774968
A19: US7181721090 | B19: PM UN | C19: PHILIP MORRIS INTERNATIONAL | D19: Consumer Staples | E19: Food Beverage & Tobacco | F19: Tobacco | G19: UNITED STATES | H19: USD | I19: 0.51409949 | K19: EUR | L19: 10.39339
A20: US1912161007 | B20: KO UN | C20: COCA-COLA CO/THE | D20: Consumer Staples | E20: Food Beverage & Tobacco | F20: Beverages | G20: UNITED STATES | H20: USD | I20: 0.50589949 | K20: KRW | L20: 1.960898
A21: US4581401001 | B21: INTC UW | C21: INTEL CORP | D21: Information Technology | E21: Semiconductors & Semiconductor | F21: Semiconductors & Semiconductor | G21: UNITED STATES | H21: USD | I21: 0.49459951 | K21: JPY | L21: 7.8851921
A22: GB00B16GWD56 | B22: VOD LN | C22: VODAFONE GROUP PLC | D22: Telecommunication Services | E22: Telecommunication Services | F22: Wireless Telecommunication Ser | G22: BRITAIN | H22: GBp | I22: 0.48189952 | K22: CAD | L22: 4.4735955
A23: GB00B03MLX29 | B23: RDSA LN | C23: ROYAL DUTCH SHELL PLC-A SHS | D23: Energy | E23: Energy | F23: Oil, Gas & Consumable Fuels | G23: BRITAIN | H23: GBp | I23: 0.46319954 | K23: RUB | L23: 0.77529922
A24: CH0012005267 | B24: NOVN VX | C24: NOVARTIS AG-REG | D24: Health Care | E24: Pharmaceuticals, Biotechnology | F24: Pharmaceuticals | G24: SWITZERLAND | H24: CHF | I24: 0.44749955 | K24: TWD | L24: 1.4559985
A25: AU000000BHP4 | B25: BHP AT | C25: BHP BILLITON LTD | D25: Materials | E25: Materials | F25: Metals & Mining | G25: AUSTRALIA | H25: AUD | I25: 0.43899956 | K25: HKD | L25: 3.4788965
... A48: DE0007236101 | B48: SIE GY | C48: SIEMENS AG-REG | D48: Industrials | E48: Capital Goods | F48: Industrial Conglomerates | G48: GERMANY | H48: EUR | I48: 0.28869971 | K48: PEN | L48: 0.0073999926
A49: GB0008762899 | B49: BG/ LN | C49: BG GROUP PLC | D49: Energy | E49: Energy | F49: Oil, Gas & Consumable Fuels | G49: BRITAIN | H49: GBp | I49: 0.28799971
A50: CA7800871021 | B50: RY CT | C50: ROYAL BANK OF CANADA | D50: Financials | E50: Banks | F50: Commercial Banks | G50: CANADA | H50: CAD | I50: 0.28459972 | K50: Countries | L50: 100
A51: DE000BASF111 | B51: BAS GY | C51: BASF SE | D51: Materials | E51: Materials | F51: Chemicals | G51: GERMANY | H51: EUR | I51: 0.28379972 | K51: UNITED STATES | L51: 45.220355
A52: US0605051046 | B52: BAC UN | C52: BANK OF AMERICA CORP | D52: Financials | E52: Diversified Financials | F52: Diversified Financial Services | G52: UNITED STATES | H52: USD | I52: 0.28309972 | K52: SWITZERLAND | L52: 3.0821969
A53: GB0007188757 | B53: RIO LN | C53: RIO TINTO PLC | D53: Materials | E53: Materials | F53: Metals & Mining | G53: BRITAIN | H53: GBp | I53: 0.28069972 | K53: BRITAIN | L53: 8.3612916
A54: US4370761029 | B54: HD UN | C54: HOME DEPOT INC | D54: Consumer Discretionary | E54: Retailing | F54: Specialty Retail | G54: UNITED STATES | H54: USD | I54: 0.26079974 | K54: AUSTRALIA | L54: 3.1774968
A55: US2546871060 | B55: DIS UN | C55: WALT DISNEY CO/THE | D55: Consumer Discretionary | E55: Media | F55: Media | G55: UNITED STATES | H55: USD | I55: 0.25949974 | K55: FRANCE | L55: 3.4086966
A56: US1491231015 | B56: CAT UN | C56: CATERPILLAR INC | D56: Industrials | E56: Capital Goods | F56: Machinery | G56: UNITED STATES | H56: USD | I56: 0.25859974 | K56: SOUTH KOREA | L56: 1.960898
A57: CA8911605092 | B57: TD CT | C57: TORONTO-DOMINION BANK | D57: Financials | E57: Banks | F57: Commercial Banks | G57: CANADA | H57: CAD | I57: 0.25559974 | K57: JAPAN | L57: 7.8851921
A58: US9130171096 | B58: UTX UN | C58: UNITED TECHNOLOGIES CORP | D58: Industrials | E58: Capital Goods | F58: Aerospace & Defense | G58: UNITED STATES | H58: USD | I58: 0.25369975 | K58: GERMANY | L58: 3.1192969
A59: US0846707026 | B59: BRK/B UN | C59: BERKSHIRE HATHAWAY INC-CL B | D59: Financials | E59: Insurance | F59: Insurance | G59: UNITED STATES | H59: USD | I59: 0.24929975 | K59: CANADA | L59: 4.4735955
A60: RU0007661625 | B60: GAZP RX | C60: GAZPROM OAO | D60: Energy | E60: Energy | F60: Oil, Gas & Consumable Fuels | G60: RUSSIA | H60: RUB | I60: 0.24799975 | K60: RUSSIA | L60: 0.9042991
A61: ES0113900J37 | B61: SAN SQ | C61: BANCO SANTANDER SA | D61: Financials | E61: Banks | F61: Commercial Banks | G61: SPAIN | H61: EUR | I61: 0.24709975 | K61: SPAIN | L61: 1.1164989
... A65: TW0002330008 | B65: 2330 TT | C65: TAIWAN SEMICONDUCTOR MANUFAC | D65: Information Technology | E65: Semiconductors & Semiconductor | F65: Semiconductors & Semiconductor | G65: TAIWAN | H65: TWD | I65: 0.23799976 | K65: BRAZIL | L65: 2.0534979
A66: JP3902900004 | B66: 8306 JT | C66: MITSUBISHI UFJ FINANCIAL GRO | D66: Financials | E66: Banks | F66: Commercial Banks | G66: JAPAN | H66: JPY | I66: 0.23169977 | K66: ITALY | L66: 0.87179913 | M66: meno della metà del peso di Apple
A67: US0231351067 | B67: AMZN UW | C67: AMAZON.COM INC | D67: Consumer Discretionary | E67: Retailing | F67: Internet & Catalog Retail | G67: UNITED STATES | H67: USD | I67: 0.22869977 | K67: NETHERLANDS | L67: 0.89149911
A68: HK0941009539 | B68: 941 HK | C68: CHINA MOBILE LTD | D68: Telecommunication Services | E68: Telecommunication Services | F68: Wireless Telecommunication Ser | G68: CHINA | H68: HKD | I68: 0.22539977 | K68: BELGIUM | L68: 0.35869964
A69: US50075N1046 | B69: KFT UN | C69: KRAFT FOODS INC-CLASS A | D69: Consumer Staples | E69: Food Beverage & Tobacco | F69: Food Products | G69: UNITED STATES | H69: USD | I69: 0.22379978 | K69: MEXICO | L69: 0.58759941
A70: US02209S1033 | B70: MO UN | C70: ALTRIA GROUP INC | D70: Consumer Staples | E70: Food Beverage & Tobacco | F70: Tobacco | G70: UNITED STATES | H70: USD | I70: 0.21849978 | K70: ISRAEL | L70: 0.22819977
A71: AU000000ANZ3 | B71: ANZ AT | C71: AUST AND NZ BANKING GROUP | D71: Financials | E71: Banks | F71: Commercial Banks | G71: AUSTRALIA | H71: AUD | I71: 0.21849978 | K71: SWEDEN | L71: 1.2032988
A72: JP3854600008 | B72: 7267 JT | C72: HONDA MOTOR CO LTD | D72: Consumer Discretionary | E72: Automobiles & Components | F72: Automobiles | G72: JAPAN | H72: JPY | I72: 0.21849978 | K72: NORWAY | L72: 0.36889963
A73: DE0007164600 | B73: SAP GY | C73: SAP AG | D73: Information Technology | E73: Software & Services | F73: Software | G73: GERMANY | H73: EUR | I73: 0.21849978 | K73: HONG KONG | L73: 1.1003989
A74: GB0004082847 | B74: STAN LN | C74: STANDARD CHARTERED PLC | D74: Financials | E74: Banks | F74: Commercial Banks | G74: BRITAIN | H74: GBp | I74: 0.21539978 | K74: SOUTH AFRICA | L74: 1.027699
A75: DE000BAY0017 | B75: BAYN GY | C75: BAYER AG-REG | D75: Health Care | E75: Pharmaceuticals, Biotechnology | F75: Pharmaceuticals | G75: GERMANY | H75: EUR | I75: 0.21519978 | K75: INDIA | L75: 0.88839911
A76: US20030N1019 | B76: CMCSA UW | C76: COMCAST CORP-CLASS A | D76: Consumer Discretionary | E76: Media | F76: Media | G76: UNITED STATES | H76: USD | I76: 0.21519978 | K76: SINGAPORE | L76: 0.66159934
A77: US1266501006 | B77: CVS UN | C77: CVS CAREMARK CORP | D77: Consumer Staples | E77: Food & Staples Retailing | F77: Food & Staples Retailing | G77: UNITED STATES | H77: USD | I77: 0.21259979 | K77: FINLAND | L77: 0.32319968
A78: US92826C8394 | B78: V UN | C78: VISA INC-CLASS A SHARES | D78: Information Technology | E78: Software & Services | F78: IT Services | G78: UNITED STATES | H78: USD | I78: 0.21259979 | K78: INDONESIA | L78: 0.34719965
... A95: US38141G1040 | B95: GS UN | C95: GOLDMAN SACHS GROUP INC | D95: Financials | E95: Diversified Financials | F95: Capital Markets | G95: UNITED STATES | H95: USD | I95: 0.19389981 | K95: PHILIPPINES | L95: 0.097199903
A96: DE0007100000 | B96: DAI GY | C96: DAIMLER AG-REGISTERED SHARES | D96: Consumer Discretionary | E96: Automobiles & Components | F96: Automobiles | G96: GERMANY | H96: EUR | I96: 0.19279981
A97: US1101221083 | B97: BMY UN | C97: BRISTOL-MYERS SQUIBB CO | D97: Health Care | E97: Pharmaceuticals, Biotechnology | F97: Pharmaceuticals | G97: UNITED STATES | H97: USD | I97: 0.19229981
A98: NL0000009355 | B98: UNA NA | C98: UNILEVER NV-CVA | D98: Consumer Staples | E98: Food Beverage & Tobacco | F98: Food Products | G98: NETHERLANDS | H98: EUR | I98: 0.19039981
A99: BE0003793107 | B99: ABI BB | C99: ANHEUSER-BUSCH INBEV NV | D99: Consumer Staples | E99: Food Beverage & Tobacco | F99: Beverages | G99: BELGIUM | H99: EUR | I99: 0.18979981
A100: US0311621009 | B100: AMGN UW | C100: AMGEN INC | D100: Health Care | E100: Pharmaceuticals, Biotechnology | F100: Biotechnology | G100: UNITED STATES | H100: USD | I100: 0.18899981
A101: US9078181081 | B101: UNP UN | C101: UNION PACIFIC CORP | D101: Industrials | E101: Transportation | F101: Road & Rail | G101: UNITED STATES | H101: USD | I101: 0.18859981
A102: US0970231058 | B102: BA UN | C102: BOEING CO/THE | D102: Industrials | E102: Capital Goods | F102: Aerospace & Defense | G102: UNITED STATES | H102: USD | I102: 0.18489982
A103: US4282361033 | B103: HPQ UN | C103: HEWLETT-PACKARD CO | D103: Information Technology | E103: Technology Hardware & Equipmen | F103: Computers & Peripherals | G103: UNITED STATES | H103: USD | I103: 0.18399982
A104: JP3242800005 | B104: 7751 JT | C104: CANON INC | D104: Information Technology | E104: Technology Hardware & Equipmen | F104: Office Electronics | G104: JAPAN | H104: JPY | I104: 0.18059982
A105: CH0024899483 | B105: UBSN VX | C105: UBS AG-REG | D105: Financials | E105: Diversified Financials | F105: Capital Markets | G105: SWITZERLAND | H105: CHF | I105: 0.17909982
A106: CNE1000002H1 | B106: 939 HK | C106: CHINA CONSTRUCTION BANK-H | D106: Financials | E106: Banks | F106: Commercial Banks | G106: CHINA | H106: HKD | I106: 0.17709982
A107: BRVALEACNPA3 | B107: VALE5 BS | C107: VALE SA-PREF | D107: Materials | E107: Materials | F107: Metals & Mining | G107: BRAZIL | H107: BRL | I107: 0.17379983
... A2434: JP3167640006 | B2434: 6665 JT | C2434: ELPIDA MEMORY INC | D2434: Information Technology | E2434: Semiconductors & Semiconductor | F2434: Semiconductors & Semiconductor | G2434: JAPAN | H2434: JPY | I2434: 9.99999e-05

Sheet ACWI HOLDINGS (ETF)
A1: Ticker dell'emittente | B1: Nome | C1: Settore | D1: Ponderazione (%) | E1: Area Geografica | F1: Mercato di quotazione | G1: Valuta
A2: NVDA | B2: NVIDIA | C2: IT | D2: 0.050776164 | E2: Stati Uniti | F2: NASDAQ | G2: USD
A3: AAPL | B3: APPLE | C3: IT | D3: 0.044867301 | E3: Stati Uniti | F3: NASDAQ | G3: USD
A4: MSFT | B4: MICROSOFT | C4: IT | D4: 0.033550325 | E4: Stati Uniti | F4: NASDAQ | G4: USD
A5: AMZN | B5: AMAZON.COM INC | C5: Consumi Discrezionali | D5: 0.023835754 | E5: Stati Uniti | F5: NASDAQ | G5: USD
A6: GOOGL | B6: ALPHABET CLASS A | C6: Comunicazione | D6: 0.018928393 | E6: Stati Uniti | F6: NASDAQ | G6: USD
A7: 2330 | B7: TAIWAN SEMICONDUCTOR MANUFACTURING | C7: IT | D7: 0.01782674 | E7: Taiwan | F7: Taiwan Stock Exchange | G7: TWD
A8: AVGO | B8: BROADCOM INC | C8: IT | D8: 0.015322984 | E8: Stati Uniti | F8: NASDAQ | G8: USD
A9: GOOG | B9: ALPHABET CLASS C | C9: Comunicazione | D9: 0.015022534 | E9: Stati Uniti | F9: NASDAQ | G9: USD
A10: NDIA | B10: ISHARES MSCI INDIA UCITS ETF | C10: Finanziari | D10: 0.01342013 | E10: Irlanda | F10: London Stock Exchange | G10: USD
A11: META | B11: META PLATFORMS CLASS A | C11: Comunicazione | D11: 0.012919379 | E11: Stati Uniti | F11: NASDAQ | G11: USD
A12: MU | B12: MICRON TECHNOLOGY | C12: IT | D12: 0.010916375 | E12: Stati Uniti | F12: NASDAQ | G12: USD
A13: TSLA | B13: TESLA INC | C13: Consumi Discrezionali | D13: 0.0095142714 | E13: Stati Uniti | F13: NASDAQ | G13: USD
A14: JPM | B14: JPMORGAN CHASE & CO | C14: Finanziari | D14: 0.0092138207 | E14: Stati Uniti | F14: New York Stock Exchange Inc. | G14: USD
A15: LLY | B15: ELI LILLY | C15: Salute | D15: 0.0088132198 | E15: Stati Uniti | F15: New York Stock Exchange Inc. | G15: USD
A16: 005930 | B16: SAMSUNG ELECTRONICS LTD | C16: IT | D16: 0.0084126189 | E16: Corea | F16: Korea Exchange (Stock Market) | G16: KRW
A17: AMD | B17: ADVANCED MICRO DEVICES | C17: IT | D17: 0.0074111167 | E17: Stati Uniti | F17: NASDAQ | G17: USD
A18: BRKB | B18: BERKSHIRE HATHAWAY INC CLASS B | C18: Finanziari | D18: 0.0067100651 | E18: Stati Uniti | F18: New York Stock Exchange Inc. | G18: USD
A19: 000660 | B19: SK HYNIX | C19: IT | D19: 0.0065097646 | E19: Corea | F19: Korea Exchange (Stock Market) | G19: KRW
... A40: AMAT | B40: APPLIED MATERIAL INC | C40: IT | D40: 0.0034051077 | E40: Stati Uniti | F40: NASDAQ | G40: USD
A41: 700 | B41: TENCENT HOLDINGS | C41: Comunicazione | D41: 0.0033049574 | E41: Cina | F41: Hong Kong Exchanges And Clearing Ltd | G41: HKD
A42: GE | B42: GE AEROSPACE | C42: Industriali | D42: 0.0033049574 | E42: Stati Uniti | F42: New York Stock Exchange Inc. | G42: USD
A43: KO | B43: COCA-COLA | C43: Generi di largo consumo | D43: 0.0032048072 | E43: Stati Uniti | F43: New York Stock Exchange Inc. | G43: USD
A44: PG | B44: PROCTER & GAMBLE | C44: Generi di largo consumo | D44: 0.0032048072 | E44: Stati Uniti | F44: New York Stock Exchange Inc. | G44: USD
A45: NFLX | B45: NETFLIX | C45: Comunicazione | D45: 0.003104657 | E45: Stati Uniti | F45: NASDAQ | G45: USD
A46: IKSA | B46: ISHARES MSCI SAUDI ARABIA CAPPED | C46: Finanziari | D46: 0.0030045068 | E46: Irlanda | F46: London Stock Exchange | G46: USD
A47: HD | B47: HOME DEPOT | C47: Consumi Discrezionali | D47: 0.0030045068 | E47: Stati Uniti | F47: New York Stock Exchange Inc. | G47: USD
A48: GS | B48: GOLDMAN SACHS GROUP | C48: Finanziari | D48: 0.0029043565 | E48: Stati Uniti | F48: New York Stock Exchange Inc. | G48: USD
A49: ROP | B49: ROCHE PS PAR AG | C49: Salute | D49: 0.0029043565 | E49: Svizzera | F49: SIX Swiss Exchange | G49: CHF
A50: RY | B50: ROYAL BANK OF CANADA | C50: Finanziari | D50: 0.0028042063 | E50: Canada | F50: Toronto Stock Exchange | G50: CAD
A51: NOVN | B51: NOVARTIS AG | C51: Salute | D51: 0.0028042063 | E51: Svizzera | F51: SIX Swiss Exchange | G51: CHF
A52: WFC | B52: WELLS FARGO | C52: Finanziari | D52: 0.0027040561 | E52: Stati Uniti | F52: New York Stock Exchange Inc. | G52: USD
A53: 8306 | B53: MITSUBISHI UFJ FINANCIAL GROUP | C53: Finanziari | D53: 0.0026039059 | E53: Giappone | F53: Tokyo Stock Exchange | G53: JPY
A54: SNDK | B54: SANDISK | C54: IT | D54: 0.0026039059 | E54: Stati Uniti | F54: NASDAQ | G54: USD
A55: PM | B55: PHILIP MORRIS INTERNATIONAL INC | C55: Generi di largo consumo | D55: 0.0026039059 | E55: Stati Uniti | F55: New York Stock Exchange Inc. | G55: USD
A56: ORCL | B56: ORACLE | C56: IT | D56: 0.0026039059 | E56: Stati Uniti | F56: New York Stock Exchange Inc. | G56: USD
A57: RTX | B57: RTX | C57: Industriali | D57: 0.0026039059 | E57: Stati Uniti | F57: New York Stock Exchange Inc. | G57: USD
A58: PANW | B58: PALO ALTO NETWORKS | C58: IT | D58: 0.0026039059 | E58: Stati Uniti | F58: NASDAQ | G58: USD
A59: SHEL | B59: SHELL PLC | C59: Energia | D59: 0.0025037556 | E59: Regno unito | F59: London Stock Exchange | G59: GBP
A60: MS | B60: MORGAN STANLEY | C60: Finanziari | D60: 0.0025037556 | E60: Stati Uniti | F60: New York Stock Exchange Inc. | G60: USD
A61: GEV | B61: GE VERNOVA | C61: Industriali | D61: 0.0024036054 | E61: Stati Uniti | F61: New York Stock Exchange Inc. | G61: USD
A62: 9988 | B62: ALIBABA GROUP HOLDING | C62: Consumi Discrezionali | D62: 0.0023034552 | E62: Cina | F62: Hong Kong Exchanges And Clearing Ltd | G62: HKD
A63: SIE | B63: SIEMENS N AG | C63: Industriali | D63: 0.0023034552 | E63: Germania | F63: Xetra | G63: EUR
A64: AZN | B64: ASTRAZENECA PLC | C64: Salute | D64: 0.0023034552 | E64: Regno unito | F64: London Stock Exchange | G64: GBP
A65: KLAC | B65: KLA | C65: IT | D65: 0.0023034552 | E65: Stati Uniti | F65: NASDAQ | G65: USD
A66: NESN | B66: NESTLE SA | C66: Generi di largo consumo | D66: 0.0023034552 | E66: Svizzera | F66: SIX Swiss Exchange | G66: CHF
A67: AMGN | B67: AMGEN INC | C67: Salute | D67: 0.002203305 | E67: Stati Uniti | F67: NASDAQ | G67: USD
A68: C | B68: CITIGROUP | C68: Finanziari | D68: 0.002203305 | E68: Stati Uniti | F68: New York Stock Exchange Inc. | G68: USD
A69: TXN | B69: TEXAS INSTRUMENT INC | C69: IT | D69: 0.002203305 | E69: Stati Uniti | F69: NASDAQ | G69: USD
A70: TMO | B70: THERMO FISHER SCIENTIFIC INC | C70: Salute | D70: 0.002203305 | E70: Stati Uniti | F70: New York Stock Exchange Inc. | G70: USD
A71: BHP | B71: BHP GROUP LTD | C71: Materiali | D71: 0.0021031547 | E71: Australia | F71: Asx - All Markets | G71: AUD
A72: SAP | B72: SAP | C72: IT | D72: 0.0021031547 | E72: Germania | F72: Xetra | G72: EUR
A73: SAN | B73: BANCO SANTANDER | C73: Finanziari | D73: 0.0021031547 | E73: Spagna | F73: Bolsa De Madrid | G73: EUR
A74: LIN | B74: LINDE PLC | C74: Materiali | D74: 0.0021031547 | E74: Stati Uniti | F74: NASDAQ | G74: USD
... A83: USD | B83: USD CASH | C83: Liquidità e/o derivati | D83: 0.0019028543 | E83: Stati Uniti | F83: - | G83: USD
A84: 2454 | B84: MEDIATEK | C84: IT | D84: 0.0019028543 | E84: Taiwan | F84: Taiwan Stock Exchange | G84: TWD
A85: ALV | B85: ALLIANZ | C85: Finanziari | D85: 0.0018027041 | E85: Germania | F85: Xetra | G85: EUR
A86: 7203 | B86: TOYOTA MOTOR | C86: Consumi Discrezionali | D86: 0.0018027041 | E86: Giappone | F86: Tokyo Stock Exchange | G86: JPY
A87: MRVL | B87: MARVELL TECHNOLOGY | C87: IT | D87: 0.0018027041 | E87: Stati Uniti | F87: NASDAQ | G87: USD
A88: DIS | B88: WALT DISNEY | C88: Comunicazione | D88: 0.0018027041 | E88: Stati Uniti | F88: New York Stock Exchange Inc. | G88: USD
A89: SCHW | B89: CHARLES SCHWAB | C89: Finanziari | D89: 0.0018027041 | E89: Stati Uniti | F89: New York Stock Exchange Inc. | G89: USD
A90: ABT | B90: ABBOTT LABORATORIES | C90: Salute | D90: 0.0018027041 | E90: Stati Uniti | F90: New York Stock Exchange Inc. | G90: USD
A91: STX | B91: SEAGATE TECHNOLOGY HOLDINGS PLC | C91: IT | D91: 0.0018027041 | E91: Stati Uniti | F91: NASDAQ | G91: USD
A92: GILD | B92: GILEAD SCIENCES | C92: Salute | D92: 0.0018027041 | E92: Stati Uniti | F92: NASDAQ | G92: USD
A93: SHOP | B93: SHOPIFY SUBORDINATE VOTING CLASS A | C93: IT | D93: 0.0017025538 | E93: Canada | F93: Toronto Stock Exchange | G93: CAD
A94: SU | B94: SCHNEIDER ELECTRIC | C94: Industriali | D94: 0.0017025538 | E94: Francia | F94: Nyse Euronext - Euronext Paris | G94: EUR
A95: RR. | B95: ROLLS-ROYCE HOLDINGS PLC | C95: Industriali | D95: 0.0017025538 | E95: Regno unito | F95: London Stock Exchange | G95: GBP
A96: BBVA | B96: BANCO BILBAO VIZCAYA ARGENTARIA SA | C96: Finanziari | D96: 0.0017025538 | E96: Spagna | F96: Bolsa De Madrid | G96: EUR
A97: PEP | B97: PEPSICO | C97: Generi di largo consumo | D97: 0.0017025538 | E97: Stati Uniti | F97: NASDAQ | G97: USD
A98: QCOM | B98: QUALCOMM | C98: IT | D98: 0.0017025538 | E98: Stati Uniti | F98: NASDAQ | G98: USD
... A105: TTE | B105: TOTALENERGIES | C105: Energia | D105: 0.0016024036 | E105: Francia | F105: Nyse Euronext - Euronext Paris | G105: EUR
A106: 8316 | B106: SUMITOMO MITSUI FINANCIAL GROUP | C106: Finanziari | D106: 0.0016024036 | E106: Giappone | F106: Tokyo Stock Exchange | G106: JPY
A107: NEE | B107: NEXTERA ENERGY | C107: Imprese di servizi di pubblica utilità | D107: 0.0016024036 | E107: Stati Uniti | F107: New York Stock Exchange Inc. | G107: USD
A108: WELL | B108: WELLTOWER | C108: Immobili | D108: 0.0016024036 | E108: Stati Uniti | F108: New York Stock Exchange Inc. | G108: USD
A109: UNP | B109: UNION PACIFIC | C109: Industriali | D109: 0.0016024036 | E109: Stati Uniti | F109: New York Stock Exchange Inc. | G109: USD
A110: COP | B110: CONOCOPHILLIPS | C110: Energia | D110: 0.0016024036 | E110: Stati Uniti | F110: New York Stock Exchange Inc. | G110: USD
A111: DELL | B111: DELL TECHNOLOGIES INC CLASS C | C111: IT | D111: 0.0016024036 | E111: Stati Uniti | F111: New York Stock Exchange Inc. | G111: USD
A112: BA | B112: BOEING | C112: Industriali | D112: 0.0016024036 | E112: Stati Uniti | F112: New York Stock Exchange Inc. | G112: USD
A113: WDC | B113: WESTERN DIGITAL CORP | C113: IT | D113: 0.0016024036 | E113: Stati Uniti | F113: NASDAQ | G113: USD
A114: 6857 | B114: ADVANTEST | C114: IT | D114: 0.0015022534 | E114: Giappone | F114: Tokyo Stock Exchange | G114: JPY
A115: 8035 | B115: TOKYO ELECTRON | C115: IT | D115: 0.0015022534 | E115: Giappone | F115: Tokyo Stock Exchange | G115: JPY
A116: 285A | B116: KIOXIA HOLDINGS | C116: IT | D116: 0.0015022534 | E116: Giappone | F116: Tokyo Stock Exchange | G116: JPY
A117: 6501 | B117: HITACHI | C117: Industriali | D117: 0.0015022534 | E117: Giappone | F117: Tokyo Stock Exchange | G117: JPY
A118: IBE | B118: IBERDROLA | C118: Imprese di servizi di pubblica utilità | D118: 0.0015022534 | E118: Spagna | F118: Bolsa De Madrid | G118: EUR
A119: PFE | B119: PFIZER | C119: Salute | D119: 0.0015022534 | E119: Stati Uniti | F119: New York Stock Exchange Inc. | G119: USD
A120: BLK | B120: BLACKROCK | C120: Finanziari | D120: 0.0015022534 | E120: Stati Uniti | F120: New York Stock Exchange Inc. | G120: USD
A121: ETN | B121: EATON PLC | C121: Industriali | D121: 0.0015022534 | E121: Stati Uniti | F121: New York Stock Exchange Inc. | G121: USD
A122: BKNG | B122: BOOKING HOLDINGS | C122: Consumi Discrezionali | D122: 0.0015022534 | E122: Stati Uniti | F122: NASDAQ | G122: USD
A123: NOVO B | B123: NOVO NORDISK CLASS B | C123: Salute | D123: 0.0014021032 | E123: Danimarca | F123: Omx Nordic Exchange Copenhagen A/S | G123: DKK
A124: 6758 | B124: SONY GROUP | C124: Consumi Discrezionali | D124: 0.0014021032 | E124: Giappone | F124: Tokyo Stock Exchange | G124: JPY
A125: 6098 | B125: RECRUIT HOLDINGS LTD | C125: Industriali | D125: 0.0014021032 | E125: Giappone | F125: Tokyo Stock Exchange | G125: JPY
A126: TJX | B126: TJX | C126: Consumi Discrezionali | D126: 0.0014021032 | E126: Stati Uniti | F126: New York Stock Exchange Inc. | G126: USD
A127: NOW | B127: SERVICENOW | C127: IT | D127: 0.0014021032 | E127: Stati Uniti | F127: New York Stock Exchange Inc. | G127: USD
A128: ABBN | B128: ABB LTD | C128: Industriali | D128: 0.0014021032 | E128: Svizzera | F128: SIX Swiss Exchange | G128: CHF
A129: SAF | B129: SAFRAN SA | C129: Industriali | D129: 0.0013019529 | E129: Francia | F129: Nyse Euronext - Euronext Paris | G129: EUR
A130: 9984 | B130: SOFTBANK GROUP | C130: Comunicazione | D130: 0.0013019529 | E130: Giappone | F130: Tokyo Stock Exchange | G130: JPY
A131: 8411 | B131: MIZUHO FINANCIAL GROUP | C131: Finanziari | D131: 0.0013019529 | E131: Giappone | F131: Tokyo Stock Exchange | G131: JPY
A132: UCG | B132: UNICREDIT | C132: Finanziari | D132: 0.0013019529 | E132: Italia | F132: Borsa Italiana | G132: EUR
A133: ULVR | B133: UNILEVER PLC | C133: Generi di largo consumo | D133: 0.0013019529 | E133: Regno unito | F133: London Stock Exchange | G133: GBP
A134: VRTX | B134: VERTEX PHARMACEUTICALS | C134: Salute | D134: 0.0013019529 | E134: Stati Uniti | F134: NASDAQ | G134: USD
...

Sheet Indici MSCI
A1: =_xll.DSGRID("MSITALL,MSUSAM$","","-10Y","","Daily","RowHeader=true;ColHeader=true;Curn=true;DispSeriesDescription=true;YearlyTSFormat=false;QuarterlyTSFormat=false;MonthlyTSFormat=true") -> Name | B1: MSCI ITALY - PRICE INDEX | C1: MSCI USA U$ - PRICE INDEX | H1: =_xll.DSGRID("MSITALL,MSUSAM$","ri","-10Y","","Daily","RowHeader=true;ColHeader=true;Curn=true;DispSeriesDescription=true;YearlyTSFormat=false;QuarterlyTSFormat=false;MonthlyTSFormat=true") -> Name | I1: MSCI ITALY - TOT RETURN IND | J1: MSCI USA U$ - TOT RETURN IND | T1: =_xll.DSGRID("MSUSAM$,MSUSAME","RI","31/12/2007","31/12/2008","M","RowHeader=true;ColHeader=true;Curn=true;DispSeriesDescription=true;YearlyTSFormat=false;QuarterlyTSFormat=false;MonthlyTSFormat=true") -> Name | U1: MSCI USA U$ - TOT RETURN IND | V1: MSCI USA E - TOT RETURN IND | X1: =_xll.DSGRID("USECBSP","","31/12/2007","31/12/2008","M","RowHeader=true;ColHeader=true;Curn=true;DispSeriesDescription=true;YearlyTSFormat=false;QuarterlyTSFormat=false;MonthlyTSFormat=true") -> Name | Y1: US $ TO EURO (ECB) - EXCHANGE RATE
A2: CURRENCY | B2: E | C2: U$ | H2: CURRENCY | I2: E | J2: U$ | T2: CURRENCY | U2: U$ | V2: E | X2: CURRENCY | Y2: E
A3: 42648 | B3: 573.792 | C3: 2059.707 | E3: MSCI ITALY - PRICE INDEX | F3: MSCI USA U$ - PRICE INDEX | H3: 42648 | I3: 2412.738 | J3: 8542.384 | L3: MSCI ITALY - PRICE INDEX | M3: MSCI USA U$ - PRICE INDEX | T3: 39447 | U3: 4776.315 | V3: 108.007 | X3: 39447 | Y3: 1.4721
A4: 42649 | B4: 574.27 | C4: 2059.648 | D4: Rend Cum | E4: =(B2611-B3)/B3 -> 1.7708699 | F4: =(C2611-C3)/C3 -> 2.5998533 | H4: 42649 | I4: 2414.748 | J4: 8542.375 | K4: Rend Cum | L4: =(I2611-I3)/I3 -> 3.2172685 | M4: =(J2611-J3)/J3 -> 3.2344817 | T4: 39478 | U4: 4486.439 | V4: 100.181 | X4: 39478 | Y4: 1.487
A5: 42650 | B5: 571.391 | C5: 2052.891 | D5: Annual | E5: =(1+E4)^(1/10)-1 -> 0.1072906 | F5: =(1+F4)^(1/10)-1 -> 0.13665451 | H5: 42650 | I5: 2402.644 | J5: 8514.627 | K5: Annual | L5: =(1+L4)^(1/10)-1 -> 0.15479029 | M5: =(1+M4)^(1/10)-1 -> 0.15526077 | T5: 39507 | U5: 4346.96 | V5: 94.669 | X5: 39507 | Y5: 1.5167
A6: 42653 | B6: 579.299 | C6: 2062.132 | H6: 42653 | I6: 2435.896 | J6: 8552.957 | T6: 39538 | U6: 4330.946 | V6: 90.365 | X6: 39538 | Y6: 1.5812
A7: 42654 | B7: 573.018 | C7: 2036.339 | H7: 42654 | I7: 2409.483 | J7: 8446.033 | T7: 39568 | U7: 4545.319 | V7: 96.522 | X7: 39568 | Y7: 1.554
A8: 42655 | B8: 572.883 | C8: 2038.502 | H8: 42655 | I8: 2408.915 | J8: 8455.689 | T8: 39598 | U8: 4617.845 | V8: 98.242 | X8: 39598 | Y8: 1.5508
A9: 42656 | B9: 565.751 | C9: 2032.013 | H9: 42656 | I9: 2378.928 | J9: 8429.07 | T9: 39629 | U9: 4241.463 | V9: 89.003 | X9: 39629 | Y9: 1.5764
A10: 42657 | B10: 576.89 | C10: 2032.12 | H10: 42657 | I10: 2425.764 | J10: 8429.514 | T10: 39660 | U10: 4192.954 | V10: 88.848 | X10: 39660 | Y10: 1.5611
A11: 42660 | B11: 578.738 | C11: 2026.091 | H11: 42660 | I11: 2433.538 | J11: 8404.73 | T11: 39689 | U11: 4250.383 | V11: 95.448 | X11: 39689 | Y11: 1.4735
A12: 42661 | B12: 590.974 | C12: 2038.63 | H12: 42661 | I12: 2484.988 | J12: 8456.748 | T12: 39721 | U12: 3860.514 | V12: 90.865 | X12: 39721 | Y12: 1.4303
A13: 42662 | B13: 593.454 | C13: 2043.143 | H13: 42662 | I13: 2495.415 | J13: 8476.625 | T13: 39752 | U13: 3200.304 | V13: 83.44 | X13: 39752 | Y13: 1.2757
A14: 42663 | B14: 597.756 | C14: 2039.974 | H14: 42663 | I14: 2513.504 | J14: 8464.044 | T14: 39780 | U14: 2964.17 | V14: 77.232 | X14: 39780 | Y14: 1.2727
A15: 42664 | B15: 598.92 | C15: 2040.113 | H15: 42664 | I15: 2518.399 | J15: 8464.659 | T15: 39813 | U15: 3002.604 | V15: 71.415 | X15: 39813 | Y15: 1.3917
A16: 42667 | B16: 603.518 | C16: 2050.292 | H16: 42667 | I16: 2537.733 | J16: 8506.938
A17: 42668 | B17: 602.273 | C17: 2042.138 | H17: 42668 | I17: 2532.5 | J17: 8473.359 | R17: =(1+U17)*(1+Y17)-1 -> -0.33503807 | U17: =(U15-U3)/U3 -> -0.37135553 | V17: =(V15-V3)/V3 -> -0.33879286 | Y17: =((1/Y15)-(1/Y3))/(1/Y3) -> 0.057771071
A18: 42669 | B18: 604.111 | C18: 2038.448 | H18: 42669 | I18: 2540.226 | J18: 8458.16
A19: 42670 | B19: 607.793 | C19: 2031.858 | H19: 42670 | I19: 2555.709 | J19: 8431.211
A20: 42671 | B20: 603.514 | C20: 2025.891 | H20: 42671 | I20: 2537.718 | J20: 8406.909
A21: 42674 | B21: 596.153 | C21: 2026.098 | H21: 42674 | I21: 2506.765 | J21: 8407.798
A22: 42675 | B22: 588.736 | C22: 2012.244 | H22: 42675 | I22: 2475.577 | J22: 8350.395
A23: 42676 | B23: 574.25 | C23: 1998.406 | H23: 42676 | I23: 2414.666 | J23: 8294.029
A24: 42677 | B24: 572.429 | C24: 1989.281 | H24: 42677 | I24: 2407.007 | J24: 8259.083
A25: 42678 | B25: 569.397 | C25: 1986.327 | H25: 42678 | I25: 2394.256 | J25: 8247.041
A26: 42681 | B26: 584.095 | C26: 2029.951 | H26: 42681 | I26: 2456.06 | J26: 8428.245
A27: 42682 | B27: 587.168 | C27: 2037.715 | H27: 42682 | I27: 2468.985 | J27: 8464.485
A28: 42683 | B28: 586.643 | C28: 2060.179 | H28: 42683 | I28: 2466.774 | J28: 8558.399
A29: 42684 | B29: 587.945 | C29: 2062.893 | H29: 42684 | I29: 2472.249 | J29: 8570.447
... A2611: 46300 | B2611: 1589.903 | C2611: 7414.643 | H2611: 46300 | I2611: 10175.164 | J2611: 36172.569

Sheet Serie Storiche
B1: Monetario Area € | C1: Obbl € Short Term (1-3 yrs) | D1: Obbl € MLT | E1: Global Bond Dev Mkts | F1: Obbl Corp. High Yield | G1: Obbl Emerg. Markets | H1: Az Europa | I1: Az Nord America | J1: Az Pacifico | K1: Az Emerg. Markets | P1: Az Europa | Q1: Az Nord America
A2: (In Euro) | B2: ICE Bofa Euro 0-1 anni | C2: ICE Bofa Bond Euro 1-3 Y | D2: ICE Bofa Obbl. Euro | E2: ICE Bofa Obbl. Globale | F2: ICE bOFA Global HY | G2: ice Bofa Obbl Emergente | H2: MSCI Europe | I2: MSCI North America | J2: MSCI Pacific | K2: MSCI Emerging Markets | O2: Peso | P2: 0.5 | Q2: 0.5
A3: 2000 | B3: 0.043210458 | C3: 0.047892032 | D3: 0.083903018 | E3: 0.10487753 | F3: 0.0057225468 | G3: 0.17383462 | H3: -0.019300397 | I3: -0.057888151 | J3: -0.20614969 | K3: -0.25916788 | O3: Sigma | P3: =H32 -> 0.1796953 | Q3: =I32 -> 0.18584997
A4: 2001 | B4: 0.047402997 | C4: 0.059393889 | D4: 0.062532541 | E4: 0.047453241 | F4: 0.087266411 | G4: 0.069257981 | H4: -0.15262665 | I4: -0.076290839 | J4: -0.21150835 | K4: 0.029399749
A5: 2002 | B5: 0.035273134 | C5: 0.059999736 | D5: 0.08487556 | E5: 0.0031368277 | F5: -0.16127991 | G5: -0.049689976 | H5: -0.30504445 | I5: -0.34110843 | J5: -0.22793553 | K5: -0.20242283 | O5: Corr | P5: =H46 -> 0.83516467
A6: 2003 | B6: 0.025411503 | C6: 0.033410167 | D6: 0.037685942 | E6: -0.049184812 | F6: 0.087401597 | G6: 0.014666739 | H6: 0.15761029 | I6: 0.082617922 | J6: 0.15629158 | K6: 0.30017289
A7: 2004 | B7: 0.021831288 | C7: 0.033969726 | D7: 0.075593423 | E7: 0.020888849 | F7: 0.043264419 | G7: 0.051034586 | H7: 0.12646241 | I7: 0.032721522 | J7: 0.10709243 | K7: 0.16880286
A8: 2005 | B8: 0.021950303 | C8: 0.020481815 | D8: 0.056697384 | E8: 0.07925695 | F8: 0.16937125 | G8: 0.24110171 | H8: 0.26679539 | I8: 0.23225417 | J8: 0.4174703 | K8: 0.55039624 | O8: Sigma | P8: =SQRT((P2*P3)^2+(Q2*Q3)^2+2*P2*Q2*P3*Q3*P5) -> 0.17508108
A9: 2006 | B9: 0.03016019 | C9: 0.017654016 | D9: -0.0028239842 | E9: -0.05107058 | F9: 0.015390709 | G9: -0.0018941893 | H9: 0.20183832 | I9: 0.033003098 | J9: 0.0063905048 | K9: 0.18598341
A10: 2007 | B10: 0.044157779 | C10: 0.037934887 | D10: 0.0097233134 | E10: -0.0086455151 | F10: -0.07089022 | G10: -0.0053456654 | H10: 0.031744812 | I10: -0.028932587 | J10: -0.047486666 | K10: 0.26070317
A11: 2008 | B11: 0.057465407 | C11: 0.070002921 | D11: 0.099693757 | E11: 0.18469272 | F11: -0.24126013 | G11: -0.012968904 | H11: -0.43286399 | I11: -0.34579211 | J11: -0.32865114 | K11: -0.50755916
A12: 2009 | B12: 0.023113024 | C12: 0.042513396 | D12: 0.043247221 | E12: -0.01275322 | F12: 0.56925753 | G12: 0.14658974 | H12: 0.32548822 | I12: 0.25316067 | J12: 0.20469975 | K12: 0.73444663
A13: 2010 | B13: 0.011052959 | C13: 0.0089584445 | D13: 0.01143811 | E13: 0.14098047 | F13: 0.21801765 | G13: 0.17277332 | H13: 0.11747023 | I13: 0.24041419 | J13: 0.24141549 | K13: 0.27476196
A14: 2011 | B14: 0.015905964 | C14: 0.0025226178 | D14: 0.021785493 | E14: 0.13575395 | F14: 0.060595095 | G14: 0.051516516 | H14: -0.075109009 | I14: 0.039165051 | J14: -0.10717121 | K14: -0.15437573
A15: 2012 | B15: 0.011938402 | C15: 0.043449644 | D15: 0.11417449 | E15: -0.0066193205 | F15: 0.17477214 | G15: 0.10498437 | H15: 0.18087529 | I15: 0.13793417 | J15: 0.12838313 | K15: 0.16804911
A16: 2013 | B16: 0.00230706 | C16: 0.017864573 | D16: 0.021541994 | E16: -0.090687179 | F16: 0.021661171 | G16: -0.10925257 | H16: 0.20513862 | I16: 0.24751505 | J16: 0.13309691 | K16: -0.064904622
A17: 2014 | B17: 0.0031182909 | C17: 0.018568059 | D17: 0.13501672 | E17: 0.18787705 | F17: 0.06 | G17: 0.27904801 | H17: 0.074043088 | I17: 0.28193899 | J17: 0.1106705 | K17: 0.11807207
A18: 2015 | B18: 0.00098186212 | C18: 0.0073892182 | D18: 0.01706854 | E18: 0.086092861 | F18: 0.067443379 | G18: 0.12888549 | H18: 0.087821377 | I18: 0.11087318 | J18: 0.14970937 | K18: -0.048699681
A19: 2016 | B19: -0.001501376 | C19: 0.0041126548 | D19: 0.031253869 | E19: 0.048989422 | F19: 0.18531187 | G19: 0.13220801 | H19: 0.032227215 | I19: 0.15656982 | J19: 0.07587564 | K19: 0.1494241
A20: 2017 | B20: -0.003180148 | C20: -0.0029715302 | D20: 0.0041301651 | E20: -0.061017447 | F20: -0.032151911 | G20: -0.048215332 | H20: 0.10882206 | I20: 0.068259181 | J20: 0.097580592 | K20: 0.20997893
... A28: 2025 | B28: 0.02164674 | C28: 0.026444465 | D28: 0.0065982019 | E28: -0.058025253 | F28: -0.011809633 | G28: -0.0026515842 | H28: 0.20131654 | I28: 0.04495119 | J28: 0.090049768 | K28: 0.18460104
A30: REND MEDIO annuo | B30: =AVERAGE(B3:B28) -> 0.01738376 | C30: =AVERAGE(C3:C28) -> 0.022185032 | D30: =AVERAGE(D3:D28) -> 0.035099286 | E30: =AVERAGE(E3:E28) -> 0.028995121 | F30: =AVERAGE(F3:F28) -> 0.065187413 | G30: =AVERAGE(G3:G28) -> 0.061936297 | H30: =AVERAGE(H3:H28) -> 0.065421226 | I30: =AVERAGE(I3:I28) -> 0.08969746 | ... K30: =AVERAGE(K3:K28) -> 0.093205555 | L30: =SUMPRODUCT(B31:K31,B30:K30) -> 0.057805201
A31: Pesi | B31: 0.05 | C31: 0.1 | D31: 0.15 | E31: 0.1 | F31: 0.04 | G31: 0.06 | H31: 0.12 | I31: 0.23 | J31: 0.05 | K31: 0.1
A32: SIGMA annuo | B32: =STDEV(B3:B28) -> 0.018927135 | C32: =STDEV(C3:C28) -> 0.025822841 | D32: =STDEV(D3:D28) -> 0.059302629 | E32: =STDEV(E3:E28) -> 0.080178526 | F32: =STDEV(F3:F28) -> 0.14852965 | G32: =STDEV(G3:G28) -> 0.10118634 | H32: =STDEV(H3:H28) -> 0.1796953 | I32: =STDEV(I3:I28) -> 0.18584997 | ... K32: =STDEV(K3:K28) -> 0.25029463 | L32: {=SQRT(MMULT(MMULT(B33:K33,B39:K48),TRANSPOSE(B33:K33)))} -> 0.097033075
A33: W*sigma | B33: =B31*B32 -> 0.00094635673 | C33: =C31*C32 -> 0.0025822841 | D33: =D31*D32 -> 0.0088953943 | E33: =E31*E32 -> 0.0080178526 | F33: =F31*F32 -> 0.0059411859 | G33: =G31*G32 -> 0.0060711807 | H33: =H31*H32 -> 0.021563436 | I33: =I31*I32 -> 0.042745493 | ... K33: =K31*K32 -> 0.025029463 | L33: =SUM(B33:K33) -> 0.13020204 | M33: media ponderata
A34: Asimmetria | B34: =SKEW(B3:B28) -> 0.39789997 | C34: =SKEW(C3:C28) -> -0.47341036 | D34: =SKEW(D3:D28) -> -1.7646874 | E34: =SKEW(E3:E28) -> 0.29393403 | F34: =SKEW(F3:F28) -> 1.18963 | G34: =SKEW(G3:G28) -> 0.21629126 | H34: =SKEW(H3:H28) -> -1.0790134 | I34: =SKEW(I3:I28) -> -0.7460044 | ... K34: =SKEW(K3:K28) -> 0.15330832
A35: Curtosi | B35: =KURT(B3:B28) -> -0.90107285 | C35: =KURT(C3:C28) -> 1.045627 | D35: =KURT(D3:D28) -> 6.574625 | E35: =KURT(E3:E28) -> -0.30197376 | F35: =KURT(F3:F28) -> 4.7661631 | G35: =KURT(G3:G28) -> -0.38051885 | H35: =KURT(H3:H28) -> 1.2552178 | I35: =KURT(I3:I28) -> 0.50829547 | ... K35: =KURT(K3:K28) -> 1.5257816
A36: VaR annuale | B36: =B30-$B$37*B32 -> -0.013748606 | C36: =C30-$B$37*C32 -> -0.020289761 | D36: =D30-$B$37*D32 -> -0.062444858 | E36: =E30-$B$37*E32 -> -0.10288682 | F36: =F30-$B$37*F32 -> -0.17912212 | G36: =G30-$B$37*G32 -> -0.10450043 | H36: =H30-$B$37*H32 -> -0.23015125 | I36: =I30-$B$37*I32 -> -0.21599854 | ... L36: =L30-$B$37*L32 -> -0.1018
A37: 0.95 | B37: =NORMSINV(A37) -> 1.6448536
B38: Bofa ML Euro 0-1 anni | C38: Bofa ML Bond Euro 1-3 Y | D38: Bofa ML Obbl. Euro | E38: Bofa ML Obbl. Globale | F38: ML Global HY | G38: Bofa ML Obbl Emergente | H38: MSCI Europe | I38: MSCI North America | J38: MSCI Pacific | K38: MSCI Emerging Markets
A39: Bofa ML Euro 0-1 anni | B39: 1 | C39: 0.84777554 | D39: 0.38498279 | E39: 0.20725866 | F39: -0.19204088 | G39: 0.04688149 | H39: -0.3725935 | I39: -0.48397722 | J39: -0.4635439 | K39: -0.14862208
A40: Bofa ML Bond Euro 1-3 Y | B40: 0.84777554 | C40: 1 | D40: 0.73870679 | E40: 0.26296057 | F40: -0.027666431 | G40: 0.18036547 | H40: -0.24706137 | I40: -0.30593455 | J40: -0.30546144 | K40: -0.057809074
A41: Bofa ML Obbl. Euro | B41: 0.38498279 | C41: 0.73870679 | D41: 1 | E41: 0.55782256 | F41: 0.091020217 | G41: 0.50947158 | H41: -0.064354675 | I41: 0.034458926 | J41: -0.02173052 | K41: 0.015035637
A42: Bofa ML Obbl. Globale | B42: 0.20725866 | C42: 0.26296057 | D42: 0.55782256 | E42: 1 | F42: 0.024292673 | G42: 0.67069939 | H42: -0.3058534 | I42: 0.02411905 | J42: -0.12307452 | K42: -0.23544324
A43: ML Global HY | B43: -0.19204088 | C43: -0.027666431 | D43: 0.091020217 | E43: 0.024292673 | F43: 1 | G43: 0.58039116 | H43: 0.67489505 | I43: 0.69716675 | J43: 0.64887725 | K43: 0.76091106
A44: Bofa ML Obbl Emergente | B44: 0.04688149 | C44: 0.18036547 | D44: 0.50947158 | E44: 0.67069939 | F44: 0.58039116 | G44: 1 | H44: 0.34261643 | I44: 0.52584577 | J44: 0.45140155 | K44: 0.4001198
A45: MSCI Europe | B45: -0.3725935 | C45: -0.24706137 | D45: -0.064354675 | E45: -0.3058534 | F45: 0.67489505 | G45: 0.34261643 | H45: 1 | I45: 0.83516467 | J45: 0.86393408 | K45: 0.77322347
A46: MSCI North America | B46: -0.48397722 | C46: -0.30593455 | D46: 0.034458926 | E46: 0.02411905 | F46: 0.69716675 | G46: 0.52584577 | H46: 0.83516467 | I46: 1 | J46: 0.82910626 | K46: 0.60944967
A47: MSCI Pacific | B47: -0.4635439 | C47: -0.30546144 | D47: -0.02173052 | E47: -0.12307452 | F47: 0.64887725 | G47: 0.45140155 | H47: 0.86393408 | I47: 0.82910626 | J47: 1 | K47: 0.78661369
A48: MSCI Emerging Markets | B48: -0.14862208 | C48: -0.057809074 | D48: 0.015035637 | E48: -0.23544324 | F48: 0.76091106 | G48: 0.4001198 | H48: 0.77322347 | I48: 0.60944967 | J48: 0.78661369 | K48: 1
B53: 1
B54: 0.84777554 | C54: 1
B55: 0.38498279 | C55: 0.73870679 | D55: 1
B56: 0.20725866 | C56: 0.26296057 | D56: 0.55782256 | E56: 1
B57: -0.19204088 | C57: -0.027666431 | D57: 0.091020217 | E57: 0.024292673 | F57: 1
B58: 0.04688149 | C58: 0.18036547 | D58: 0.50947158 | E58: 0.67069939 | F58: 0.58039116 | G58: 1
B59: -0.3725935 | C59: -0.24706137 | D59: -0.064354675 | E59: -0.3058534 | F59: 0.67489505 | G59: 0.34261643 | H59: 1
B60: -0.48397722 | C60: -0.30593455 | D60: 0.034458926 | E60: 0.02411905 | F60: 0.69716675 | G60: 0.52584577 | H60: 0.83516467 | I60: 1
B61: -0.4635439 | C61: -0.30546144 | D61: -0.02173052 | E61: -0.12307452 | F61: 0.64887725 | G61: 0.45140155 | H61: 0.86393408 | I61: 0.82910626 | J61: 1
B62: -0.14862208 | C62: -0.057809074 | D62: 0.015035637 | E62: -0.23544324 | F62: 0.76091106 | G62: 0.4001198 | H62: 0.77322347 | I62: 0.60944967 | J62: 0.78661369 | K62: 1

Sheet Duration Mod
B1: Monetario € | C1: Italia Mon | D1: 1-3 Year Euro Government | E1: Italia 1-3 | F1: Euro Government AM | G1: Italia All Mat | H1: Corporate € | I1: Europe Government Index | J1: Global Government | K1: US Treasury | L1: Japan Government | M1: Global Corporate | N1: US Corporate Index | O1: Global High Yield Index | P1: € High Yield | Q1: Emerging Markets Sovereign Bond Index | R1: 5-7 Year Euro Government | S1: Italia 5-7 | T1: 10+ Year Euro Government | U1: Italia 10+ | V1: HY Euro | W1: HY Global | X1: Euro Corp IG 1-3 | Y1: Euro Corp IG 5-7 | Z1: Euro Corp IG 10+
A2: =_xll.Thomson.Reuters.AFOSpreadSheetFormulas.DSGRID("FTEZ01Y,FTITTBZ,FTEGZ13,FTIT13L,FTEGBIZ,FTITLII,FTEBCRP,FTEGEII,FTWGLII,FTUSLII,FTJYLII,FTWBCPL,FTCRPII,FTHYMKT,IBEHYLQ,FTEMGBC,FTEGZ57,FTIT57L, FTEGZTP, FTITZTP,FTEHEUR, FTWHYML, FTEBCPA, FTEBCPD, FTEC10E","DM","-10Y","","D","RowHeader=true;ColHeader=true;DispSeriesDescription=false;YearlyTSFormat=false;QuarterlyTSFormat=false;MonthlyTSFormat=False") -> Name | B2: FTSE EMU Government Bond 0-1 Year Index - Modified Duration | C2: FTSE Italian Government Bond 0-1 Year Index - Modified Duration | D2: FTSE EMU Government Bond 1-3 Years Index - Modified Duration | E2: FTSE Italy Treasury 1-3Y Bond Index - Modified Duration | F2: FTSE EMU Government Bond 0+ Years Index - Modified Duration | G2: FTSE Italy Treasury Bond Index - Modified Duration | H2: FTSE Euro Broad Investment Grade Corporate Bond Index - Modified Duration | I2: FTSE Europe Government Bond Index - Modified Duration | J2: FTSE World Government Bond Index - Modified Duration | K2: FTSE US Treasury Bond Index - Modified Duration | L2: FTSE Japan Treasury Bond Index - Modified Duration | M2: FTSE World Broad Investment Grade Corporate Bond Index - Modified Duration | N2: FTSE USBIG Corporate Bond Index - Modified Duration | O2: FTSE High Yield Bond Index - Modified Duration | P2: iBoxx EUR Liquid High Yield Index - Annual Modif'd Dur | Q2: FTSE Emerging Government Capped Bond Index - Modified Duration | R2: FTSE EMU Government Bond 5-7 Years Index - Modified Duration | S2: FTSE Italy Treasury 5-7Y Bond Index - Modified Duration | T2: FTSE EMU Government Bond 10+ Years Index - Modified Duration | U2: FTSE Italian Government Bond 10+ Years Index - Modified Duration | V2: FTSE Euro High-Yield Bond Index - Modified Duration | W2: FTSE World High Yield Market Bond Index - Modified Duration | X2: FTSE Euro Broad Investment Grade Corporate 1-3Y Bond Index - Modified Duration | Y2: FTSE Euro Broad Investment Grade Corporate 5-7Y Bond Index - Modified Duration | Z2: FTSE Euro Broad Investment Grade Corporate 10+Y Bond Index - Modified Duration
A3: 42648 | E3: 2.0189 | G3: 7.1333 | H3: 5.4076 | I3: 7.6927 | J3: 7.9748 | K3: 6.2162 | L3: 10.1167 | M3: 6.8214 | N3: 7.376 | O3: 4.7396 | P3: 2.9821 | S3: 5.4729 | X3: 1.9154 | Y3: 5.5859 | Z3: 11.1826
A4: 42649 | E4: 2.0189 | G4: 7.1333 | H4: 5.4076 | I4: 7.6927 | J4: 7.9748 | K4: 6.2162 | L4: 10.1167 | M4: 6.8214 | N4: 7.376 | O4: 4.7396 | P4: 2.9766 | S4: 5.4729 | X4: 1.9154 | Y4: 5.5859 | Z4: 11.1826
A5: 42650 | E5: 2.0189 | G5: 7.1333 | H5: 5.4076 | I5: 7.6927 | J5: 7.9748 | K5: 6.2162 | L5: 10.1167 | M5: 6.8214 | N5: 7.376 | O5: 4.7396 | P5: 2.9843 | S5: 5.4729 | X5: 1.9154 | Y5: 5.5859 | Z5: 11.1826
A6: 42653 | E6: 2.0189 | G6: 7.1333 | H6: 5.4076 | I6: 7.6927 | J6: 7.9748 | K6: 6.2162 | L6: 10.1167 | M6: 6.8214 | N6: 7.376 | O6: 4.7396 | P6: 2.9767 | S6: 5.4729 | X6: 1.9154 | Y6: 5.5859 | Z6: 11.1826
A7: 42654 | E7: 2.0189 | G7: 7.1333 | H7: 5.4076 | I7: 7.6927 | J7: 7.9748 | K7: 6.2162 | L7: 10.1167 | M7: 6.8214 | N7: 7.376 | O7: 4.7396 | P7: 2.9571 | S7: 5.4729 | X7: 1.9154 | Y7: 5.5859 | Z7: 11.1826
A8: 42655 | E8: 2.0189 | G8: 7.1333 | H8: 5.4076 | I8: 7.6927 | J8: 7.9748 | K8: 6.2162 | L8: 10.1167 | M8: 6.8214 | N8: 7.376 | O8: 4.7396 | P8: 2.9532 | S8: 5.4729 | X8: 1.9154 | Y8: 5.5859 | Z8: 11.1826
A9: 42656 | E9: 2.0189 | G9: 7.1333 | H9: 5.4076 | I9: 7.6927 | J9: 7.9748 | K9: 6.2162 | L9: 10.1167 | M9: 6.8214 | N9: 7.376 | O9: 4.7396 | P9: 2.9528 | S9: 5.4729 | X9: 1.9154 | Y9: 5.5859 | Z9: 11.1826
A10: 42657 | E10: 2.0189 | G10: 7.1333 | H10: 5.4076 | I10: 7.6927 | J10: 7.9748 | K10: 6.2162 | L10: 10.1167 | M10: 6.8214 | N10: 7.376 | O10: 4.7396 | P10: 2.9284 | S10: 5.4729 | X10: 1.9154 | Y10: 5.5859 | Z10: 11.1826
A11: 42660 | E11: 2.0189 | G11: 7.1333 | H11: 5.4076 | I11: 7.6927 | J11: 7.9748 | K11: 6.2162 | L11: 10.1167 | M11: 6.8214 | N11: 7.376 | O11: 4.7396 | P11: 2.9298 | S11: 5.4729 | X11: 1.9154 | Y11: 5.5859 | Z11: 11.1826
A12: 42661 | E12: 2.0189 | G12: 7.1333 | H12: 5.4076 | I12: 7.6927 | J12: 7.9748 | K12: 6.2162 | L12: 10.1167 | M12: 6.8214 | N12: 7.376 | O12: 4.7396 | P12: 2.898 | S12: 5.4729 | X12: 1.9154 | Y12: 5.5859 | Z12: 11.1826
A13: 42662 | E13: 2.0189 | G13: 7.1333 | H13: 5.4076 | I13: 7.6927 | J13: 7.9748 | K13: 6.2162 | L13: 10.1167 | M13: 6.8214 | N13: 7.376 | O13: 4.7396 | P13: 2.8621 | S13: 5.4729 | X13: 1.9154 | Y13: 5.5859 | Z13: 11.1826
A14: 42663 | E14: 2.0189 | G14: 7.1333 | H14: 5.4076 | I14: 7.6927 | J14: 7.9748 | K14: 6.2162 | L14: 10.1167 | M14: 6.8214 | N14: 7.376 | O14: 4.7396 | P14: 2.8449 | S14: 5.4729 | X14: 1.9154 | Y14: 5.5859 | Z14: 11.1826
... A326: 43101 | E326: 1.8575 | G326: 6.7199 | H326: 5.3276 | I326: 7.4344 | J326: 7.758 | K326: 6.1347 | L326: 10.3233 | M326: 6.8274 | N326: 7.5145 | O326: 4.7396 | P326: 3.0226 | S326: 5.4579 | X326: 1.9488 | Y326: 5.5725 | Z326: 11.1359
A327: 43102 | E327: 1.8575 | G327: 6.7199 | H327: 5.3276 | I327: 7.4344 | J327: 7.758 | K327: 6.1347 | L327: 10.3233 | M327: 6.8274 | N327: 7.5145 | O327: 4.7605 | P327: 3.0485 | Q327: 5.4822 | S327: 5.4579 | X327: 1.9488 | Y327: 5.5725 | Z327: 11.1359
A328: 43103 | E328: 1.8575 | G328: 6.7199 | H328: 5.3276 | I328: 7.4344 | J328: 7.758 | K328: 6.1347 | L328: 10.3233 | M328: 6.8274 | N328: 7.5145 | O328: 4.7626 | P328: 3.0228 | Q328: 5.484 | S328: 5.4579 | X328: 1.9488 | Y328: 5.5725 | Z328: 11.1359
A329: 43104 | E329: 1.8575 | G329: 6.7199 | H329: 5.3276 | I329: 7.4344 | J329: 7.758 | K329: 6.1347 | L329: 10.3233 | M329: 6.8274 | N329: 7.5145 | O329: 4.7655 | P329: 3.0091 | Q329: 5.4841 | S329: 5.4579 | X329: 1.9488 | Y329: 5.5725 | Z329: 11.1359
A330: 43105 | E330: 1.8575 | G330: 6.7199 | H330: 5.3276 | I330: 7.4344 | J330: 7.758 | K330: 6.1347 | L330: 10.3233 | M330: 6.8274 | N330: 7.5145 | O330: 4.7613 | P330: 3.0181 | Q330: 5.4875 | S330: 5.4579 | X330: 1.9488 | Y330: 5.5725 | Z330: 11.1359
A331: 43108 | E331: 1.8575 | G331: 6.7199 | H331: 5.3276 | I331: 7.4344 | J331: 7.758 | K331: 6.1347 | L331: 10.3233 | M331: 6.8274 | N331: 7.5145 | O331: 4.7539 | P331: 3.0152 | Q331: 5.48 | S331: 5.4579 | X331: 1.9488 | Y331: 5.5725 | Z331: 11.1359
A332: 43109 | E332: 1.8575 | G332: 6.7199 | H332: 5.3276 | I332: 7.4344 | J332: 7.758 | K332: 6.1347 | L332: 10.3233 | M332: 6.8274 | N332: 7.5145 | O332: 4.7523 | P332: 3.0231 | Q332: 5.4795 | S332: 5.4579 | X332: 1.9488 | Y332: 5.5725 | Z332: 11.1359
A333: 43110 | E333: 1.8575 | G333: 6.7199 | H333: 5.3276 | I333: 7.4344 | J333: 7.758 | K333: 6.1347 | L333: 10.3233 | M333: 6.8274 | N333: 7.5145 | O333: 4.7446 | P333: 3.0407 | Q333: 5.4718 | S333: 5.4579 | X333: 1.9488 | Y333: 5.5725 | Z333: 11.1359
A334: 43111 | E334: 1.8575 | G334: 6.7199 | H334: 5.3276 | I334: 7.4344 | J334: 7.758 | K334: 6.1347 | L334: 10.3233 | M334: 6.8274 | N334: 7.5145 | O334: 4.743 | P334: 3.0803 | Q334: 5.4679 | S334: 5.4579 | X334: 1.9488 | Y334: 5.5725 | Z334: 11.1359
A335: 43112 | E335: 1.8575 | G335: 6.7199 | H335: 5.3276 | I335: 7.4344 | J335: 7.758 | K335: 6.1347 | L335: 10.3233 | M335: 6.8274 | N335: 7.5145 | O335: 4.7397 | P335: 3.0684 | Q335: 5.4671 | S335: 5.4579 | X335: 1.9488 | Y335: 5.5725 | Z335: 11.1359
A336: 43115 | E336: 1.8575 | G336: 6.7199 | H336: 5.3276 | I336: 7.4344 | J336: 7.758 | K336: 6.1347 | L336: 10.3233 | M336: 6.8274 | N336: 7.5145 | O336: 4.7466 | P336: 3.0678 | Q336: 5.4664 | S336: 5.4579 | X336: 1.9488 | Y336: 5.5725 | Z336: 11.1359
A337: 43116 | E337: 1.8575 | G337: 6.7199 | H337: 5.3276 | I337: 7.4344 | J337: 7.758 | K337: 6.1347 | L337: 10.3233 | M337: 6.8274 | N337: 7.5145 | O337: 4.7448 | P337: 3.0725 | Q337: 5.4726 | S337: 5.4579 | X337: 1.9488 | Y337: 5.5725 | Z337: 11.1359
A338: 43117 | E338: 1.8575 | G338: 6.7199 | H338: 5.3276 | I338: 7.4344 | J338: 7.758 | K338: 6.1347 | L338: 10.3233 | M338: 6.8274 | N338: 7.5145 | O338: 4.7406 | P338: 3.0769 | Q338: 5.472 | S338: 5.4579 | X338: 1.9488 | Y338: 5.5725 | Z338: 11.1359
... A1718: 45049 | E1718: 1.9235 | G1718: 6.3643 | H1718: 4.5731 | I1718: 7.2271 | J1718: 7.5092 | K1718: 6.2303 | L1718: 12.3229 | M1718: 6.2109 | N1718: 7.246 | O1718: 4.1167 | P1718: 2.9528 | Q1718: 5.5075 | S1718: 5.5117 | X1718: 1.9144 | Y1718: 5.4075 | Z1718: 11.2759
A1719: 45050 | E1719: 1.9219 | G1719: 6.3565 | H1719: 4.5755 | I1719: 7.2209 | J1719: 7.5004 | K1719: 6.1996 | L1719: 12.3202 | M1719: 6.1816 | N1719: 7.2026 | O1719: 4.1072 | P1719: 2.9486 | Q1719: 5.5105 | S1719: 5.5113 | W1719: 3.8476 | X1719: 1.9137 | Y1719: 5.4098 | Z1719: 11.2745
A1720: 45051 | E1720: 1.9186 | G1720: 6.3251 | H1720: 4.5604 | I1720: 7.1754 | J1720: 7.4748 | K1720: 6.1877 | L1720: 12.3175 | M1720: 6.1702 | N1720: 7.1926 | O1720: 4.1087 | P1720: 2.9532 | Q1720: 5.5085 | S1720: 5.5053 | W1720: 3.8481 | X1720: 1.9098 | Y1720: 5.4016 | Z1720: 11.2407
A1721: 45054 | E1721: 1.9098 | G1721: 6.3034 | H1721: 4.5498 | I1721: 7.1528 | J1721: 7.4507 | K1721: 6.1447 | L1721: 12.3144 | M1721: 6.1355 | N1721: 7.1471 | O1721: 4.0985 | P1721: 2.9483 | Q1721: 5.5006 | S1721: 5.4948 | W1721: 3.8385 | X1721: 1.9016 | Y1721: 5.3923 | Z1721: 11.2286
A1722: 45055 | E1722: 1.907 | G1722: 6.2887 | H1722: 4.5429 | I1722: 7.1357 | J1722: 7.4354 | K1722: 6.1325 | L1722: 12.3008 | M1722: 6.1265 | N1722: 7.1329 | O1722: 4.0938 | P1722: 2.9435 | Q1722: 5.4952 | S1722: 5.491 | W1722: 3.8353 | X1722: 1.8985 | Y1722: 5.3886 | Z1722: 11.2125
A1723: 45056 | E1723: 1.9051 | G1723: 6.3029 | H1723: 4.546 | I1723: 7.1584 | J1723: 7.4541 | K1723: 6.1538 | L1723: 12.308 | M1723: 6.1458 | N1723: 7.1593 | O1723: 4.0947 | P1723: 2.9431 | Q1723: 5.4863 | S1723: 5.4914 | W1723: 3.8358 | X1723: 1.8967 | Y1723: 5.3886 | Z1723: 11.2232
A1724: 45057 | E1724: 1.9029 | G1724: 6.3208 | H1724: 4.5515 | I1724: 7.1906 | J1724: 7.4822 | K1724: 6.178 | L1724: 12.3383 | M1724: 6.1675 | N1724: 7.1858 | O1724: 4.0918 | P1724: 2.947 | Q1724: 5.4869 | S1724: 5.4914 | W1724: 3.834 | X1724: 1.8949 | Y1724: 5.3899 | Z1724: 11.2395
A1725: 45058 | E1725: 1.8994 | G1725: 6.3063 | H1725: 4.5428 | I1725: 7.1674 | J1725: 7.4579 | K1725: 6.1547 | L1725: 12.3251 | M1725: 6.1513 | N1725: 7.1636 | O1725: 4.0877 | P1725: 2.9469 | Q1725: 5.4856 | S1725: 5.4864 | W1725: 3.8313 | X1725: 1.8917 | Y1725: 5.3852 | Z1725: 11.2192
A1726: 45061 | E1726: 1.8942 | G1726: 6.2921 | H1726: 4.5279 | I1726: 7.1411 | J1726: 7.4323 | K1726: 6.1372 | L1726: 12.2947 | M1726: 6.1198 | N1726: 7.1261 | O1726: 4.0884 | P1726: 2.9441 | Q1726: 5.4832 | S1726: 5.4778 | W1726: 3.8306 | X1726: 1.8836 | Y1726: 5.3757 | Z1726: 11.1909
A1727: 45062 | E1727: 1.8916 | G1727: 6.2774 | H1727: 4.5149 | I1727: 7.1167 | J1727: 7.4214 | K1727: 6.1253 | L1727: 12.3068 | M1727: 6.1023 | N1727: 7.1053 | O1727: 4.0814 | P1727: 2.9419 | Q1727: 5.479 | S1727: 5.4734 | W1727: 3.8241 | X1727: 1.8795 | Y1727: 5.3681 | Z1727: 11.1635
A1728: 45063 | E1728: 1.8888 | G1728: 6.2879 | H1728: 4.5107 | I1728: 7.1307 | J1728: 7.4261 | K1728: 6.1173 | L1728: 12.3402 | M1728: 6.0987 | N1728: 7.0986 | O1728: 4.0761 | P1728: 2.9389 | Q1728: 5.4731 | S1728: 5.4717 | W1728: 3.8201 | X1728: 1.8759 | Y1728: 5.3638 | Z1728: 11.1648
A1729: 45064 | E1729: 1.8849 | G1729: 6.2437 | H1729: 4.4944 | I1729: 7.064 | J1729: 7.382 | K1729: 6.0943 | L1729: 12.3144 | M1729: 6.078 | N1729: 7.0736 | O1729: 4.0697 | P1729: 2.9354 | Q1729: 5.4679 | S1729: 5.4635 | W1729: 3.8153 | X1729: 1.8725 | Y1729: 5.3558 | Z1729: 11.1301
A1730: 45065 | E1730: 1.8826 | G1730: 6.2611 | H1730: 4.4989 | I1730: 7.0835 | J1730: 7.3753 | K1730: 6.0729 | L1730: 12.3018 | M1730: 6.0662 | N1730: 7.0572 | O1730: 4.0672 | P1730: 2.9324 | Q1730: 5.4592 | S1730: 5.4627 | W1730: 3.8132 | X1730: 1.8703 | Y1730: 5.3559 | Z1730: 11.1495
... A1767: 45118 | E1767: 1.8833 | G1767: 6.2588 | H1767: 4.5309 | I1767: 7.1381 | J1767: 7.3559 | K1767: 6.0765 | L1767: 12.3669 | M1767: 6.1026 | N1767: 7.1055 | O1767: 4.0171 | P1767: 2.8786 | Q1767: 5.5114 | S1767: 5.3478 | W1767: 3.7746 | X1767: 1.9411 | Y1767: 5.3662 | Z1767: 11.0988
A1768: 45119 | E1768: 1.8824 | G1768: 6.2914 | H1768: 4.5419 | I1768: 7.1709 | J1768: 7.3808 | K1768: 6.1028 | L1768: 12.3445 | M1768: 6.1263 | N1768: 7.1426 | O1768: 4.0249 | P1768: 2.8801 | Q1768: 5.5148 | S1768: 5.3517 | V1768: 3.1131 | W1768: 3.78 | X1768: 1.9405 | Y1768: 5.3712 | Z1768: 11.1223
A1769: 45120 | E1769: 1.8809 | G1769: 6.3306 | H1769: 4.554 | I1769: 7.2071 | J1769: 7.3981 | K1769: 6.1246 | L1769: 12.3292 | M1769: 6.1485 | N1769: 7.1737 | O1769: 4.0309 | P1769: 2.8812 | Q1769: 5.5245 | S1769: 5.355 | V1769: 3.1156 | W1769: 3.7842 | X1769: 1.9397 | Y1769: 5.3758 | Z1769: 11.1558
A1770: 45121 | E1770: 1.8778 | G1770: 6.3247 | H1770: 4.5517 | I1770: 7.2065 | J1770: 7.389 | K1770: 6.1115 | L1770: 12.3001 | M1770: 6.1329 | N1770: 7.1558 | O1770: 4.0284 | P1770: 2.8797 | Q1770: 5.5211 | S1770: 5.351 | V1770: 3.1141 | W1770: 3.7811 | X1770: 1.9368 | Y1770: 5.3725 | Z1770: 11.1571
A1771: 45124 | E1771: 1.8714 | G1771: 6.3177 | H1771: 4.5457 | I1771: 7.2052 | J1771: 7.3787 | K1771: 6.1048 | L1771: 12.292 | M1771: 6.1255 | N1771: 7.1505 | O1771: 4.0306 | P1771: 2.89 | Q1771: 5.5156 | S1771: 5.3439 | V1771: 3.1086 | W1771: 3.7813 | X1771: 1.9293 | Y1771: 5.3663 | Z1771: 11.1514
A1772: 45125 | E1772: 1.8708 | G1772: 6.3668 | H1772: 4.5592 | I1772: 7.2595 | J1772: 7.3997 | K1772: 6.1141 | L1772: 12.2654 | M1772: 6.1379 | N1772: 7.1636 | O1772: 4.0316 | P1772: 2.8881 | Q1772: 5.5167 | S1772: 5.3492 | V1772: 3.1079 | W1772: 3.7821 | X1772: 1.9289 | Y1772: 5.3711 | Z1772: 11.1886
A1773: 45126 | E1773: 1.8677 | G1773: 6.3408 | H1773: 4.5504 | I1773: 7.2301 | J1773: 7.4071 | K1773: 6.142 | L1773: 12.2847 | M1773: 6.1643 | N1773: 7.1986 | O1773: 4.0308 | P1773: 2.8986 | Q1773: 5.5161 | S1773: 5.344 | V1773: 3.1081 | W1773: 3.7826 | X1773: 1.9261 | Y1773: 5.367 | Z1773: 11.1717
A1774: 45127 | E1774: 1.8638 | G1774: 6.3267 | H1774: 4.5387 | I1774: 7.2042 | J1774: 7.3818 | K1774: 6.104 | L1774: 12.3004 | M1774: 6.1348 | N1774: 7.1589 | O1774: 4.0238 | P1774: 2.9001 | Q1774: 5.5139 | S1774: 5.3383 | V1774: 3.1055 | W1774: 3.777 | X1774: 1.9224 | Y1774: 5.3601 | Z1774: 11.1496
A1775: 45128 | E1775: 1.8616 | G1775: 6.3401 | H1775: 4.54 | I1775: 7.2168 | J1775: 7.3801 | K1775: 6.1033 | L1775: 12.3003 | M1775: 6.1371 | N1775: 7.1595 | O1775: 4.0217 | P1775: 2.8979 | Q1775: 5.5214 | S1775: 5.3376 | V1775: 3.1034 | W1775: 3.7754 | X1775: 1.9204 | Y1775: 5.3594 | Z1775: 11.1555
A1776: 45131 | E1776: 1.8542 | G1776: 6.3436 | H1776: 4.5368 | I1776: 7.2149 | J1776: 7.3806 | K1776: 6.0867 | L1776: 12.3254 | M1776: 6.1294 | N1776: 7.1488 | O1776: 4.0147 | P1776: 2.8899 | Q1776: 5.5163 | S1776: 5.3319 | V1776: 3.0968 | W1776: 3.7693 | X1776: 1.9136 | Y1776: 5.3549 | Z1776: 11.155
A1777: 45132 | E1777: 1.851 | G1777: 6.3259 | H1777: 4.532 | I1777: 7.2028 | J1777: 7.3685 | K1777: 6.0781 | L1777: 12.3045 | M1777: 6.1274 | N1777: 7.1461 | O1777: 4.0098 | P1777: 2.8874 | Q1777: 5.5118 | S1777: 5.3275 | V1777: 3.0948 | W1777: 3.7653 | X1777: 1.9107 | Y1777: 5.3514 | Z1777: 11.1479
A1778: 45133 | E1778: 1.8475 | G1778: 6.3152 | H1778: 4.5225 | I1778: 7.1811 | J1778: 7.3692 | K1778: 6.0771 | L1778: 12.3221 | M1778: 6.128 | N1778: 7.1487 | O1778: 4.0062 | P1778: 2.8853 | Q1778: 5.5101 | S1778: 5.3226 | V1778: 3.0918 | W1778: 3.7615 | X1778: 1.907 | Y1778: 5.3449 | Z1778: 11.1303
A1779: 45134 | E1779: 1.8456 | G1779: 6.314 | H1779: 4.5219 | I1779: 7.1721 | J1779: 7.3415 | K1779: 6.0219 | L1779: 12.3297 | M1779: 6.0996 | N1779: 7.1053 | O1779: 4.0043 | P1779: 2.8803 | Q1779: 5.5106 | S1779: 5.3218 | V1779: 3.0902 | W1779: 3.7608 | X1779: 1.9056 | Y1779: 5.3448 | Z1779: 11.1262
... A1860: 45247 | E1860: 1.7912 | G1860: 6.1055 | H1860: 4.4114 | I1860: 6.9847 | J1860: 7.0703 | K1860: 5.8186 | L1860: 12.0129 | M1860: 5.8944 | N1860: 6.8413 | O1860: 3.8668 | P1860: 2.7301 | Q1860: 5.4804 | S1860: 5.3236 | V1860: 2.9994 | W1860: 3.636 | X1860: 1.874 | Y1860: 5.299 | Z1860: 11.0035
A1861: 45250 | B1861: 0.4581 | C1861: 0.4557 | D1861: 1.8477 | E1861: 1.7832 | F1861: 6.408 | G1861: 6.1033 | H1861: 4.4005 | I1861: 6.9759 | J1861: 7.0734 | K1861: 5.826 | L1861: 12.0123 | M1861: 5.9014 | N1861: 6.8587 | O1861: 3.8611 | P1861: 2.7163 | Q1861: 5.4734 | R1861: 5.3814 | S1861: 5.3157 | T1861: 14.2489 | U1861: 12.225 | V1861: 2.9915 | W1861: 3.6293 | X1861: 1.8656 | Y1861: 5.2889 | Z1861: 10.9949
A1862: 45251 | B1862: 0.4555 | C1862: 0.4531 | D1862: 1.8457 | E1862: 1.7807 | F1862: 6.4306 | G1862: 6.1092 | H1862: 4.4058 | I1862: 6.999 | J1862: 7.0907 | K1862: 5.8209 | L1862: 12.0623 | M1862: 5.9039 | N1862: 6.8616 | O1862: 3.8597 | P1862: 2.7182 | Q1862: 5.4758 | R1862: 5.3818 | S1862: 5.3141 | T1862: 14.2914 | U1862: 12.2368 | V1862: 2.9916 | W1862: 3.6285 | X1862: 1.8637 | Y1862: 5.2904 | Z1862: 11.0157
A1863: 45252 | B1863: 0.4529 | C1863: 0.4504 | D1863: 1.8426 | E1863: 1.7777 | F1863: 6.432 | G1863: 6.1129 | H1863: 4.4031 | I1863: 7.0009 | J1863: 7.073 | K1863: 5.8261 | L1863: 12.0222 | M1863: 5.9134 | N1863: 6.8739 | O1863: 3.8596 | P1863: 2.7208 | Q1863: 5.4662 | R1863: 5.3784 | S1863: 5.3112 | T1863: 14.2949 | U1863: 12.2457 | V1863: 2.9895 | W1863: 3.629 | X1863: 1.8608 | Y1863: 5.2878 | Z1863: 11.0139
A1864: 45253 | B1864: 0.4502 | C1864: 0.4477 | D1864: 1.8392 | E1864: 1.7743 | F1864: 6.4061 | G1864: 6.0951 | H1864: 4.3939 | I1864: 6.9749 | J1864: 7.0603 | K1864: 5.8234 | L1864: 12.0195 | M1864: 5.9067 | N1864: 6.8715 | O1864: 3.8569 | P1864: 2.7179 | Q1864: 5.4611 | R1864: 5.3721 | S1864: 5.3053 | T1864: 14.2565 | U1864: 12.2196 | V1864: 2.9889 | W1864: 3.6259 | X1864: 1.8578 | Y1864: 5.2821 | Z1864: 10.9964
A1865: 45254 | B1865: 0.4475 | C1865: 0.445 | D1865: 1.8361 | E1865: 1.7715 | F1865: 6.3959 | G1865: 6.0878 | H1865: 4.3887 | I1865: 6.9647 | J1865: 7.0367 | K1865: 5.7909 | L1865: 11.9897 | M1865: 5.8826 | N1865: 6.8395 | O1865: 3.8534 | P1865: 2.7049 | Q1865: 5.4498 | R1865: 5.3683 | S1865: 5.3021 | T1865: 14.2403 | U1865: 12.2085 | V1865: 2.987 | W1865: 3.6222 | X1865: 1.8546 | Y1865: 5.278 | Z1865: 10.9876
A1866: 45257 | B1866: 0.4396 | C1866: 0.4369 | D1866: 1.8311 | E1866: 1.7647 | F1866: 6.423 | G1866: 6.1043 | H1866: 4.3935 | I1866: 6.9921 | J1866: 7.0579 | K1866: 5.8235 | L1866: 11.9674 | M1866: 5.9132 | N1866: 6.8819 | O1866: 3.849 | P1866: 2.7086 | Q1866: 5.445 | R1866: 5.3689 | S1866: 5.2987 | T1866: 14.2857 | U1866: 12.241 | V1866: 2.9812 | W1866: 3.6177 | X1866: 1.8488 | Y1866: 5.277 | Z1866: 11.0095
A1867: 45258 | B1867: 0.437 | C1867: 0.4343 | D1867: 1.8296 | E1867: 1.7628 | F1867: 6.4339 | G1867: 6.1062 | H1867: 4.3985 | I1867: 7.0026 | J1867: 7.0654 | K1867: 5.8235 | L1867: 11.9608 | M1867: 5.9173 | N1867: 6.8889 | O1867: 3.8497 | P1867: 2.703 | Q1867: 5.4527 | R1867: 5.3698 | S1867: 5.2984 | T1867: 14.3043 | U1867: 12.2437 | V1867: 2.9803 | W1867: 3.6175 | X1867: 1.8476 | Y1867: 5.279 | Z1867: 11.0241
A1868: 45259 | B1868: 0.4345 | C1868: 0.4317 | D1868: 1.8287 | E1868: 1.7613 | F1868: 6.4579 | G1868: 6.1228 | H1868: 4.4079 | I1868: 7.0263 | J1868: 7.0983 | K1868: 5.8525 | L1868: 12.0066 | M1868: 5.9496 | N1868: 6.9314 | O1868: 3.8578 | P1868: 2.6933 | Q1868: 5.4682 | R1868: 5.3724 | S1868: 5.3 | T1868: 14.3435 | U1868: 12.2718 | V1868: 2.9847 | W1868: 3.625 | X1868: 1.8471 | Y1868: 5.2836 | Z1868: 11.0454
A1869: 45260 | B1869: 0.432 | C1869: 0.4294 | D1869: 1.8256 | E1869: 1.7582 | F1869: 6.4364 | G1869: 6.0975 | H1869: 4.4027 | I1869: 7.0046 | J1869: 7.0747 | K1869: 5.8255 | L1869: 11.9928 | M1869: 5.9355 | N1869: 6.9111 | O1869: 3.8552 | P1869: 2.6834 | Q1869: 5.4616 | R1869: 5.3671 | S1869: 5.2949 | T1869: 14.3127 | U1869: 12.231 | V1869: 2.9848 | W1869: 3.6238 | X1869: 1.8448 | Y1869: 5.2802 | Z1869: 11.0374
A1870: 45261 | B1870: 0.4976 | C1870: 0.4815 | D1870: 1.9279 | E1870: 1.8378 | F1870: 6.511 | G1870: 6.1989 | H1870: 4.4576 | I1870: 7.1193 | J1870: 7.1833 | K1870: 5.9892 | L1870: 12.0191 | M1870: 6.0084 | N1870: 6.9911 | O1870: 3.893 | P1870: 2.7427 | Q1870: 5.4739 | R1870: 5.5476 | S1870: 5.3341 | T1870: 14.5554 | U1870: 12.4675 | V1870: 3.0601 | W1870: 3.673 | X1870: 1.9171 | Y1870: 5.3325 | Z1870: 11.1169
A1871: 45264 | B1871: 0.4895 | C1871: 0.4734 | D1871: 1.92 | E1871: 1.8301 | F1871: 6.5242 | G1871: 6.1966 | H1871: 4.456 | I1871: 7.1337 | J1871: 7.1811 | K1871: 5.9722 | L1871: 12.01 | M1871: 5.9968 | N1871: 6.9772 | O1871: 3.8822 | P1871: 2.7396 | Q1871: 5.4706 | R1871: 5.5402 | S1871: 5.3256 | T1871: 14.5883 | U1871: 12.4707 | V1871: 3.0553 | W1871: 3.6639 | X1871: 1.9099 | Y1871: 5.327 | Z1871: 11.1313
A1872: 45265 | B1872: 0.4869 | C1872: 0.4707 | D1872: 1.9184 | E1872: 1.8278 | F1872: 6.5887 | G1872: 6.236 | H1872: 4.4686 | I1872: 7.2001 | J1872: 7.228 | K1872: 6.0244 | L1872: 12.0098 | M1872: 6.034 | N1872: 7.0236 | O1872: 3.8821 | P1872: 2.7379 | Q1872: 5.4731 | R1872: 5.543 | S1872: 5.3266 | T1872: 14.7002 | U1872: 12.5399 | V1872: 3.0558 | W1872: 3.6641 | X1872: 1.9084 | Y1872: 5.3297 | Z1872: 11.1784
... A2611: 46300 | B2611: 0.5348 | C2611: 0.5338 | D2611: 1.8458 | E2611: 1.8192 | F2611: 6.0458 | G2611: 6.0082 | H2611: 4.3524 | I2611: 6.5646 | J2611: 6.2514 | K2611: 5.4069 | L2611: 9.3531 | M2611: 5.592 | N2611: 6.3572 | O2611: 3.6769 | P2611: 2.9147 | Q2611: 5.323 | R2611: 5.3654 | S2611: 5.3561 | T2611: 13.2011 | U2611: 11.9072 | V2611: 3.2893 | W2611: 3.5811 | X2611: 1.8983 | Y2611: 5.1514 | Z2611: 10.3355

Sheet VaR
B1: MSCI USA
A2: 37435 | B2: -0.13066405
A3: 43921 | B3: -0.12516199
A4: 37529 | B4: -0.11527084 | D4: Orizz Temp | E4: 1 mese | F4: 1 mese | G4: 1 mese
A5: 37621 | B5: -0.11056437 | D5: VaR(%) Sim Stor | E5: =B5 -> -0.11056437 | F5: =B8 -> -0.094340084 | G5: =B17 -> -0.07160191
A6: 43465 | B6: -0.097310743 | D6: ES (%) Sim Stor | E6: =AVERAGE(B2:B4) -> -0.12369896 | F6: =AVERAGE(B2:B7) -> -0.11256569 | G6: =AVERAGE(B2:B16) -> -0.094902864
A7: 39629 | B7: -0.096422128 | D7: Livello di Confidenza | E7: 0.99 | F7: 0.98 | G7: 0.95
A8: 37376 | B8: -0.094340084
A9: 45747 | B9: -0.093544297 | D9: Orizz Temp | E9: 1 mese | F9: 1 mese | G9: 1 mese
A10: 44925 | B10: -0.092863809 | D10: VaR(%) Var-Cov | E10: =E14-E12*E15 -> -0.09161928 | F10: =E14-F12*E15 -> -0.079986073 | G10: =E14-G12*E15 -> -0.062536399
A11: 39871 | B11: -0.090281058 | D11: Livello di Confidenza | E11: 0.99 | F11: 0.98 | G11: 0.95
A12: 42247 | B12: -0.081435675 | D12: k | E12: =NORMSINV(E11) -> 2.3263479 | F12: =NORMSINV(F11) -> 2.0537489 | G12: =NORMSINV(G11) -> 1.6448536
A13: 43889 | B13: -0.075269731 | E13: mesile | F13: giornaliero | G13: annuale
A14: 37162 | B14: -0.073718509 | D14: Rend. Medio | E14: =AVERAGE(B2:B301) -> 0.0076580023 | F14: =E14/21 -> 0.00036466678 | G14: =E14*12 -> 0.091896028
A15: 39813 | B15: -0.073649128 | D15: Deviazione Standard | E15: =STDEV(B2:B301) -> 0.042675166 | F15: =E15/SQRT(21) -> 0.0093124847 | G15: =E15*SQRT(12) -> 0.14783111
A16: 37894 | B16: -0.073046554 | D16: Asimmetria | E16: =SKEW(B2:B301) -> -0.41822495 | F16: =F14-E12*F15 -> -0.021299412 | G16: =G14-E12*G15 -> -0.25201056
A17: 39780 | B17: -0.07160191 | D17: Curtosi | E17: =KURT(B2:B301) -> 0.78197704 | F17: VaR giorn | G17: VaR ann
A18: 39752 | B18: -0.070552881
A19: 39478 | B19: -0.070102167
A20: 44834 | B20: -0.0683
A21: 40786 | B21: -0.067733396
A22: 39721 | B22: -0.064292593
A23: 39416 | B23: -0.062585325
A24: 44742 | B24: -0.061562492
A25: 43616 | B25: -0.057596693
A26: 42398 | B26: -0.056012956
A27: 45777 | B27: -0.054614589
A28: 38868 | B28: -0.054551855
A29: 37652 | B29: -0.053832544
... A301: 43951 | B301: 0.13986235

Sheet Copertura Az.rio USA
B1: MSCI USA € | C1: MSCI USA $ | D1: MSCI USA HEDGED € | H1: €/$
A2: 36585 | B2: -0.008931566 | C2: -0.024737802 | D2: -0.027236265 | H2: 0.016207166
A3: 36616 | B3: 0.10554775 | C3: 0.098830027 | D3: 0.097324767 | H3: 0.0061135223
A4: 36644 | B4: 0.015185392 | C4: -0.033246032 | D4: -0.036875218 | H4: 0.050096949
A5: 36677 | B5: -0.044311016 | C5: -0.027375489 | D5: -0.029123571 | H5: -0.017412195
A6: 36707 | B6: -0.010205901 | C6: 0.023039896 | D6: 0.019811233 | H6: -0.032497068
A7: 36738 | B7: 0.015009355 | C7: -0.018821321 | D7: -0.021075781 | H7: 0.034479628
A8: 36769 | B8: 0.095421776 | C8: 0.051030496 | D8: 0.051296452 | H8: 0.042235958
A9: 36798 | B9: -0.048207263 | C9: -0.055271804 | D9: -0.056807052 | H9: 0.0074778554
A10: 36830 | B10: 0.032726987 | C10: -0.0080596293 | D10: -0.009855565 | H10: 0.041118012
A11: 36860 | B11: -0.10413021 | C11: -0.079925107 | D11: -0.079209809 | H11: -0.026307751
A12: 36889 | B12: -0.075191269 | C12: -0.0025792118 | D12: -0.0040692497 | H12: -0.072799824
A13: 36922 | B13: 0.045542554 | C13: 0.035634277 | D13: 0.034454437 | H13: 0.0095673514
... A320: 46265 | B320: 0.016793134 | C320: 0.026557639 | D320: 0.025019099 | H320: -0.0095118915
B322: MSCI USA € | C322: MSCI USA $ | D322: MSCI USA HEDGED € | F322: correl az USA e Cambio
A323: Sigma Mensili

Sheet Copertura Obbl Globale
B1: WD CITIGROUP WGBI WORLD ALL MATS: TOTAL RETURN HEDGED - (E) | C1: WD CITIGROUP WGBI WORLD ALL MATS: TOTAL RETURN - (E) | D1: CGBI WGBI EMU ALL MATS. (E) - TOT RETURN IND
A2: 36585 | B2: 0.006986195 | C2: 0.0089103345 | D2: 0.0062819245
A3: 36616 | B3: 0.013425251 | C3: 0.0373187 | D3: 0.015954725
A4: 36644 | B4: 0.00058092648 | C4: 0.015751944 | D4: -0.00049358839
A5: 36677 | B5: 0.004043633 | C5: -0.0097054817 | D5: 0.0024691607
A6: 36707 | B6: 0.0060818395 | C6: -0.0090824207 | D6: 0.0042023143
A7: 36738 | B7: 0.0061104387 | C7: 0.017024963 | D7: 0.0039244346
A8: 36769 | B8: 0.002092397 | C8: 0.034338196 | D8: -3.988871e-05
A9: 36798 | B9: 0.0048892049 | C9: 0.0054920454 | D9: 0.0073098978
A10: 36830 | B10: 0.0070055773 | C10: 0.027951798 | D10: 0.0045441945
A11: 36860 | B11: 0.016198017 | C11: -0.0069729864 | D11: 0.014684577
A12: 36889 | B12: 0.011443976 | C12: -0.039624314 | D12: 0.014287518
A13: 36922 | B13: 0.0089286482 | C13: 0.0082825554 | D13: 0.0072968936
... A320: 46265 | B320: -0.002819345 | C320: -0.0072447615 | D320: -0.0061912609
B322: WD CITIGROUP WGBI WORLD ALL MATS: TOTAL RETURN HEDGED - (E) | C322: WD CITIGROUP WGBI WORLD ALL MATS: TOTAL RETURN - (E) | D322: CGBI WGBI EMU ALL MATS. (E) - TOT RETURN IND
A323: Sigma mensili
B326: WD CITIGROUP WGBI WORLD ALL MATS: TOTAL RETURN HEDGED - (E) | C326: WD CITIGROUP WGBI WORLD ALL MATS: TOTAL RETURN - (E) | D326: CGBI WGBI EMU ALL MATS. (E) - TOT RETURN IND
A327: WD CITIGROUP WGBI WORLD ALL MATS: TOTAL RETURN HEDGED - (E)
A328: WD CITIGROUP WGBI WORLD ALL MATS: TOTAL RETURN - (E)
A329: CGBI WGBI EMU ALL MATS. (E) - TOT RETURN IND

Sheet GRIGLIA2
A2: OT/Toll Risk | B2: B | C2: MB | D2: M | E2: MA | F2: A
A3: 1
A4: 3
A5: 5
A6: 10
A7: >10

Sheet Strategia Naive
A1: Asset Classes | B1: AAS Neutrale HBA | C1: AAS Naive | E1: PESI | F1: Naive | G1: Neutrale HBA | P1: COMPOSIZIONE DEI PORTAFOGLI NAIVE
A2: Monetario Area € | B2: =$E$2*G2 -> 0.04 | C2: =$E$2*F2 -> 0 | E2: =1-E8 -> 1 | G2: 0.04 | H2: =A2 -> Monetario Area € | P2: Porzione Azionaria | Q2: {=TRANSPOSE(A2:A12)} -> Monetario Area € | R2: Obbl € Short Term (1-3 yrs) | S2: Obbl € MLT | T2: Global Bond Dev Mkts | U2: Obbl Corp. Globale HY | V2: Obbl Emerg. Markets | W2: Az Europa | X2: Az Nord America | Y2: Az Pacifico | Z2: Az Emerg. Markets | AA2: Opportunities
A3: Obbl € Short Term (1-3 yrs) | B3: =$E$2*G3 -> 0.07 | C3: =$E$2*F3 -> 0 | G3: 0.07 | H3: =A3 -> Obbl € Short Term (1-3 yrs) | P3: 0 | Q3: {=(1-$P3)*TRANSPOSE($F$2:$F$7)} -> 0 | R3: 0 | S3: 0 | T3: 0 | U3: 0 | V3: 0 | W3: {=$P3*TRANSPOSE($F$8:$F$12)} -> 0 | X3: 0 | Y3: 0 | Z3: 0 | AA3: 0
A4: Obbl € MLT | B4: =$E$2*G4 -> 0.16 | C4: =$E$2*F4 -> 0 | G4: 0.16 | H4: =A4 -> Obbl € MLT | P4: 0.01 | Q4: {=(1-$P4)*TRANSPOSE($F$2:$F$7)} -> 0 | R4: 0 | S4: 0 | T4: 0 | U4: 0 | V4: 0 | W4: {=$P4*TRANSPOSE($F$8:$F$12)} -> 0 | X4: 0 | Y4: 0 | Z4: 0 | AA4: 0
A5: Global Bond Dev Mkts | B5: =$E$2*G5 -> 0.6 | C5: =$E$2*F5 -> 0 | G5: 0.6 | H5: =A5 -> Global Bond Dev Mkts | P5: 0.02 | Q5: {=(1-$P5)*TRANSPOSE($F$2:$F$7)} -> 0 | R5: 0 | S5: 0 | T5: 0 | U5: 0 | V5: 0 | W5: {=$P5*TRANSPOSE($F$8:$F$12)} -> 0 | X5: 0 | Y5: 0 | Z5: 0 | AA5: 0
A6: Obbl Corp. Globale HY | B6: =$E$2*G6 -> 0.05 | C6: =$E$2*F6 -> 0 | G6: 0.05 | H6: =A6 -> Obbl Corp. Globale HY | P6: 0.03 | Q6: {=(1-$P6)*TRANSPOSE($F$2:$F$7)} -> 0 | R6: 0 | S6: 0 | T6: 0 | U6: 0 | V6: 0 | W6: {=$P6*TRANSPOSE($F$8:$F$12)} -> 0 | X6: 0 | Y6: 0 | Z6: 0 | AA6: 0
A7: Obbl Emerg. Markets | B7: =$E$2*G7 -> 0.08 | C7: =$E$2*F7 -> 0 | G7: 0.08 | H7: =A7 -> Obbl Emerg. Markets | P7: 0.04 | Q7: {=(1-$P7)*TRANSPOSE($F$2:$F$7)} -> 0 | R7: 0 | S7: 0 | T7: 0 | U7: 0 | V7: 0 | W7: {=$P7*TRANSPOSE($F$8:$F$12)} -> 0 | X7: 0 | Y7: 0 | Z7: 0 | AA7: 0
A8: Az Europa | B8: =$E$8*G8 -> 0 | C8: =$E$8*F8 -> 0 | G8: 0.18 | H8: =A8 -> Az Europa | P8: 0.05 | Q8: {=(1-$P8)*TRANSPOSE($F$2:$F$7)} -> 0 | R8: 0 | S8: 0 | T8: 0 | U8: 0 | V8: 0 | W8: {=$P8*TRANSPOSE($F$8:$F$12)} -> 0 | X8: 0 | Y8: 0 | Z8: 0 | AA8: 0
A9: Az Nord America | B9: =$E$8*G9 -> 0 | C9: =$E$8*F9 -> 0 | G9: 0.55 | H9: =A9 -> Az Nord America | P9: 0.06 | Q9: {=(1-$P9)*TRANSPOSE($F$2:$F$7)} -> 0 | R9: 0 | S9: 0 | T9: 0 | U9: 0 | V9: 0 | W9: {=$P9*TRANSPOSE($F$8:$F$12)} -> 0 | X9: 0 | Y9: 0 | Z9: 0 | AA9: 0
A10: Az Pacifico | B10: =$E$8*G10 -> 0 | C10: =$E$8*F10 -> 0 | G10: 0.09 | H10: =A10 -> Az Pacifico | P10: 0.07 | Q10: {=(1-$P10)*TRANSPOSE($F$2:$F$7)} -> 0 | R10: 0 | S10: 0 | T10: 0 | U10: 0 | V10: 0 | W10: {=$P10*TRANSPOSE($F$8:$F$12)} -> 0 | X10: 0 | Y10: 0 | Z10: 0 | AA10: 0
A11: Az Emerg. Markets | B11: =$E$8*G11 -> 0 | C11: =$E$8*F11 -> 0 | G11: 0.13 | H11: =A11 -> Az Emerg. Markets | P11: 0.08 | Q11: {=(1-$P11)*TRANSPOSE($F$2:$F$7)} -> 0 | R11: 0 | S11: 0 | T11: 0 | U11: 0 | V11: 0 | W11: {=$P11*TRANSPOSE($F$8:$F$12)} -> 0 | X11: 0 | Y11: 0 | Z11: 0 | AA11: 0
A12: Opportunities | B12: =$E$8*G12 -> 0 | C12: =$E$8*F12 -> 0 | G12: 0.05 | H12: =A12 -> Opportunities | P12: 0.09 | Q12: {=(1-$P12)*TRANSPOSE($F$2:$F$7)} -> 0 | R12: 0 | S12: 0 | T12: 0 | U12: 0 | V12: 0 | W12: {=$P12*TRANSPOSE($F$8:$F$12)} -> 0 | X12: 0 | Y12: 0 | Z12: 0 | AA12: 0
B13: Previsioni di Lungo Termine | P13: 0.1 | Q13: {=(1-$P13)*TRANSPOSE($F$2:$F$7)} -> 0 | R13: 0 | S13: 0 | T13: 0 | U13: 0 | V13: 0 | W13: {=$P13*TRANSPOSE($F$8:$F$12)} -> 0 | X13: 0 | Y13: 0 | Z13: 0 | AA13: 0
B14: view | C14: fiducia | P14: 0.11 | Q14: {=(1-$P14)*TRANSPOSE($F$2:$F$7)} -> 0 | R14: 0 | S14: 0 | T14: 0 | U14: 0 | V14: 0 | W14: {=$P14*TRANSPOSE($F$8:$F$12)} -> 0 | X14: 0 | Y14: 0 | Z14: 0 | AA14: 0
A15: Tassi di interesse in € | P15: 0.12 | Q15: {=(1-$P15)*TRANSPOSE($F$2:$F$7)} -> 0 | R15: 0 | S15: 0 | T15: 0 | U15: 0 | V15: 0 | W15: {=$P15*TRANSPOSE($F$8:$F$12)} -> 0 | X15: 0 | Y15: 0 | Z15: 0 | AA15: 0
P16: 0.13 | Q16: {=(1-$P16)*TRANSPOSE($F$2:$F$7)} -> 0 | R16: 0 | S16: 0 | T16: 0 | U16: 0 | V16: 0 | W16: {=$P16*TRANSPOSE($F$8:$F$12)} -> 0 | X16: 0 | Y16: 0 | Z16: 0 | AA16: 0
A17: Valute estere forti | P17: 0.14 | Q17: {=(1-$P17)*TRANSPOSE($F$2:$F$7)} -> 0 | R17: 0 | S17: 0 | T17: 0 | U17: 0 | V17: 0 | W17: {=$P17*TRANSPOSE($F$8:$F$12)} -> 0 | X17: 0 | Y17: 0 | Z17: 0 | AA17: 0
P18: 0.15 | Q18: {=(1-$P18)*TRANSPOSE($F$2:$F$7)} -> 0 | R18: 0 | S18: 0 | T18: 0 | U18: 0 | V18: 0 | W18: {=$P18*TRANSPOSE($F$8:$F$12)} -> 0 | X18: 0 | Y18: 0 | Z18: 0 | AA18: 0
A19: Spread bond basso rating | P19: 0.16 | Q19: {=(1-$P19)*TRANSPOSE($F$2:$F$7)} -> 0 | R19: 0 | S19: 0 | T19: 0 | U19: 0 | V19: 0 | W19: {=$P19*TRANSPOSE($F$8:$F$12)} -> 0 | X19: 0 | Y19: 0 | Z19: 0 | AA19: 0
P20: 0.17 | Q20: {=(1-$P20)*TRANSPOSE($F$2:$F$7)} -> 0 | R20: 0 | S20: 0 | T20: 0 | U20: 0 | V20: 0 | W20: {=$P20*TRANSPOSE($F$8:$F$12)} -> 0 | X20: 0 | Y20: 0 | Z20: 0 | AA20: 0
A21: Az Europa | P21: 0.18 | Q21: {=(1-$P21)*TRANSPOSE($F$2:$F$7)} -> 0 | R21: 0 | S21: 0 | T21: 0 | U21: 0 | V21: 0 | W21: {=$P21*TRANSPOSE($F$8:$F$12)} -> 0 | X21: 0 | Y21: 0 | Z21: 0 | AA21: 0
A22: Az Nord America | P22: 0.19 | Q22: {=(1-$P22)*TRANSPOSE($F$2:$F$7)} -> 0 | R22: 0 | S22: 0 | T22: 0 | U22: 0 | V22: 0 | W22: {=$P22*TRANSPOSE($F$8:$F$12)} -> 0 | X22: 0 | Y22: 0 | Z22: 0 | AA22: 0
A23: Az Pacifico | P23: 0.2 | Q23: {=(1-$P23)*TRANSPOSE($F$2:$F$7)} -> 0 | R23: 0 | S23: 0 | T23: 0 | U23: 0 | V23: 0 | W23: {=$P23*TRANSPOSE($F$8:$F$12)} -> 0 | X23: 0 | Y23: 0 | Z23: 0 | AA23: 0
A24: Az Emerg. Markets | P24: 0.21 | Q24: {=(1-$P24)*TRANSPOSE($F$2:$F$7)} -> 0 | R24: 0 | S24: 0 | T24: 0 | U24: 0 | V24: 0 | W24: {=$P24*TRANSPOSE($F$8:$F$12)} -> 0 | X24: 0 | Y24: 0 | Z24: 0 | AA24: 0
P25: 0.22 | Q25: {=(1-$P25)*TRANSPOSE($F$2:$F$7)} -> 0 | R25: 0 | S25: 0 | T25: 0 | U25: 0 | V25: 0 | W25: {=$P25*TRANSPOSE($F$8:$F$12)} -> 0 | X25: 0 | Y25: 0 | Z25: 0 | AA25: 0
A26: Opportunities | P26: 0.23 | Q26: {=(1-$P26)*TRANSPOSE($F$2:$F$7)} -> 0 | R26: 0 | S26: 0 | T26: 0 | U26: 0 | V26: 0 | W26: {=$P26*TRANSPOSE($F$8:$F$12)} -> 0 | X26: 0 | Y26: 0 | Z26: 0 | AA26: 0
P27: 0.24 | Q27: {=(1-$P27)*TRANSPOSE($F$2:$F$7)} -> 0 | R27: 0 | S27: 0 | T27: 0 | U27: 0 | V27: 0 | W27: {=$P27*TRANSPOSE($F$8:$F$12)} -> 0 | X27: 0 | Y27: 0 | Z27: 0 | AA27: 0
P28: 0.25 | Q28: {=(1-$P28)*TRANSPOSE($F$2:$F$7)} -> 0 | R28: 0 | S28: 0 | T28: 0 | U28: 0 | V28: 0 | W28: {=$P28*TRANSPOSE($F$8:$F$12)} -> 0 | X28: 0 | Y28: 0 | Z28: 0 | AA28: 0
P29: 0.26 | Q29: {=(1-$P29)*TRANSPOSE($F$2:$F$7)} -> 0 | R29: 0 | S29: 0 | T29: 0 | U29: 0 | V29: 0 | W29: {=$P29*TRANSPOSE($F$8:$F$12)} -> 0 | X29: 0 | Y29: 0 | Z29: 0 | AA29: 0
P30: 0.27 | Q30: {=(1-$P30)*TRANSPOSE($F$2:$F$7)} -> 0 | R30: 0 | S30: 0 | T30: 0 | U30: 0 | V30: 0 | W30: {=$P30*TRANSPOSE($F$8:$F$12)} -> 0 | X30: 0 | Y30: 0 | Z30: 0 | AA30: 0
P31: 0.28 | Q31: {=(1-$P31)*TRANSPOSE($F$2:$F$7)} -> 0 | R31: 0 | S31: 0 | T31: 0 | U31: 0 | V31: 0 | W31: {=$P31*TRANSPOSE($F$8:$F$12)} -> 0 | X31: 0 | Y31: 0 | Z31: 0 | AA31: 0
P32: 0.29 | Q32: {=(1-$P32)*TRANSPOSE($F$2:$F$7)} -> 0 | R32: 0 | S32: 0 | T32: 0 | U32: 0 | V32: 0 | W32: {=$P32*TRANSPOSE($F$8:$F$12)} -> 0 | X32: 0 | Y32: 0 | Z32: 0 | AA32: 0
P33: 0.3 | Q33: {=(1-$P33)*TRANSPOSE($F$2:$F$7)} -> 0 | R33: 0 | S33: 0 | T33: 0 | U33: 0 | V33: 0 | W33: {=$P33*TRANSPOSE($F$8:$F$12)} -> 0 | X33: 0 | Y33: 0 | Z33: 0 | AA33: 0
P34: 0.31 | Q34: {=(1-$P34)*TRANSPOSE($F$2:$F$7)} -> 0 | R34: 0 | S34: 0 | T34: 0 | U34: 0 | V34: 0 | W34: {=$P34*TRANSPOSE($F$8:$F$12)} -> 0 | X34: 0 | Y34: 0 | Z34: 0 | AA34: 0
P35: 0.32 | Q35: {=(1-$P35)*TRANSPOSE($F$2:$F$7)} -> 0 | R35: 0 | S35: 0 | T35: 0 | U35: 0 | V35: 0 | W35: {=$P35*TRANSPOSE($F$8:$F$12)} -> 0 | X35: 0 | Y35: 0 | Z35: 0 | AA35: 0
P36: 0.33 | Q36: {=(1-$P36)*TRANSPOSE($F$2:$F$7)} -> 0 | R36: 0 | S36: 0 | T36: 0 | U36: 0 | V36: 0 | W36: {=$P36*TRANSPOSE($F$8:$F$12)} -> 0 | X36: 0 | Y36: 0 | Z36: 0 | AA36: 0
P37: 0.34 | Q37: {=(1-$P37)*TRANSPOSE($F$2:$F$7)} -> 0 | R37: 0 | S37: 0 | T37: 0 | U37: 0 | V37: 0 | W37: {=$P37*TRANSPOSE($F$8:$F$12)} -> 0 | X37: 0 | Y37: 0 | Z37: 0 | AA37: 0
P38: 0.35 | Q38: {=(1-$P38)*TRANSPOSE($F$2:$F$7)} -> 0 | R38: 0 | S38: 0 | T38: 0 | U38: 0 | V38: 0 | W38: {=$P38*TRANSPOSE($F$8:$F$12)} -> 0 | X38: 0 | Y38: 0 | Z38: 0 | AA38: 0
... P103: 1 | Q103: {=(1-$P103)*TRANSPOSE($F$2:$F$7)} -> 0 | R103: 0 | S103: 0 | T103: 0 | U103: 0 | V103: 0 | W103: {=$P103*TRANSPOSE($F$8:$F$12)} -> 0 | X103: 0 | Y103: 0 | Z103: 0 | AA103: 0

Sheet ESEMPIO DI METAPORTFOLIO
A1: ASSET CLASSES | B1: Metaportfolio (Banca Media del Centro Italia)
A2: Money Market Area € | B2: 0.00026421701
A3: Bond Area € Short Term | B3: 0.01963632
A4: Bond Area € All Maturities | B4: 0.32344321
A5: Bond € Corporate | B5: 0.054352288
A6: Bond Global | B6: 0.076320393
A7: Bond Global HY | B7: 0.0073157946
A8: Bond Emerging Mkts | B8: 0.054226423
A9: Equity Europe | B9: 0.065554189
A10: Equity North America | B10: 0.057108941
A11: Equity Pacific | B11: 0.01446757
A12: Equity Emerging Markets | B12: 0.034012546
A13: Opportunities | B13: 0.018786135
... A15: Flexible Funds medium-high risk | B15: 0.059522439
B16: 1

Sheet Mark opt
A1: Asset Class | B1: E(r) | C1: s | D1: Pesi | G1: cov | H1: Bofa ML Euro 0-1 anni | I1: Bofa ML Bond Euro 1-3 Y | J1: Bofa ML Obbl. Euro | K1: Bofa ML Obbl. Globale | L1: ML Global HY | M1: Bofa ML Obbl Emergente | N1: MSCI Europe | O1: MSCI North America | P1: MSCI Pacific | Q1: MSCI Emerging Markets | R1: Opportunities
A2: Bofa ML Euro 0-1 anni | B2: 0.02 | C2: 0.0086802842 | G2: =A2 -> Bofa ML Euro 0-1 anni | H2: =$C2^2 -> 7.5347334e-05 | I2: 8.4124644e-05 | J2: 8.3378228e-05 | K2: 7.1342985e-05 | L2: -0.00017397431 | M2: -6.1542754e-05 | N2: -0.00033207095 | O2: -0.00039257831 | P2: -0.00034189094 | Q2: -0.00033686116 | R2: -0.00026083404
A3: Bofa ML Bond Euro 1-3 Y | B3: 0.029 | C3: 0.016887831 | G3: =A3 -> Bofa ML Bond Euro 1-3 Y | H3: 8.4124644e-05 | I3: =$C3^2 -> 0.00028519884 | J3: 0.00052850669 | K3: 0.000301066 | L3: -1.9639822e-06 | M3: 7.8226156e-05 | N3: -0.00044277805 | O3: -0.00057545911 | P3: -0.0002638948 | Q3: -0.00051360836 | R3: -0.00054852013
A4: Bofa ML Obbl. Euro | B4: 0.03255 | C4: 0.04168791 | G4: =A4 -> Bofa ML Obbl. Euro | H4: 8.3378228e-05 | I4: 0.00052850669 | J4: =$C4^2 -> 0.0017378818 | K4: 0.0012112773 | L4: 0.00043922155 | M4: 0.00082645978 | N4: -0.00036330969 | O4: -0.00033697727 | P4: -0.00023877628 | Q4: -0.0004320099 | R4: -0.00066831916
A5: Bofa ML Obbl. Globale | B5: 0.030122243 | C5: 0.069174632 | G5: =A5 -> Bofa ML Obbl. Globale | H5: 7.1342985e-05 | I5: 0.000301066 | J5: 0.0012112773 | K5: =$C5^2 -> 0.0047851297 | L5: 0.0023664839 | M5: 0.0025755328 | N5: -0.0023069931 | O5: 0.0008906135 | P5: 0.00028093602 | Q5: -0.0019456008 | R5: -0.00055598841
A6: ML Global HY | B6: 0.073 | C6: 0.11065841 | G6: =A6 -> ML Global HY | H6: -0.00017397431 | I6: -1.9639822e-06 | J6: 0.00043922155 | K6: 0.0023664839 | L6: =$C6^2 -> 0.012245283 | M6: 0.00983592 | N6: 0.010775571 | O6: 0.012850416 | P6: 0.010944858 | Q6: 0.01493782 | R6: 0.011378505
A7: Bofa ML Obbl Emergente | B7: 0.06 | C7: 0.12718802 | G7: =A7 -> Bofa ML Obbl Emergente | H7: -6.1542754e-05 | I7: 7.8226156e-05 | J7: 0.00082645978 | K7: 0.0025755328 | L7: 0.00983592 | M7: =$C7^2 -> 0.016176792 | N7: 0.010983252 | O7: 0.013100393 | P7: 0.012511455 | Q7: 0.019179196 | R7: 0.011104224
A8: MSCI Europe | B8: 0.065 | C8: 0.17527257 | G8: =A8 -> MSCI Europe | H8: -0.00033207095 | I8: -0.00044277805 | J8: -0.00036330969 | K8: -0.0023069931 | L8: 0.010775571 | M8: 0.010983252 | N8: =$C8^2 -> 0.030720472 | O8: 0.024597742 | P8: 0.022749367 | Q8: 0.030464166 | R8: 0.022943713
A9: MSCI North America | B9: 0.075 | C9: 0.178 | G9: =A9 -> MSCI North America | H9: -0.00039257831 | I9: -0.00057545911 | J9: -0.00033697727 | K9: 0.0008906135 | L9: 0.012850416 | M9: 0.013100393 | N9: 0.024597742 | O9: =$C9^2 -> 0.031684 | P9: 0.022144246 | Q9: 0.028532455 | R9: 0.023753384
A10: MSCI Pacific | B10: 0.068068267 | C10: 0.18555431 | G10: =A10 -> MSCI Pacific | H10: -0.00034189094 | I10: -0.0002638948 | J10: -0.00023877628 | K10: 0.00028093602 | L10: 0.010944858 | M10: 0.012511455 | N10: 0.022749367 | O10: 0.022144246 | P10: =$C10^2 -> 0.034430403 | Q10: 0.034107686 | R10: 0.02169613
A11: MSCI Emerging Markets | B11: 0.083775786 | C11: 0.23692683 | G11: =A11 -> MSCI Emerging Markets | H11: -0.00033686116 | I11: -0.00051360836 | J11: -0.0004320099 | K11: -0.0019456008 | L11: 0.01493782 | M11: 0.019179196 | N11: 0.030464166 | O11: 0.028532455 | P11: 0.034107686 | Q11: =$C11^2 -> 0.056134322 | R11: 0.028302038
A12: Opportunities | B12: 0.068743756 | C12: 0.15358287 | G12: =A12 -> Opportunities | H12: -0.00026083404 | I12: -0.00054852013 | J12: -0.00066831916 | K12: -0.00055598841 | L12: 0.011378505 | M12: 0.011104224 | N12: 0.022943713 | O12: 0.023753384 | P12: 0.02169613 | Q12: 0.028302038 | R12: =$C12^2 -> 0.023587697
A13: PORTAFOGLIO
G14: corr | H14: 1 | I14: 0.5738725 | J14: 0.23041386 | K14: 0.11881478 | L14: -0.18112014 | M14: -0.055743828 | N14: -0.21826445 | O14: -0.26406301 | P14: -0.21226705 | Q14: -0.1637958 | R14: -0.19565347
H15: 0.5738725 | I15: 1 | J15: 0.75070012 | K15: 0.25771576 | L15: -0.0010509432 | M15: 0.036419327 | N15: -0.14958852 | O15: -0.19895543 | P15: -0.08421431 | Q15: -0.12836421 | R15: -0.21148322
A16: Rendimento Target (R*) | H16: 0.23041386 | I16: 0.75070012 | J16: 1 | K16: 0.4200361 | L16: 0.095211435 | M16: 0.15587103 | N16: -0.049722496 | O16: -0.047196055 | P16: -0.030868108 | Q16: -0.04373905 | R16: -0.1043833
H17: 0.11881478 | I17: 0.25771576 | J17: 0.4200361 | K17: 1 | L17: 0.30915216 | M17: 0.29273459 | N17: -0.19027665 | O17: 0.075172263 | P17: 0.021887165 | Q17: -0.11871146 | R17: -0.052333058
H18: -0.18112014 | I18: -0.0010509432 | J18: 0.095211435 | K18: 0.30915216 | L18: 1 | M18: 0.69885067 | N18: 0.55557404 | O18: 0.67802855 | P18: 0.53303368 | Q18: 0.56975555 | R18: 0.66951145
H19: -0.055743828 | I19: 0.036419327 | J19: 0.15587103 | K19: 0.29273459 | L19: 0.69885067 | M19: 1 | N19: 0.49268665 | O19: 0.60138604 | P19: 0.53014001 | Q19: 0.6364583 | R19: 0.56845913
H20: -0.21826445 | I20: -0.14958852 | J20: -0.049722496 | K20: -0.19027665 | L20: 0.55557404 | M20: 0.49268665 | N20: 1 | O20: 0.81940102 | P20: 0.69949453 | Q20: 0.73360301 | R20: 0.85232846
H21: -0.26406301 | I21: -0.19895543 | J21: -0.047196055 | K21: 0.075172263 | L21: 0.67802855 | M21: 0.60138604 | N21: 0.81940102 | O21: 1 | P21: 0.69679505 | Q21: 0.70313726 | R21: 0.90302117
H22: -0.21226705 | I22: -0.08421431 | J22: -0.030868108 | K22: 0.021887165 | L22: 0.53303368 | M22: 0.53014001 | N22: 0.69949453 | O22: 0.69679505 | P22: 1 | Q22: 0.77583071 | R22: 0.76132213
H23: -0.1637958 | I23: -0.12836421 | J23: -0.04373905 | K23: -0.11871146 | L23: 0.56975555 | M23: 0.6364583 | N23: 0.73360301 | O23: 0.70313726 | P23: 0.77583071 | Q23: 1 | R23: 0.77778704
H24: -0.19565347 | I24: -0.21148322 | J24: -0.1043833 | K24: -0.052333058 | L24: 0.66951145 | M24: 0.56845913 | N24: 0.85232846 | O24: 0.90302117 | P24: 0.76132213 | Q24: 0.77778704 | R24: 1

Sheet Mark abs
A1: Asset Class | B1: E(r) | C1: s | D1: Weights | G1: COV | H1: {=TRANSPOSE(G2:G12)} -> Bofa ML Euro 0-1 anni | I1: Bofa ML Bond Euro 1-3 Y | J1: Bofa ML Obbl. Euro | K1: Bofa ML Obbl. Globale | L1: ML Global HY | M1: Bofa ML Obbl Emergente | N1: MSCI Europe | O1: MSCI North America | P1: MSCI Pacific | Q1: MSCI Emerging Markets | R1: Opportunities | U1: Asset Class | V1: Lower Bounds | W1: Upper Bounds
A2: ='Mark opt'!A2 -> Bofa ML Euro 0-1 anni | B2: ='Mark opt'!B2 -> 0.02 | C2: ='Mark opt'!C2 -> 0.0086802842 | D2: =1/11 -> 0.090909091 | G2: =A2 -> Bofa ML Euro 0-1 anni | H2: ='Mark opt'!H2 -> 7.5347334e-05 | I2: ='Mark opt'!I2 -> 8.4124644e-05 | J2: ='Mark opt'!J2 -> 8.3378228e-05 | K2: ='Mark opt'!K2 -> 7.1342985e-05 | L2: ='Mark opt'!L2 -> -0.00017397431 | M2: ='Mark opt'!M2 -> -6.1542754e-05 | N2: ='Mark opt'!N2 -> -0.00033207095 | O2: ='Mark opt'!O2 -> -0.00039257831 | ... R2: ='Mark opt'!R2 -> -0.00026083404 | U2: Money Mkt euro | V2: 0 | W2: 1
A3: ='Mark opt'!A3 -> Bofa ML Bond Euro 1-3 Y | B3: ='Mark opt'!B3 -> 0.029 | C3: ='Mark opt'!C3 -> 0.016887831 | D3: =1/11 -> 0.090909091 | G3: =A3 -> Bofa ML Bond Euro 1-3 Y | H3: ='Mark opt'!H3 -> 8.4124644e-05 | I3: ='Mark opt'!I3 -> 0.00028519884 | J3: ='Mark opt'!J3 -> 0.00052850669 | K3: ='Mark opt'!K3 -> 0.000301066 | L3: ='Mark opt'!L3 -> -1.9639822e-06 | M3: ='Mark opt'!M3 -> 7.8226156e-05 | N3: ='Mark opt'!N3 -> -0.00044277805 | O3: ='Mark opt'!O3 -> -0.00057545911 | ... R3: ='Mark opt'!R3 -> -0.00054852013 | U3: Bond € Short Term | V3: 0 | W3: 1
A4: ='Mark opt'!A4 -> Bofa ML Obbl. Euro | B4: ='Mark opt'!B4 -> 0.03255 | C4: ='Mark opt'!C4 -> 0.04168791 | D4: =1/11 -> 0.090909091 | G4: =A4 -> Bofa ML Obbl. Euro | H4: ='Mark opt'!H4 -> 8.3378228e-05 | I4: ='Mark opt'!I4 -> 0.00052850669 | J4: ='Mark opt'!J4 -> 0.0017378818 | K4: ='Mark opt'!K4 -> 0.0012112773 | L4: ='Mark opt'!L4 -> 0.00043922155 | M4: ='Mark opt'!M4 -> 0.00082645978 | N4: ='Mark opt'!N4 -> -0.00036330969 | O4: ='Mark opt'!O4 -> -0.00033697727 | ... R4: ='Mark opt'!R4 -> -0.00066831916 | U4: Bond € MLT | V4: 0 | W4: 1
A5: ='Mark opt'!A5 -> Bofa ML Obbl. Globale | B5: ='Mark opt'!B5 -> 0.030122243 | C5: ='Mark opt'!C5 -> 0.069174632 | D5: =1/11 -> 0.090909091 | G5: =A5 -> Bofa ML Obbl. Globale | H5: ='Mark opt'!H5 -> 7.1342985e-05 | I5: ='Mark opt'!I5 -> 0.000301066 | J5: ='Mark opt'!J5 -> 0.0012112773 | K5: ='Mark opt'!K5 -> 0.0047851297 | L5: ='Mark opt'!L5 -> 0.0023664839 | M5: ='Mark opt'!M5 -> 0.0025755328 | N5: ='Mark opt'!N5 -> -0.0023069931 | O5: ='Mark opt'!O5 -> 0.0008906135 | ... R5: ='Mark opt'!R5 -> -0.00055598841 | U5: Global Bond Dev Mkts | V5: 0 | W5: 1
A6: ='Mark opt'!A6 -> ML Global HY | B6: ='Mark opt'!B6 -> 0.073 | C6: ='Mark opt'!C6 -> 0.11065841 | D6: =1/11 -> 0.090909091 | G6: =A6 -> ML Global HY | H6: ='Mark opt'!H6 -> -0.00017397431 | I6: ='Mark opt'!I6 -> -1.9639822e-06 | J6: ='Mark opt'!J6 -> 0.00043922155 | K6: ='Mark opt'!K6 -> 0.0023664839 | L6: ='Mark opt'!L6 -> 0.012245283 | M6: ='Mark opt'!M6 -> 0.00983592 | N6: ='Mark opt'!N6 -> 0.010775571 | O6: ='Mark opt'!O6 -> 0.012850416 | ... R6: ='Mark opt'!R6 -> 0.011378505 | U6: Bond Corp. High Yield | V6: 0 | W6: 1
A7: ='Mark opt'!A7 -> Bofa ML Obbl Emergente | B7: ='Mark opt'!B7 -> 0.06 | C7: ='Mark opt'!C7 -> 0.12718802 | D7: =1/11 -> 0.090909091 | G7: =A7 -> Bofa ML Obbl Emergente | H7: ='Mark opt'!H7 -> -6.1542754e-05 | I7: ='Mark opt'!I7 -> 7.8226156e-05 | J7: ='Mark opt'!J7 -> 0.00082645978 | K7: ='Mark opt'!K7 -> 0.0025755328 | L7: ='Mark opt'!L7 -> 0.00983592 | M7: ='Mark opt'!M7 -> 0.016176792 | N7: ='Mark opt'!N7 -> 0.010983252 | O7: ='Mark opt'!O7 -> 0.013100393 | ... R7: ='Mark opt'!R7 -> 0.011104224 | U7: Bond Emerg. Markets | V7: 0 | W7: 1
A8: ='Mark opt'!A8 -> MSCI Europe | B8: ='Mark opt'!B8 -> 0.065 | C8: ='Mark opt'!C8 -> 0.17527257 | D8: =1/11 -> 0.090909091 | G8: =A8 -> MSCI Europe | H8: ='Mark opt'!H8 -> -0.00033207095 | I8: ='Mark opt'!I8 -> -0.00044277805 | J8: ='Mark opt'!J8 -> -0.00036330969 | K8: ='Mark opt'!K8 -> -0.0023069931 | L8: ='Mark opt'!L8 -> 0.010775571 | M8: ='Mark opt'!M8 -> 0.010983252 | N8: ='Mark opt'!N8 -> 0.030720472 | O8: ='Mark opt'!O8 -> 0.024597742 | ... R8: ='Mark opt'!R8 -> 0.022943713 | U8: Equ Europe | V8: 0 | W8: 1
A9: ='Mark opt'!A9 -> MSCI North America | B9: ='Mark opt'!B9 -> 0.075 | C9: ='Mark opt'!C9 -> 0.178 | D9: =1/11 -> 0.090909091 | G9: =A9 -> MSCI North America | H9: ='Mark opt'!H9 -> -0.00039257831 | I9: ='Mark opt'!I9 -> -0.00057545911 | J9: ='Mark opt'!J9 -> -0.00033697727 | K9: ='Mark opt'!K9 -> 0.0008906135 | L9: ='Mark opt'!L9 -> 0.012850416 | M9: ='Mark opt'!M9 -> 0.013100393 | N9: ='Mark opt'!N9 -> 0.024597742 | O9: ='Mark opt'!O9 -> 0.031684 | ... R9: ='Mark opt'!R9 -> 0.023753384 | U9: Equ North America | V9: 0 | W9: 1
A10: ='Mark opt'!A10 -> MSCI Pacific | B10: ='Mark opt'!B10 -> 0.068068267 | C10: ='Mark opt'!C10 -> 0.18555431 | D10: =1/11 -> 0.090909091 | G10: =A10 -> MSCI Pacific | H10: ='Mark opt'!H10 -> -0.00034189094 | I10: ='Mark opt'!I10 -> -0.0002638948 | J10: ='Mark opt'!J10 -> -0.00023877628 | K10: ='Mark opt'!K10 -> 0.00028093602 | L10: ='Mark opt'!L10 -> 0.010944858 | M10: ='Mark opt'!M10 -> 0.012511455 | N10: ='Mark opt'!N10 -> 0.022749367 | O10: ='Mark opt'!O10 -> 0.022144246 | ... R10: ='Mark opt'!R10 -> 0.02169613 | U10: Equ Pacific | V10: 0 | W10: 1
A11: ='Mark opt'!A11 -> MSCI Emerging Markets | B11: ='Mark opt'!B11 -> 0.083775786 | C11: ='Mark opt'!C11 -> 0.23692683 | D11: =1/11 -> 0.090909091 | G11: =A11 -> MSCI Emerging Markets | H11: ='Mark opt'!H11 -> -0.00033686116 | I11: ='Mark opt'!I11 -> -0.00051360836 | J11: ='Mark opt'!J11 -> -0.0004320099 | K11: ='Mark opt'!K11 -> -0.0019456008 | L11: ='Mark opt'!L11 -> 0.01493782 | M11: ='Mark opt'!M11 -> 0.019179196 | N11: ='Mark opt'!N11 -> 0.030464166 | O11: ='Mark opt'!O11 -> 0.028532455 | ... R11: ='Mark opt'!R11 -> 0.028302038 | U11: Equ Emerg. Markets | V11: 0 | W11: 1
A12: ='Mark opt'!A12 -> Opportunities | B12: ='Mark opt'!B12 -> 0.068743756 | C12: ='Mark opt'!C12 -> 0.15358287 | D12: =1/11 -> 0.090909091 | G12: =A12 -> Opportunities | H12: ='Mark opt'!H12 -> -0.00026083404 | I12: ='Mark opt'!I12 -> -0.00054852013 | J12: ='Mark opt'!J12 -> -0.00066831916 | K12: ='Mark opt'!K12 -> -0.00055598841 | L12: ='Mark opt'!L12 -> 0.011378505 | M12: ='Mark opt'!M12 -> 0.011104224 | N12: ='Mark opt'!N12 -> 0.022943713 | O12: ='Mark opt'!O12 -> 0.023753384 | ... R12: ='Mark opt'!R12 -> 0.023587697 | U12: Opportunities | V12: 0 | W12: 1
A13: Portafoglio | B13: {=MMULT(TRANSPOSE(D2:D12),B2:B12)} -> 0.055023641 | C13: {=SQRT(MMULT(MMULT(TRANSPOSE(D2:D12),H2:R12),D2:D12))} -> 0.091042359 | D13: =SUM(D2:D12) -> 1
A16: Rendimento Target (R*)
H27: Weights
A28: s | B28: E(r) | H28: =H14 -> 0 | I28: =I14 -> 0 | J28: =J14 -> 0 | K28: =K14 -> 0 | L28: =L14 -> 0 | M28: =M14 -> 0 | N28: =N14 -> 0 | O28: =O14 -> 0 | ... R28: =R14 -> 0
B29: 0.0017989001
B30: 0.005
B31: 0.01
B32: 0.015
B33: 0.02
B34: 0.025
B35: 0.03
B36: 0.035
B37: 0.04
B38: 0.05
B39: 0.06
B40: 0.07
B41: 0.080096941

Sheet Mark infra optim
A1: ASSET CLASSES | B1: E(r) | C1: s | D1: Pesi | G1: cov | H1: Bofa ML Euro 0-1 anni | I1: Bofa ML Bond Euro 1-3 Y | J1: Bofa ML Obbl. Euro | K1: Bofa ML Obbl. Globale | L1: ML Global HY | M1: Bofa ML Obbl Emergente | N1: MSCI Europe | O1: MSCI North America | P1: MSCI Pacific | Q1: MSCI Emerging Markets | R1: Opportunities | T1: Asset Class | U1: min | V1: MKT NEUTR | W1: MAX
A2: ='Mark opt'!A2 -> Bofa ML Euro 0-1 anni | B2: ='Mark opt'!B2 -> 0.02 | C2: ='Mark opt'!C2 -> 0.0086802842 | D2: =1/11 -> 0.090909091 | G2: =A2 -> Bofa ML Euro 0-1 anni | H2: ='Mark opt'!H2 -> 7.5347334e-05 | I2: ='Mark opt'!I2 -> 8.4124644e-05 | J2: ='Mark opt'!J2 -> 8.3378228e-05 | K2: ='Mark opt'!K2 -> 7.1342985e-05 | L2: ='Mark opt'!L2 -> -0.00017397431 | M2: ='Mark opt'!M2 -> -6.1542754e-05 | N2: ='Mark opt'!N2 -> -0.00033207095 | O2: ='Mark opt'!O2 -> -0.00039257831 | ... R2: ='Mark opt'!R2 -> -0.00026083404 | T2: =A2 -> Bofa ML Euro 0-1 anni
A3: ='Mark opt'!A3 -> Bofa ML Bond Euro 1-3 Y | B3: ='Mark opt'!B3 -> 0.029 | C3: ='Mark opt'!C3 -> 0.016887831 | D3: =1/11 -> 0.090909091 | G3: =A3 -> Bofa ML Bond Euro 1-3 Y | H3: ='Mark opt'!H3 -> 8.4124644e-05 | I3: ='Mark opt'!I3 -> 0.00028519884 | J3: ='Mark opt'!J3 -> 0.00052850669 | K3: ='Mark opt'!K3 -> 0.000301066 | L3: ='Mark opt'!L3 -> -1.9639822e-06 | M3: ='Mark opt'!M3 -> 7.8226156e-05 | N3: ='Mark opt'!N3 -> -0.00044277805 | O3: ='Mark opt'!O3 -> -0.00057545911 | ... R3: ='Mark opt'!R3 -> -0.00054852013 | T3: =A3 -> Bofa ML Bond Euro 1-3 Y
A4: ='Mark opt'!A4 -> Bofa ML Obbl. Euro | B4: ='Mark opt'!B4 -> 0.03255 | C4: ='Mark opt'!C4 -> 0.04168791 | D4: =1/11 -> 0.090909091 | G4: =A4 -> Bofa ML Obbl. Euro | H4: ='Mark opt'!H4 -> 8.3378228e-05 | I4: ='Mark opt'!I4 -> 0.00052850669 | J4: ='Mark opt'!J4 -> 0.0017378818 | K4: ='Mark opt'!K4 -> 0.0012112773 | L4: ='Mark opt'!L4 -> 0.00043922155 | M4: ='Mark opt'!M4 -> 0.00082645978 | N4: ='Mark opt'!N4 -> -0.00036330969 | O4: ='Mark opt'!O4 -> -0.00033697727 | ... R4: ='Mark opt'!R4 -> -0.00066831916 | T4: =A4 -> Bofa ML Obbl. Euro
A5: ='Mark opt'!A5 -> Bofa ML Obbl. Globale | B5: ='Mark opt'!B5 -> 0.030122243 | C5: ='Mark opt'!C5 -> 0.069174632 | D5: =1/11 -> 0.090909091 | G5: =A5 -> Bofa ML Obbl. Globale | H5: ='Mark opt'!H5 -> 7.1342985e-05 | I5: ='Mark opt'!I5 -> 0.000301066 | J5: ='Mark opt'!J5 -> 0.0012112773 | K5: ='Mark opt'!K5 -> 0.0047851297 | L5: ='Mark opt'!L5 -> 0.0023664839 | M5: ='Mark opt'!M5 -> 0.0025755328 | N5: ='Mark opt'!N5 -> -0.0023069931 | O5: ='Mark opt'!O5 -> 0.0008906135 | ... R5: ='Mark opt'!R5 -> -0.00055598841 | T5: =A5 -> Bofa ML Obbl. Globale
A6: ='Mark opt'!A6 -> ML Global HY | B6: ='Mark opt'!B6 -> 0.073 | C6: ='Mark opt'!C6 -> 0.11065841 | D6: =1/11 -> 0.090909091 | G6: =A6 -> ML Global HY | H6: ='Mark opt'!H6 -> -0.00017397431 | I6: ='Mark opt'!I6 -> -1.9639822e-06 | J6: ='Mark opt'!J6 -> 0.00043922155 | K6: ='Mark opt'!K6 -> 0.0023664839 | L6: ='Mark opt'!L6 -> 0.012245283 | M6: ='Mark opt'!M6 -> 0.00983592 | N6: ='Mark opt'!N6 -> 0.010775571 | O6: ='Mark opt'!O6 -> 0.012850416 | ... R6: ='Mark opt'!R6 -> 0.011378505 | T6: =A6 -> ML Global HY
A7: ='Mark opt'!A7 -> Bofa ML Obbl Emergente | B7: ='Mark opt'!B7 -> 0.06 | C7: ='Mark opt'!C7 -> 0.12718802 | D7: =1/11 -> 0.090909091 | G7: =A7 -> Bofa ML Obbl Emergente | H7: ='Mark opt'!H7 -> -6.1542754e-05 | I7: ='Mark opt'!I7 -> 7.8226156e-05 | J7: ='Mark opt'!J7 -> 0.00082645978 | K7: ='Mark opt'!K7 -> 0.0025755328 | L7: ='Mark opt'!L7 -> 0.00983592 | M7: ='Mark opt'!M7 -> 0.016176792 | N7: ='Mark opt'!N7 -> 0.010983252 | O7: ='Mark opt'!O7 -> 0.013100393 | ... R7: ='Mark opt'!R7 -> 0.011104224 | T7: =A7 -> Bofa ML Obbl Emergente
A8: ='Mark opt'!A8 -> MSCI Europe | B8: ='Mark opt'!B8 -> 0.065 | C8: ='Mark opt'!C8 -> 0.17527257 | D8: =1/11 -> 0.090909091 | G8: =A8 -> MSCI Europe | H8: ='Mark opt'!H8 -> -0.00033207095 | I8: ='Mark opt'!I8 -> -0.00044277805 | J8: ='Mark opt'!J8 -> -0.00036330969 | K8: ='Mark opt'!K8 -> -0.0023069931 | L8: ='Mark opt'!L8 -> 0.010775571 | M8: ='Mark opt'!M8 -> 0.010983252 | N8: ='Mark opt'!N8 -> 0.030720472 | O8: ='Mark opt'!O8 -> 0.024597742 | ... R8: ='Mark opt'!R8 -> 0.022943713 | T8: =A8 -> MSCI Europe
A9: ='Mark opt'!A9 -> MSCI North America | B9: ='Mark opt'!B9 -> 0.075 | C9: ='Mark opt'!C9 -> 0.178 | D9: =1/11 -> 0.090909091 | G9: =A9 -> MSCI North America | H9: ='Mark opt'!H9 -> -0.00039257831 | I9: ='Mark opt'!I9 -> -0.00057545911 | J9: ='Mark opt'!J9 -> -0.00033697727 | K9: ='Mark opt'!K9 -> 0.0008906135 | L9: ='Mark opt'!L9 -> 0.012850416 | M9: ='Mark opt'!M9 -> 0.013100393 | N9: ='Mark opt'!N9 -> 0.024597742 | O9: ='Mark opt'!O9 -> 0.031684 | ... R9: ='Mark opt'!R9 -> 0.023753384 | T9: =A9 -> MSCI North America
A10: ='Mark opt'!A10 -> MSCI Pacific | B10: ='Mark opt'!B10 -> 0.068068267 | C10: ='Mark opt'!C10 -> 0.18555431 | D10: =1/11 -> 0.090909091 | G10: =A10 -> MSCI Pacific | H10: ='Mark opt'!H10 -> -0.00034189094 | I10: ='Mark opt'!I10 -> -0.0002638948 | J10: ='Mark opt'!J10 -> -0.00023877628 | K10: ='Mark opt'!K10 -> 0.00028093602 | L10: ='Mark opt'!L10 -> 0.010944858 | M10: ='Mark opt'!M10 -> 0.012511455 | N10: ='Mark opt'!N10 -> 0.022749367 | O10: ='Mark opt'!O10 -> 0.022144246 | ... R10: ='Mark opt'!R10 -> 0.02169613 | T10: =A10 -> MSCI Pacific
A11: ='Mark opt'!A11 -> MSCI Emerging Markets | B11: ='Mark opt'!B11 -> 0.083775786 | C11: ='Mark opt'!C11 -> 0.23692683 | D11: =1/11 -> 0.090909091 | G11: =A11 -> MSCI Emerging Markets | H11: ='Mark opt'!H11 -> -0.00033686116 | I11: ='Mark opt'!I11 -> -0.00051360836 | J11: ='Mark opt'!J11 -> -0.0004320099 | K11: ='Mark opt'!K11 -> -0.0019456008 | L11: ='Mark opt'!L11 -> 0.01493782 | M11: ='Mark opt'!M11 -> 0.019179196 | N11: ='Mark opt'!N11 -> 0.030464166 | O11: ='Mark opt'!O11 -> 0.028532455 | ... R11: ='Mark opt'!R11 -> 0.028302038 | T11: =A11 -> MSCI Emerging Markets
A12: ='Mark opt'!A12 -> Opportunities | B12: ='Mark opt'!B12 -> 0.068743756 | C12: ='Mark opt'!C12 -> 0.15358287 | D12: =1/11 -> 0.090909091 | G12: =A12 -> Opportunities | H12: ='Mark opt'!H12 -> -0.00026083404 | I12: ='Mark opt'!I12 -> -0.00054852013 | J12: ='Mark opt'!J12 -> -0.00066831916 | K12: ='Mark opt'!K12 -> -0.00055598841 | L12: ='Mark opt'!L12 -> 0.011378505 | M12: ='Mark opt'!M12 -> 0.011104224 | N12: ='Mark opt'!N12 -> 0.022943713 | O12: ='Mark opt'!O12 -> 0.023753384 | ... R12: ='Mark opt'!R12 -> 0.023587697 | T12: =A12 -> Opportunities
A13: PORTFOLIO | B13: {=MMULT(TRANSPOSE(D2:D12),B2:B12)} -> 0.055023641 | C13: {=SQRT(MMULT(MMULT(TRANSPOSE(D2:D12),H2:R12),D2:D12))} -> 0.091042359 | D13: =SUM(D2:D12) -> 1
A16: Rendimento Target (R*)

Sheet MC Sim
A1: Azionario Europa | B1: Aspettativa | C1: Simulazione | E1: Num Random | F1: Rendimenti Simulati | L1: Rand
A2: Rendimento Atteso | B2: ='Mark opt'!B7 -> 0.06 | L2: =RAND() -> 0.50836358 | M2: =NORMINV(L2,$B$2,$B$3) -> 0.062666613
A3: Deviazione Standard | B3: ='Mark opt'!C7 -> 0.12718802 | L3: =RAND() -> 0.94882923 | M3: =NORMINV(L3,$B$2,$B$3) -> 0.26777515
L4: =RAND() -> 0.26028946 | M4: =NORMINV(L4,$B$2,$B$3) -> -0.021712356
L5: =RAND() -> 0.019595737 | M5: =NORMINV(L5,$B$2,$B$3) -> -0.20228342
L6: =RAND() -> 0.79294232 | M6: =NORMINV(L6,$B$2,$B$3) -> 0.16387101
L7: =RAND() -> 0.033854328 | M7: =NORMINV(L7,$B$2,$B$3) -> -0.17236499
L8: =RAND() -> 0.93318861 | M8: =NORMINV(L8,$B$2,$B$3) -> 0.25077791
L9: =RAND() -> 0.88852809 | M9: =NORMINV(L9,$B$2,$B$3) -> 0.21500881
L10: =RAND() -> 0.3717392 | M10: =NORMINV(L10,$B$2,$B$3) -> 0.018377654
L11: =RAND() -> 0.80475124 | M11: =NORMINV(L11,$B$2,$B$3) -> 0.16921832
L12: =RAND() -> 0.95425832 | M12: =NORMINV(L12,$B$2,$B$3) -> 0.27464559
L13: =RAND() -> 0.48541214 | M13: =NORMINV(L13,$B$2,$B$3) -> 0.055348163
L14: =RAND() -> 0.75201133 | M14: =NORMINV(L14,$B$2,$B$3) -> 0.14659376
L15: =RAND() -> 0.5180968 | M15: =NORMINV(L15,$B$2,$B$3) -> 0.065771477
... L504: =RAND() -> 0.080030077 | M504: =NORMINV(L504,$B$2,$B$3) -> -0.11868254
F505: =AVERAGE(F2:F502) -> #DIV/0! | L505: =RAND() -> 0.0046399671 | M505: =NORMINV(L505,$B$2,$B$3) -> -0.27088796
F506: =STDEV(F2:F502) -> #DIV/0! | L506: =RAND() -> 0.89990919 | M506: =NORMINV(L506,$B$2,$B$3) -> 0.22293221
L507: =RAND() -> 0.40081823 | M507: =NORMINV(L507,$B$2,$B$3) -> 0.028046582
L508: =RAND() -> 0.78320326 | M508: =NORMINV(L508,$B$2,$B$3) -> 0.1595955
L509: =RAND() -> 0.30034048 | M509: =NORMINV(L509,$B$2,$B$3) -> -0.0065729417
L510: =RAND() -> 0.19984948 | M510: =NORMINV(L510,$B$2,$B$3) -> -0.047112531
L511: =RAND() -> 0.30876646 | M511: =NORMINV(L511,$B$2,$B$3) -> -0.0035113215
L512: =RAND() -> 0.54695239 | M512: =NORMINV(L512,$B$2,$B$3) -> 0.075003761
L513: =RAND() -> 0.13269435 | M513: =NORMINV(L513,$B$2,$B$3) -> -0.08165499
L514: =RAND() -> 0.8393382 | M514: =NORMINV(L514,$B$2,$B$3) -> 0.18613764
L515: =RAND() -> 0.36817305 | M515: =NORMINV(L515,$B$2,$B$3) -> 0.017176308
L516: =RAND() -> 0.23918061 | M516: =NORMINV(L516,$B$2,$B$3) -> -0.030168772
L517: =RAND() -> 0.58302215 | M517: =NORMINV(L517,$B$2,$B$3) -> 0.086662547
L518: =RAND() -> 0.71668958 | M518: =NORMINV(L518,$B$2,$B$3) -> 0.13288321
... L1001: =RAND() -> 0.47072725 | M1001: =NORMINV(L1001,$B$2,$B$3) -> 0.050659073

Sheet Sim MC1 n MKT
V1: MODELLO MONTECARLO
V2: DATI DA UNIFORME (0;1) | AA2: Calcolare valore della Norm standardizzata | AF2: calcola norm stand con correlazioni | AK2: Simulazioni finali | AP2: Cholesky | AQ2: MSCI Europe | AR2: MSCI USA | AS2: MSCI Japan | AT2: MSCI EM
A3: Dalla STIMA…… | G3: …. Alla SIMULAZIONE | V3: MSCI Europe | W3: MSCI USA | X3: MSCI Japan | Y3: MSCI EM | AA3: MSCI Europe | AB3: MSCI USA | AC3: MSCI Japan | AD3: MSCI EM | AF3: MSCI Europe | AG3: MSCI USA | AH3: MSCI Japan | AI3: MSCI EM | AK3: MSCI Europe | AL3: MSCI USA | AM3: MSCI Japan | AN3: MSCI EM | AP3: MSCI Europe | AQ3: 1 | AR3: 0.85 | AS3: 0.6 | AT3: 0.76
B4: MSCI Europe | C4: MSCI USA | D4: MSCI Japan | E4: MSCI EM | H4: MSCI Europe | I4: MSCI USA | J4: MSCI Japan | K4: MSCI EM | V4: =RAND() -> 0.29573191 | W4: =RAND() -> 0.99206466 | X4: =RAND() -> 0.30092357 | Y4: =RAND() -> 0.79763277 | AA4: =NORMSINV(V4) -> -0.53671599 | AB4: =NORMSINV(W4) -> 2.411876 | AC4: =NORMSINV(X4) -> -0.52174607 | AD4: =NORMSINV(Y4) -> 0.83319552 | AF4: {=MMULT(AA4:AD4,$AQ$3:$AT$6)} -> -0.53671599 | AG4: 0.81432595 | AH4: -0.074730874 | AI4: 0.50753533 | AK4: =B$5+AF4*B$6 -> -0.037343198 | AL4: =C$5+AG4*C$6 -> 0.23100845 | AM4: =D$5+AH4*D$6 -> 0.027961361 | AN4: =E$5+AI4*E$6 -> 0.22718525 | AP4: MSCI USA | AQ4: 0 | AR4: 0.52678269 | AS4: 0.26576424 | AT4: 0.21640802
A5: E(R) | B5: 0.07 | C5: 0.06 | D5: 0.045 | E5: 0.08 | G5: E(R) | H5: =AVERAGE(AK4:AK153) -> 0.079057139 | I5: =AVERAGE(AL4:AL153) -> 0.057405324 | J5: =AVERAGE(AM4:AM153) -> 0.025156408 | K5: =AVERAGE(AN4:AN153) -> 0.081634486 | V5: =RAND() -> 0.96546501 | W5: =RAND() -> 0.21269562 | X5: =RAND() -> 0.15788144 | Y5: =RAND() -> 0.97116737 | AA5: =NORMSINV(V5) -> 1.8179618 | AB5: =NORMSINV(W5) -> -0.79710296 | AC5: =NORMSINV(X5) -> -1.0032031 | AD5: =NORMSINV(Y5) -> 1.8982341 | AF5: {=MMULT(AA5:AD5,$AQ$3:$AT$6)} -> 1.8179618 | AG5: 1.1253675 | AH5: 0.121953 | AI5: 2.1391712 | AK5: =B$5+AF5*B$6 -> 0.43359236 | AL5: =C$5+AG5*C$6 -> 0.29632717 | AM5: =D$5+AH5*D$6 -> 0.072805283 | AN5: =E$5+AI5*E$6 -> 0.70035966 | AP5: MSCI Japan | AQ5: 0 | AR5: 0 | AS5: 0.75456568 | AT5: 0.18088086
A6: s | B6: 0.2 | C6: 0.21 | D6: 0.228 | E6: 0.29 | G6: s | H6: =STDEVP(AK4:AK153) -> 0.19682461 | I6: =STDEVP(AL4:AL153) -> 0.20962735 | J6: =STDEVP(AM4:AM153) -> 0.23559162 | K6: =STDEVP(AN4:AN153) -> 0.29177911 | V6: =RAND() -> 0.78205085 | W6: =RAND() -> 0.046726472 | X6: =RAND() -> 0.1541717 | Y6: =RAND() -> 0.20169938 | AA6: =NORMSINV(V6) -> 0.7791382 | AB6: =NORMSINV(W6) -> -1.6774581 | AC6: =NORMSINV(X6) -> -1.0187042 | AD6: =NORMSINV(Y6) -> -0.8355666 | AF6: {=MMULT(AA6:AD6,$AQ$3:$AT$6)} -> 0.7791382 | AG6: -0.22138839 | AH6: -0.74700471 | AI6: -0.44438683 | AK6: =B$5+AF6*B$6 -> 0.22582764 | AL6: =C$5+AG6*C$6 -> 0.013508437 | AM6: =D$5+AH6*D$6 -> -0.12531707 | AN6: =E$5+AI6*E$6 -> -0.04887218 | AP6: MSCI EM | AQ6: 0 | AR6: 0 | AS6: 0 | AT6: 0.58553367
V7: =RAND() -> 0.41555569 | W7: =RAND() -> 0.1447723 | X7: =RAND() -> 0.30669186 | Y7: =RAND() -> 0.10012086 | AA7: =NORMSINV(V7) -> -0.2132764 | AB7: =NORMSINV(W7) -> -1.0591212 | AC7: =NORMSINV(X7) -> -0.50524934 | AD7: =NORMSINV(Y7) -> -1.2808632 | AF7: {=MMULT(AA7:AD7,$AQ$3:$AT$6)} -> -0.2132764 | AG7: -0.73921164 | AH7: -0.79068618 | AI7: -1.2326708 | AK7: =B$5+AF7*B$6 -> 0.027344721 | AL7: =C$5+AG7*C$6 -> -0.095234444 | AM7: =D$5+AH7*D$6 -> -0.13527645 | AN7: =E$5+AI7*E$6 -> -0.27747455
B8: MSCI Europe | C8: MSCI USA | D8: MSCI Japan | E8: MSCI EM | H8: MSCI Europe | I8: MSCI USA | J8: MSCI Japan | K8: MSCI EM | V8: =RAND() -> 0.98196292 | W8: =RAND() -> 0.16148356 | X8: =RAND() -> 0.4938489 | Y8: =RAND() -> 0.033412055 | AA8: =NORMSINV(V8) -> 2.0960905 | AB8: =NORMSINV(W8) -> -0.98837891 | AC8: =NORMSINV(X8) -> -0.015419134 | AD8: =NORMSINV(Y8) -> -1.8328552 | AF8: {=MMULT(AA8:AD8,$AQ$3:$AT$6)} -> 2.0960905 | AG8: 1.261016 | AH8: 0.98334377 | AI8: 0.30314817 | AK8: =B$5+AF8*B$6 -> 0.48921809 | AL8: =C$5+AG8*C$6 -> 0.32481336 | AM8: =D$5+AH8*D$6 -> 0.26920238 | AN8: =E$5+AI8*E$6 -> 0.16791297
A9: MSCI Europe | B9: 1 | G9: MSCI Europe | H9: 1 | V9: =RAND() -> 0.33426528 | W9: =RAND() -> 0.30119338 | X9: =RAND() -> 0.87665594 | Y9: =RAND() -> 0.34014146 | AA9: =NORMSINV(V9) -> -0.4281656 | AB9: =NORMSINV(W9) -> -0.52097131 | AC9: =NORMSINV(X9) -> 1.1584312 | AD9: =NORMSINV(Y9) -> -0.4120771 | AF9: {=MMULT(AA9:AD9,$AQ$3:$AT$6)} -> -0.4281656 | AG9: -0.63837942 | AH9: 0.4787575 | AI9: -0.46989522 | AK9: =B$5+AF9*B$6 -> -0.01563312 | AL9: =C$5+AG9*C$6 -> -0.074059679 | AM9: =D$5+AH9*D$6 -> 0.15415671 | AN9: =E$5+AI9*E$6 -> -0.056269614
A10: MSCI USA | B10: 0.85 | C10: 1 | G10: MSCI USA | H10: =CORREL(AK4:AK153,AL4:AL153) -> 0.8282515 | I10: 1 | V10: =RAND() -> 0.2012537 | W10: =RAND() -> 0.25911012 | X10: =RAND() -> 0.55874183 | Y10: =RAND() -> 0.68523224 | AA10: =NORMSINV(V10) -> -0.83715152 | AB10: =NORMSINV(W10) -> -0.64609129 | AC10: =NORMSINV(X10) -> 0.14778006 | AD10: =NORMSINV(Y10) -> 0.4823807 | AF10: {=MMULT(AA10:AD10,$AQ$3:$AT$6)} -> -0.83715152 | AG10: -1.0519285 | AH10: -0.56248911 | AI10: -0.46687376 | AK10: =B$5+AF10*B$6 -> -0.097430303 | AL10: =C$5+AG10*C$6 -> -0.16090498 | AM10: =D$5+AH10*D$6 -> -0.083247516 | AN10: =E$5+AI10*E$6 -> -0.055393391
A11: MSCI Japan | B11: 0.6 | C11: 0.65 | D11: 1 | G11: MSCI Japan | H11: =CORREL(AK4:AK153,AM4:AM153) -> 0.6528257 | I11: =CORREL(AL4:AL153,AM4:AM153) -> 0.73405642 | J11: 1 | M11: Alta Fiducia | V11: =RAND() -> 0.47381477 | W11: =RAND() -> 0.89348648 | X11: =RAND() -> 0.48709117 | Y11: =RAND() -> 0.13103156 | AA11: =NORMSINV(V11) -> -0.065683848 | AB11: =NORMSINV(W11) -> 1.2452849 | AC11: =NORMSINV(X11) -> -0.032363279 | AD11: =NORMSINV(Y11) -> -1.1215281 | AF11: {=MMULT(AA11:AD11,$AQ$3:$AT$6)} -> -0.065683848 | AG11: 0.60016327 | AH11: 0.26712167 | AI11: -0.44297646 | AK11: =B$5+AF11*B$6 -> 0.05686323 | AL11: =C$5+AG11*C$6 -> 0.18603429 | AM11: =D$5+AH11*D$6 -> 0.10590374 | AN11: =E$5+AI11*E$6 -> -0.048463173
A12: MSCI EM | B12: 0.76 | C12: 0.76 | D12: 0.65 | E12: 1 | G12: MSCI EM | H12: =CORREL(AK4:AK153,AN4:AN153) -> 0.7623113 | I12: =CORREL(AL4:AL153,AN4:AN153) -> 0.81202675 | J12: =CORREL(AM4:AM153,AN4:AN153) -> 0.68899593 | K12: 1 | V12: =RAND() -> 0.45368764 | W12: =RAND() -> 0.056150618 | X12: =RAND() -> 0.6301196 | Y12: =RAND() -> 0.31510192 | AA12: =NORMSINV(V12) -> -0.11634986 | AB12: =NORMSINV(W12) -> -1.5879341 | AC12: =NORMSINV(X12) -> 0.33217013 | AD12: =NORMSINV(Y12) -> -0.48143996 | AF12: {=MMULT(AA12:AD12,$AQ$3:$AT$6)} -> -0.11634986 | AG12: -0.93539359 | AH12: -0.24118184 | AI12: -0.65388367 | AK12: =B$5+AF12*B$6 -> 0.046730029 | AL12: =C$5+AG12*C$6 -> -0.13643265 | AM12: =D$5+AH12*D$6 -> -0.0099894589 | AN12: =E$5+AI12*E$6 -> -0.10962626
V13: =RAND() -> 0.80335039 | W13: =RAND() -> 0.71327481 | X13: =RAND() -> 0.63315321 | Y13: =RAND() -> 0.30737095 | AA13: =NORMSINV(V13) -> 0.85364952 | AB13: =NORMSINV(W13) -> 0.56297725 | AC13: =NORMSINV(X13) -> 0.34021638 | AD13: =NORMSINV(Y13) -> -0.5033163 | AF13: {=MMULT(AA13:AD13,$AQ$3:$AT$6)} -> 0.85364952 | AG13: 1.0221688 | AH13: 0.91852453 | AI13: 0.53743641 | AK13: =B$5+AF13*B$6 -> 0.2407299 | AL13: =C$5+AG13*C$6 -> 0.27465544 | AM13: =D$5+AH13*D$6 -> 0.25442359 | AN13: =E$5+AI13*E$6 -> 0.23585656
V14: =RAND() -> 0.91817345 | W14: =RAND() -> 0.69413004 | X14: =RAND() -> 0.59908507 | Y14: =RAND() -> 0.44248434 | AA14: =NORMSINV(V14) -> 1.3928899 | AB14: =NORMSINV(W14) -> 0.5075914 | AC14: =NORMSINV(X14) -> 0.25097962 | AD14: =NORMSINV(Y14) -> -0.14467348 | AF14: {=MMULT(AA14:AD14,$AQ$3:$AT$6)} -> 1.3928899 | AG14: 1.4513467 | AH14: 1.1600142 | AI14: 1.1291294 | AK14: =B$5+AF14*B$6 -> 0.34857797 | AL14: =C$5+AG14*C$6 -> 0.36478281 | AM14: =D$5+AH14*D$6 -> 0.30948323 | AN14: =E$5+AI14*E$6 -> 0.40744751
V15: =RAND() -> 0.39371419 | W15: =RAND() -> 0.95766765 | X15: =RAND() -> 0.44243313 | Y15: =RAND() -> 0.31910403 | AA15: =NORMSINV(V15) -> -0.26965149 | AB15: =NORMSINV(W15) -> 1.724239 | AC15: =NORMSINV(X15) -> -0.1448032 | AD15: =NORMSINV(Y15) -> -0.4702057 | AF15: {=MMULT(AA15:AD15,$AQ$3:$AT$6)} -> -0.26965149 | AG15: 0.67909548 | AH15: 0.18718664 | AI15: -0.13330938 | AK15: =B$5+AF15*B$6 -> 0.016069702 | AL15: =C$5+AG15*C$6 -> 0.20261005 | AM15: =D$5+AH15*D$6 -> 0.087678553 | AN15: =E$5+AI15*E$6 -> 0.041340279
V16: =RAND() -> 0.42263694 | W16: =RAND() -> 0.51621384 | X16: =RAND() -> 0.44987756 | Y16: =RAND() -> 0.80625704 | AA16: =NORMSINV(V16) -> -0.19515209 | AB16: =NORMSINV(W16) -> 0.040653262 | AC16: =NORMSINV(X16) -> -0.1259707 | AD16: =NORMSINV(Y16) -> 0.86418563 | AF16: {=MMULT(AA16:AD16,$AQ$3:$AT$6)} -> -0.19515209 | AG16: -0.14446385 | AH16: -0.20134024 | AI16: 0.3437062 | AK16: =B$5+AF16*B$6 -> 0.030969581 | AL16: =C$5+AG16*C$6 -> 0.029662593 | AM16: =D$5+AH16*D$6 -> -0.0009055751 | AN16: =E$5+AI16*E$6 -> 0.1796748
V17: =RAND() -> 0.52212751 | W17: =RAND() -> 0.32854562 | X17: =RAND() -> 0.3457559 | Y17: =RAND() -> 0.62875418 | AA17: =NORMSINV(V17) -> 0.055493905 | AB17: =NORMSINV(W17) -> -0.44393272 | AC17: =NORMSINV(X17) -> -0.39680427 | AD17: =NORMSINV(Y17) -> 0.32855556 | AF17: {=MMULT(AA17:AD17,$AQ$3:$AT$6)} -> 0.055493905 | AG17: -0.18668625 | AH17: -0.38409998 | AI17: 0.066710816 | AK17: =B$5+AF17*B$6 -> 0.081098781 | AL17: =C$5+AG17*C$6 -> 0.020795887 | AM17: =D$5+AH17*D$6 -> -0.042574796 | AN17: =E$5+AI17*E$6 -> 0.099346137
V18: =RAND() -> 0.79386102 | W18: =RAND() -> 0.072738042 | X18: =RAND() -> 0.75546605 | Y18: =RAND() -> 0.43170446 | AA18: =NORMSINV(V18) -> 0.81989151 | AB18: =NORMSINV(W18) -> -1.4556981 | AC18: =NORMSINV(X18) -> 0.6917921 | AD18: =NORMSINV(Y18) -> -0.1720364 | AF18: {=MMULT(AA18:AD18,$AQ$3:$AT$6)} -> 0.81989151 | AG18: -0.069928792 | AH18: 0.62706498 | AI18: 0.33249163 | AK18: =B$5+AF18*B$6 -> 0.2339783 | AL18: =C$5+AG18*C$6 -> 0.045314954 | AM18: =D$5+AH18*D$6 -> 0.18797081 | AN18: =E$5+AI18*E$6 -> 0.17642257
V19: =RAND() -> 0.14164741 | W19: =RAND() -> 0.93686665 | X19: =RAND() -> 0.50123563 | Y19: =RAND() -> 0.15736655 | AA19: =NORMSINV(V19) -> -1.0729471 | AB19: =NORMSINV(W19) -> 1.5289909 | AC19: =NORMSINV(X19) -> 0.0030972651 | AD19: =NORMSINV(Y19) -> -1.0053401 | AF19: {=MMULT(AA19:AD19,$AQ$3:$AT$6)} -> -1.0729471 | AG19: -0.10655912 | AH19: -0.23508009 | AI19: -1.0726542 | AK19: =B$5+AF19*B$6 -> -0.14458943 | AL19: =C$5+AG19*C$6 -> 0.037622584 | AM19: =D$5+AH19*D$6 -> -0.0085982599 | AN19: =E$5+AI19*E$6 -> -0.23106971
V20: =RAND() -> 0.27608142 | W20: =RAND() -> 0.85116852 | X20: =RAND() -> 0.55978834 | Y20: =RAND() -> 0.13148027 | AA20: =NORMSINV(V20) -> -0.5945223 | AB20: =NORMSINV(W20) -> 1.0414582 | AC20: =NORMSINV(X20) -> 0.1504326 | AD20: =NORMSINV(Y20) -> -1.1194211 | AF20: {=MMULT(AA20:AD20,$AQ$3:$AT$6)} -> -0.5945223 | AG20: 0.043278177 | AH20: 0.033580238 | AI20: -0.85470541 | AK20: =B$5+AF20*B$6 -> -0.04890446 | AL20: =C$5+AG20*C$6 -> 0.069088417 | AM20: =D$5+AH20*D$6 -> 0.052656294 | AN20: =E$5+AI20*E$6 -> -0.16786457
V21: =RAND() -> 0.65201078 | W21: =RAND() -> 0.24166869 | X21: =RAND() -> 0.097862231 | Y21: =RAND() -> 0.70579888 | AA21: =NORMSINV(V21) -> 0.39075487 | AB21: =NORMSINV(W21) -> -0.70094494 | AC21: =NORMSINV(X21) -> -1.2938291 | AD21: =NORMSINV(Y21) -> 0.54115285 | AF21: {=MMULT(AA21:AD21,$AQ$3:$AT$6)} -> 0.39075487 | AG21: -0.03710402 | AH21: -0.92811221 | AI21: 0.22811789 | AK21: =B$5+AF21*B$6 -> 0.14815097 | AL21: =C$5+AG21*C$6 -> 0.052208156 | AM21: =D$5+AH21*D$6 -> -0.16660958 | AN21: =E$5+AI21*E$6 -> 0.14615419
V22: =RAND() -> 0.64404116 | W22: =RAND() -> 0.45215857 | X22: =RAND() -> 0.65001172 | Y22: =RAND() -> 0.33957003 | AA22: =NORMSINV(V22) -> 0.36928181 | AB22: =NORMSINV(W22) -> -0.12020957 | AC22: =NORMSINV(X22) -> 0.38535212 | AD22: =NORMSINV(Y22) -> -0.41363688 | AF22: {=MMULT(AA22:AD22,$AQ$3:$AT$6)} -> 0.36928181 | AG22: 0.25056522 | AH22: 0.48039516 | AI22: 0.082144357 | AK22: =B$5+AF22*B$6 -> 0.14385636 | AL22: =C$5+AG22*C$6 -> 0.1126187 | AM22: =D$5+AH22*D$6 -> 0.1545301 | AN22: =E$5+AI22*E$6 -> 0.10382186
V23: =RAND() -> 0.59162256 | W23: =RAND() -> 0.51279096 | X23: =RAND() -> 0.22628695 | Y23: =RAND() -> 0.40427728 | AA23: =NORMSINV(V23) -> 0.2317208 | AB23: =NORMSINV(W23) -> 0.032067668 | AC23: =NORMSINV(X23) -> -0.75113086 | AD23: =NORMSINV(Y23) -> -0.24229117 | AF23: {=MMULT(AA23:AD23,$AQ$3:$AT$6)} -> 0.2317208 | AG23: 0.21385538 | AH23: -0.41922265 | AI23: -0.09468732 | AK23: =B$5+AF23*B$6 -> 0.11634416 | AL23: =C$5+AG23*C$6 -> 0.10490963 | AM23: =D$5+AH23*D$6 -> -0.050582764 | AN23: =E$5+AI23*E$6 -> 0.052540677
V24: =RAND() -> 0.735429 | W24: =RAND() -> 0.86281598 | X24: =RAND() -> 0.63452945 | Y24: =RAND() -> 0.65249482 | AA24: =NORMSINV(V24) -> 0.6293163 | AB24: =NORMSINV(W24) -> 1.0930587 | AC24: =NORMSINV(X24) -> 0.34387392 | AD24: =NORMSINV(Y24) -> 0.39206476 | AF24: {=MMULT(AA24:AD24,$AQ$3:$AT$6)} -> 0.6293163 | AG24: 1.1107232 | AH24: 0.92756115 | AI24: 1.0065944 | AK24: =B$5+AF24*B$6 -> 0.19586326 | AL24: =C$5+AG24*C$6 -> 0.29325188 | AM24: =D$5+AH24*D$6 -> 0.25648394 | AN24: =E$5+AI24*E$6 -> 0.37191237
... V153: =RAND() -> 0.87812098 | W153: =RAND() -> 0.91666948 | X153: =RAND() -> 0.58822389 | Y153: =RAND() -> 0.72108621 | AA153: =NORMSINV(V153) -> 1.1656449 | AB153: =NORMSINV(W153) -> 1.3830125 | AC153: =NORMSINV(X153) -> 0.22297854 | AD153: =NORMSINV(Y153) -> 0.58607133 | AF153: {=MMULT(AA153:AD153,$AQ$3:$AT$6)} -> 1.1656449 | AG153: 1.7193452 | AH153: 1.2351942 | AI153: 1.5686822 | AK153: =B$5+AF153*B$6 -> 0.30312898 | AL153: =C$5+AG153*C$6 -> 0.42106249 | AM153: =D$5+AH153*D$6 -> 0.32662427 | AN153: =E$5+AI153*E$6 -> 0.53491783
AJ2006: Rend. Sim | AK2006: =AVERAGE(AK4:AK2003) -> 0.079057139 | AL2006: =AVERAGE(AL4:AL2003) -> 0.057405324 | AM2006: =AVERAGE(AM4:AM2003) -> 0.025156408 | AN2006: =AVERAGE(AN4:AN2003) -> 0.081634486
AJ2007: Rischi Sim. | AK2007: =STDEV(AK4:AK2003) -> 0.19748399 | AL2007: =STDEV(AL4:AL2003) -> 0.21032962 | AM2007: =STDEV(AM4:AM2003) -> 0.23638088 | AN2007: =STDEV(AN4:AN2003) -> 0.29275659

Sheet Resampling_TM
A1: ASSET CLASSES | B1: E(r) | C1: s | F1: cov | G1: Bofa ML Euro 0-1 anni | H1: Bofa ML Bond Euro 1-3 Y | I1: Bofa ML Obbl. Euro | J1: Bofa ML Obbl. Globale | K1: ML Global HY | L1: Bofa ML Obbl Emergente | M1: MSCI Europe | N1: MSCI North America | O1: MSCI Pacific | P1: MSCI Emerging Markets | Q1: Opportunities
A2: ='[5]Mark opt'!A2 -> Bofa ML Euro 0-1 anni | B2: ='Mark opt'!B2 -> 0.02 | C2: ='Mark opt'!C2 -> 0.0086802842 | F2: =A2 -> Bofa ML Euro 0-1 anni | G2: ='Mark opt'!H2 -> 7.5347334e-05 | H2: ='Mark opt'!I2 -> 8.4124644e-05 | I2: ='Mark opt'!J2 -> 8.3378228e-05 | J2: ='Mark opt'!K2 -> 7.1342985e-05 | K2: ='Mark opt'!L2 -> -0.00017397431 | L2: ='Mark opt'!M2 -> -6.1542754e-05 | M2: ='Mark opt'!N2 -> -0.00033207095 | N2: ='Mark opt'!O2 -> -0.00039257831 | ... Q2: ='Mark opt'!R2 -> -0.00026083404
A3: ='[5]Mark opt'!A3 -> Bofa ML Bond Euro 1-3 Y | B3: ='Mark opt'!B3 -> 0.029 | C3: ='Mark opt'!C3 -> 0.016887831 | F3: =A3 -> Bofa ML Bond Euro 1-3 Y | G3: ='Mark opt'!H3 -> 8.4124644e-05 | H3: ='Mark opt'!I3 -> 0.00028519884 | I3: ='Mark opt'!J3 -> 0.00052850669 | J3: ='Mark opt'!K3 -> 0.000301066 | K3: ='Mark opt'!L3 -> -1.9639822e-06 | L3: ='Mark opt'!M3 -> 7.8226156e-05 | M3: ='Mark opt'!N3 -> -0.00044277805 | N3: ='Mark opt'!O3 -> -0.00057545911 | ... Q3: ='Mark opt'!R3 -> -0.00054852013
A4: ='[5]Mark opt'!A4 -> Bofa ML Obbl. Euro | B4: ='Mark opt'!B4 -> 0.03255 | C4: ='Mark opt'!C4 -> 0.04168791 | F4: =A4 -> Bofa ML Obbl. Euro | G4: ='Mark opt'!H4 -> 8.3378228e-05 | H4: ='Mark opt'!I4 -> 0.00052850669 | I4: ='Mark opt'!J4 -> 0.0017378818 | J4: ='Mark opt'!K4 -> 0.0012112773 | K4: ='Mark opt'!L4 -> 0.00043922155 | L4: ='Mark opt'!M4 -> 0.00082645978 | M4: ='Mark opt'!N4 -> -0.00036330969 | N4: ='Mark opt'!O4 -> -0.00033697727 | ... Q4: ='Mark opt'!R4 -> -0.00066831916
A5: ='[5]Mark opt'!A5 -> Bofa ML Obbl. Globale | B5: ='Mark opt'!B5 -> 0.030122243 | C5: ='Mark opt'!C5 -> 0.069174632 | F5: =A5 -> Bofa ML Obbl. Globale | G5: ='Mark opt'!H5 -> 7.1342985e-05 | H5: ='Mark opt'!I5 -> 0.000301066 | I5: ='Mark opt'!J5 -> 0.0012112773 | J5: ='Mark opt'!K5 -> 0.0047851297 | K5: ='Mark opt'!L5 -> 0.0023664839 | L5: ='Mark opt'!M5 -> 0.0025755328 | M5: ='Mark opt'!N5 -> -0.0023069931 | N5: ='Mark opt'!O5 -> 0.0008906135 | ... Q5: ='Mark opt'!R5 -> -0.00055598841
A6: ='[5]Mark opt'!A6 -> ML Global HY | B6: ='Mark opt'!B6 -> 0.073 | C6: ='Mark opt'!C6 -> 0.11065841 | F6: =A6 -> ML Global HY | G6: ='Mark opt'!H6 -> -0.00017397431 | H6: ='Mark opt'!I6 -> -1.9639822e-06 | I6: ='Mark opt'!J6 -> 0.00043922155 | J6: ='Mark opt'!K6 -> 0.0023664839 | K6: ='Mark opt'!L6 -> 0.012245283 | L6: ='Mark opt'!M6 -> 0.00983592 | M6: ='Mark opt'!N6 -> 0.010775571 | N6: ='Mark opt'!O6 -> 0.012850416 | ... Q6: ='Mark opt'!R6 -> 0.011378505
A7: ='[5]Mark opt'!A7 -> Bofa ML Obbl Emergente | B7: ='Mark opt'!B7 -> 0.06 | C7: ='Mark opt'!C7 -> 0.12718802 | F7: =A7 -> Bofa ML Obbl Emergente | G7: ='Mark opt'!H7 -> -6.1542754e-05 | H7: ='Mark opt'!I7 -> 7.8226156e-05 | I7: ='Mark opt'!J7 -> 0.00082645978 | J7: ='Mark opt'!K7 -> 0.0025755328 | K7: ='Mark opt'!L7 -> 0.00983592 | L7: ='Mark opt'!M7 -> 0.016176792 | M7: ='Mark opt'!N7 -> 0.010983252 | N7: ='Mark opt'!O7 -> 0.013100393 | ... Q7: ='Mark opt'!R7 -> 0.011104224
A8: ='[5]Mark opt'!A8 -> MSCI Europe | B8: ='Mark opt'!B8 -> 0.065 | C8: ='Mark opt'!C8 -> 0.17527257 | F8: =A8 -> MSCI Europe | G8: ='Mark opt'!H8 -> -0.00033207095 | H8: ='Mark opt'!I8 -> -0.00044277805 | I8: ='Mark opt'!J8 -> -0.00036330969 | J8: ='Mark opt'!K8 -> -0.0023069931 | K8: ='Mark opt'!L8 -> 0.010775571 | L8: ='Mark opt'!M8 -> 0.010983252 | M8: ='Mark opt'!N8 -> 0.030720472 | N8: ='Mark opt'!O8 -> 0.024597742 | ... Q8: ='Mark opt'!R8 -> 0.022943713
A9: ='[5]Mark opt'!A9 -> MSCI North America | B9: ='Mark opt'!B9 -> 0.075 | C9: ='Mark opt'!C9 -> 0.178 | F9: =A9 -> MSCI North America | G9: ='Mark opt'!H9 -> -0.00039257831 | H9: ='Mark opt'!I9 -> -0.00057545911 | I9: ='Mark opt'!J9 -> -0.00033697727 | J9: ='Mark opt'!K9 -> 0.0008906135 | K9: ='Mark opt'!L9 -> 0.012850416 | L9: ='Mark opt'!M9 -> 0.013100393 | M9: ='Mark opt'!N9 -> 0.024597742 | N9: ='Mark opt'!O9 -> 0.031684 | ... Q9: ='Mark opt'!R9 -> 0.023753384
A10: ='[5]Mark opt'!A10 -> MSCI Pacific | B10: ='Mark opt'!B10 -> 0.068068267 | C10: ='Mark opt'!C10 -> 0.18555431 | F10: =A10 -> MSCI Pacific | G10: ='Mark opt'!H10 -> -0.00034189094 | H10: ='Mark opt'!I10 -> -0.0002638948 | I10: ='Mark opt'!J10 -> -0.00023877628 | J10: ='Mark opt'!K10 -> 0.00028093602 | K10: ='Mark opt'!L10 -> 0.010944858 | L10: ='Mark opt'!M10 -> 0.012511455 | M10: ='Mark opt'!N10 -> 0.022749367 | N10: ='Mark opt'!O10 -> 0.022144246 | ... Q10: ='Mark opt'!R10 -> 0.02169613
A11: ='[5]Mark opt'!A11 -> MSCI Emerging Markets | B11: ='Mark opt'!B11 -> 0.083775786 | C11: ='Mark opt'!C11 -> 0.23692683 | F11: =A11 -> MSCI Emerging Markets | G11: ='Mark opt'!H11 -> -0.00033686116 | H11: ='Mark opt'!I11 -> -0.00051360836 | I11: ='Mark opt'!J11 -> -0.0004320099 | J11: ='Mark opt'!K11 -> -0.0019456008 | K11: ='Mark opt'!L11 -> 0.01493782 | L11: ='Mark opt'!M11 -> 0.019179196 | M11: ='Mark opt'!N11 -> 0.030464166 | N11: ='Mark opt'!O11 -> 0.028532455 | ... Q11: ='Mark opt'!R11 -> 0.028302038
A12: ='[5]Mark opt'!A12 -> Opportunities | B12: ='Mark opt'!B12 -> 0.068743756 | C12: ='Mark opt'!C12 -> 0.15358287 | F12: =A12 -> Opportunities | G12: ='Mark opt'!H12 -> -0.00026083404 | H12: ='Mark opt'!I12 -> -0.00054852013 | I12: ='Mark opt'!J12 -> -0.00066831916 | J12: ='Mark opt'!K12 -> -0.00055598841 | K12: ='Mark opt'!L12 -> 0.011378505 | L12: ='Mark opt'!M12 -> 0.011104224 | M12: ='Mark opt'!N12 -> 0.022943713 | N12: ='Mark opt'!O12 -> 0.023753384 | ... Q12: ='Mark opt'!R12 -> 0.023587697
A14: 1000
A15: Numero di simulazioni
A17: 15
A18: Size

Sheet BL
A1: Mercati Coinvolti | D1: View | E1: Fiducia
A5: ASSET CLASS | B5: Wmn | D5: S
A6: ='Mark opt'!A2 -> Bofa ML Euro 0-1 anni | B6: ='Strategia Naive'!B2 -> 0.04 | D6: 7.5347334e-05 | E6: 8.4124644e-05 | F6: 8.3378228e-05 | G6: 7.1342985e-05 | H6: -0.00017397431 | I6: -6.1542754e-05 | J6: -0.00033207095 | K6: -0.00039257831 | L6: -0.00034189094 | M6: -0.00033686116 | N6: -0.00026083404
A7: ='Mark opt'!A3 -> Bofa ML Bond Euro 1-3 Y | B7: ='Strategia Naive'!B3 -> 0.07 | D7: 8.4124644e-05 | E7: 0.00028519884 | F7: 0.00052850669 | G7: 0.000301066 | H7: -1.9639822e-06 | I7: 7.8226156e-05 | J7: -0.00044277805 | K7: -0.00057545911 | L7: -0.0002638948 | M7: -0.00051360836 | N7: -0.00054852013
A8: ='Mark opt'!A4 -> Bofa ML Obbl. Euro | B8: ='Strategia Naive'!B4 -> 0.16 | D8: 8.3378228e-05 | E8: 0.00052850669 | F8: 0.0017378818 | G8: 0.0012112773 | H8: 0.00043922155 | I8: 0.00082645978 | J8: -0.00036330969 | K8: -0.00033697727 | L8: -0.00023877628 | M8: -0.0004320099 | N8: -0.00066831916
A9: ='Mark opt'!A5 -> Bofa ML Obbl. Globale | B9: ='Strategia Naive'!B5 -> 0.6 | D9: 7.1342985e-05 | E9: 0.000301066 | F9: 0.0012112773 | G9: 0.0047851297 | H9: 0.0023664839 | I9: 0.0025755328 | J9: -0.0023069931 | K9: 0.0008906135 | L9: 0.00028093602 | M9: -0.0019456008 | N9: -0.00055598841
A10: ='Mark opt'!A6 -> ML Global HY | B10: ='Strategia Naive'!B6 -> 0.05 | D10: -0.00017397431 | E10: -1.9639822e-06 | F10: 0.00043922155 | G10: 0.0023664839 | H10: 0.012245283 | I10: 0.00983592 | J10: 0.010775571 | K10: 0.012850416 | L10: 0.010944858 | M10: 0.01493782 | N10: 0.011378505
A11: ='Mark opt'!A7 -> Bofa ML Obbl Emergente | B11: ='Strategia Naive'!B7 -> 0.08 | D11: -6.1542754e-05 | E11: 7.8226156e-05 | F11: 0.00082645978 | G11: 0.0025755328 | H11: 0.00983592 | I11: 0.016176792 | J11: 0.010983252 | K11: 0.013100393 | L11: 0.012511455 | M11: 0.019179196 | N11: 0.011104224
A12: ='Mark opt'!A8 -> MSCI Europe | B12: ='Strategia Naive'!B8 -> 0 | D12: -0.00033207095 | E12: -0.00044277805 | F12: -0.00036330969 | G12: -0.0023069931 | H12: 0.010775571 | I12: 0.010983252 | J12: 0.030720472 | K12: 0.024597742 | L12: 0.022749367 | M12: 0.030464166 | N12: 0.022943713
A13: ='Mark opt'!A9 -> MSCI North America | B13: ='Strategia Naive'!B9 -> 0 | D13: -0.00039257831 | E13: -0.00057545911 | F13: -0.00033697727 | G13: 0.0008906135 | H13: 0.012850416 | I13: 0.013100393 | J13: 0.024597742 | K13: 0.029333884 | L13: 0.022144246 | M13: 0.028532455 | N13: 0.023753384
A14: ='Mark opt'!A10 -> MSCI Pacific | B14: ='Strategia Naive'!B10 -> 0 | D14: -0.00034189094 | E14: -0.0002638948 | F14: -0.00023877628 | G14: 0.00028093602 | H14: 0.010944858 | I14: 0.012511455 | J14: 0.022749367 | K14: 0.022144246 | L14: 0.034430403 | M14: 0.034107686 | N14: 0.02169613
A15: ='Mark opt'!A11 -> MSCI Emerging Markets | B15: ='Strategia Naive'!B11 -> 0 | D15: -0.00033686116 | E15: -0.00051360836 | F15: -0.0004320099 | G15: -0.0019456008 | H15: 0.01493782 | I15: 0.019179196 | J15: 0.030464166 | K15: 0.028532455 | L15: 0.034107686 | M15: 0.056134322 | N15: 0.028302038
A16: ='Mark opt'!A12 -> Opportunities | B16: ='Strategia Naive'!B12 -> 0 | D16: -0.00026083404 | E16: -0.00054852013 | F16: -0.00066831916 | G16: -0.00055598841 | H16: 0.011378505 | I16: 0.011104224 | J16: 0.022943713 | K16: 0.023753384 | L16: 0.02169613 | M16: 0.028302038 | N16: 0.023587697
A19: rf | B19: ='Mark opt'!B2 -> 0.02
A20: lambda | B20: 5
Y21: t | Z21: =1/25 -> 0.04
B22: P MN | C22: Rend BL
A23: =A6 -> Bofa ML Euro 0-1 anni | B23: {=B19+B20*MMULT(D6:N16,B6:B16)} -> 0.020257134 | C23: {=MMULT(B53:L63,N53:N63)} -> #DIV/0! | Y23: t*S
A24: =A7 -> Bofa ML Bond Euro 1-3 Y | B24: 0.021473447 | C24: #DIV/0! | Y24: {=Z21*(D6:N16)} -> 3.0138933e-06 | Z24: 3.3649858e-06 | AA24: 3.3351291e-06 | AB24: 2.8537194e-06 | AC24: -6.9589722e-06 | AD24: -2.4617102e-06 | AE24: -1.3282838e-05 | AF24: -1.5703132e-05 | AG24: -1.3675637e-05 | AH24: -1.3474446e-05 | AI24: -1.0433362e-05
A25: =A8 -> Bofa ML Obbl. Euro | B25: 0.02566618 | C25: #DIV/0! | Y25: 3.3649858e-06 | Z25: 1.1407954e-05 | AA25: 2.1140268e-05 | AB25: 1.204264e-05 | AC25: -7.8559287e-08 | AD25: 3.1290462e-06 | AE25: -1.7711122e-05 | AF25: -2.3018365e-05 | AG25: -1.0555792e-05 | AH25: -2.0544334e-05 | AI25: -2.1940805e-05
A26: =A9 -> Bofa ML Obbl. Globale | B26: 0.037065887 | C26: #DIV/0! | Y26: 3.3351291e-06 | Z26: 2.1140268e-05 | AA26: 6.9515273e-05 | AB26: 4.8451094e-05 | AC26: 1.7568862e-05 | AD26: 3.3058391e-05 | AE26: -1.4532388e-05 | AF26: -1.3479091e-05 | AG26: -9.5510511e-06 | AH26: -1.7280396e-05 | AI26: -2.6732766e-05
A27: =A10 -> ML Global HY | B27: 0.034411035 | C27: #DIV/0! | Y27: 2.8537194e-06 | Z27: 1.204264e-05 | AA27: 4.8451094e-05 | AB27: 0.00019140519 | AC27: 9.4659356e-05 | AD27: 0.00010302131 | AE27: -9.2279726e-05 | AF27: 3.562454e-05 | AG27: 1.1237441e-05 | AH27: -7.7824033e-05 | AI27: -2.2239537e-05
A28: =A11 -> Bofa ML Obbl Emergente | B28: 0.037332534 | C28: #DIV/0! | Y28: -6.9589722e-06 | Z28: -7.8559287e-08 | AA28: 1.7568862e-05 | AB28: 9.4659356e-05 | AC28: 0.00048981131 | AD28: 0.0003934368 | AE28: 0.00043102284 | AF28: 0.00051401664 | AG28: 0.0004377943 | AH28: 0.0005975128 | AI28: 0.00045514019
A29: =A12 -> MSCI Europe | B29: 0.01965418 | C29: #DIV/0! | Y29: -2.4617102e-06 | Z29: 3.1290462e-06 | AA29: 3.3058391e-05 | AB29: 0.00010302131 | AC29: 0.0003934368 | AD29: 0.00064707166 | AE29: 0.00043933007 | AF29: 0.00052401572 | AG29: 0.00050045821 | AH29: 0.00076716783 | AI29: 0.00044416896
A30: =A13 -> MSCI North America | B30: 0.030575094 | C30: #DIV/0! | Y30: -1.3282838e-05 | Z30: -1.7711122e-05 | AA30: -1.4532388e-05 | AB30: -9.2279726e-05 | AC30: 0.00043102284 | AD30: 0.00043933007 | AE30: 0.0012288189 | AF30: 0.00098390966 | AG30: 0.00090997469 | AH30: 0.0012185666 | AI30: 0.00091774854
A31: =A14 -> MSCI Pacific | B31: 0.028231842 | C31: #DIV/0! | Y31: -1.5703132e-05 | Z31: -2.3018365e-05 | AA31: -1.3479091e-05 | AB31: 3.562454e-05 | AC31: 0.00051401664 | AD31: 0.00052401572 | AE31: 0.00098390966 | AF31: 0.0011733554 | AG31: 0.00088576984 | AH31: 0.0011412982 | AI31: 0.00095013537
A32: =A15 -> MSCI Emerging Markets | B32: 0.024976588 | C32: #DIV/0! | Y32: -1.3675637e-05 | Z32: -1.0555792e-05 | AA32: -9.5510511e-06 | AB32: 1.1237441e-05 | AC32: 0.0004377943 | AD32: 0.00050045821 | AE32: 0.00090997469 | AF32: 0.00088576984 | AG32: 0.0013772161 | AH32: 0.0013643075 | AI32: 0.00086784521
A33: =A16 -> Opportunities | B33: 0.024839546 | C33: #DIV/0! | Y33: -1.3474446e-05 | Z33: -2.0544334e-05 | AA33: -1.7280396e-05 | AB33: -7.7824033e-05 | AC33: 0.0005975128 | AD33: 0.00076716783 | AE33: 0.0012185666 | AF33: 0.0011412982 | AG33: 0.0013643075 | AH33: 0.0022453729 | AI33: 0.0011320815
Y34: -1.0433362e-05 | Z34: -2.1940805e-05 | AA34: -2.6732766e-05 | AB34: -2.2239537e-05 | AC34: 0.00045514019 | AD34: 0.00044416896 | AE34: 0.00091774854 | AF34: 0.00095013537 | AG34: 0.00086784521 | AH34: 0.0011320815 | AI34: 0.00094350789
U36: {=TRANSPOSE(A23:A34)} -> Bofa ML Euro 0-1 anni | V36: Bofa ML Bond Euro 1-3 Y | W36: Bofa ML Obbl. Euro | X36: Bofa ML Obbl. Globale | Y36: ML Global HY | Z36: Bofa ML Obbl Emergente | AA36: MSCI Europe | AB36: MSCI North America | AC36: MSCI Pacific | AD36: MSCI Emerging Markets | AE36: Opportunities
T37: P | U37: 0 | V37: 0 | W37: 0 | X37: 0 | Y37: 0 | Z37: 0 | AA37: 0 | AB37: 0 | AC37: 0 | AD37: 0 | AE37: 0
U38: 0 | V38: 0 | W38: 0 | X38: 0 | Y38: 0 | Z38: 0 | AA38: 0 | AB38: 0 | AC38: 0 | AD38: 0 | AE38: 0
T40: Q | U40: =D2 -> 0
U41: =D3 -> 0
T43: C | U43: =E2 -> 0
U44: =E3 -> 0
T46: W | U46: {=(1/U43-1)*MMULT(MMULT(U37:AE37,Z21*(D6:N16)),TRANSPOSE(U37:AE37))} -> #DIV/0! | V46: 0
U47: 0 | V47: {=(1/U44-1)*MMULT(MMULT(U38:AE38,Z21*(D6:N16)),TRANSPOSE(U38:AE38))} -> #DIV/0!
B53: {=MINVERSE(MINVERSE(Y24:AI34)+MMULT(MMULT(TRANSPOSE(U37:AE38),MINVERSE(U46:V47)),U37:AE38))} -> #DIV/0! | C53: #DIV/0! | D53: #DIV/0! | E53: #DIV/0! | F53: #DIV/0! | G53: #DIV/0! | H53: #DIV/0! | I53: #DIV/0! | J53: #DIV/0! | K53: #DIV/0! | L53: #DIV/0! | N53: {=MMULT(MINVERSE(Y24:AI34),B23:B33)+MMULT(MMULT(TRANSPOSE(U37:AE38),MINVERSE(U46:V47)),U40:U41)} -> #DIV/0!
B54: #DIV/0! | C54: #DIV/0! | D54: #DIV/0! | E54: #DIV/0! | F54: #DIV/0! | G54: #DIV/0! | H54: #DIV/0! | I54: #DIV/0! | J54: #DIV/0! | K54: #DIV/0! | L54: #DIV/0! | N54: #DIV/0!
B55: #DIV/0! | C55: #DIV/0! | D55: #DIV/0! | E55: #DIV/0! | F55: #DIV/0! | G55: #DIV/0! | H55: #DIV/0! | I55: #DIV/0! | J55: #DIV/0! | K55: #DIV/0! | L55: #DIV/0! | N55: #DIV/0!
B56: #DIV/0! | C56: #DIV/0! | D56: #DIV/0! | E56: #DIV/0! | F56: #DIV/0! | G56: #DIV/0! | H56: #DIV/0! | I56: #DIV/0! | J56: #DIV/0! | K56: #DIV/0! | L56: #DIV/0! | N56: #DIV/0!
B57: #DIV/0! | C57: #DIV/0! | D57: #DIV/0! | E57: #DIV/0! | F57: #DIV/0! | G57: #DIV/0! | H57: #DIV/0! | I57: #DIV/0! | J57: #DIV/0! | K57: #DIV/0! | L57: #DIV/0! | N57: #DIV/0!
B58: #DIV/0! | C58: #DIV/0! | D58: #DIV/0! | E58: #DIV/0! | F58: #DIV/0! | G58: #DIV/0! | H58: #DIV/0! | I58: #DIV/0! | J58: #DIV/0! | K58: #DIV/0! | L58: #DIV/0! | N58: #DIV/0!
B59: #DIV/0! | C59: #DIV/0! | D59: #DIV/0! | E59: #DIV/0! | F59: #DIV/0! | G59: #DIV/0! | H59: #DIV/0! | I59: #DIV/0! | J59: #DIV/0! | K59: #DIV/0! | L59: #DIV/0! | N59: #DIV/0!
B60: #DIV/0! | C60: #DIV/0! | D60: #DIV/0! | E60: #DIV/0! | F60: #DIV/0! | G60: #DIV/0! | H60: #DIV/0! | I60: #DIV/0! | J60: #DIV/0! | K60: #DIV/0! | L60: #DIV/0! | N60: #DIV/0!
B61: #DIV/0! | C61: #DIV/0! | D61: #DIV/0! | E61: #DIV/0! | F61: #DIV/0! | G61: #DIV/0! | H61: #DIV/0! | I61: #DIV/0! | J61: #DIV/0! | K61: #DIV/0! | L61: #DIV/0! | N61: #DIV/0!
B62: #DIV/0! | C62: #DIV/0! | D62: #DIV/0! | E62: #DIV/0! | F62: #DIV/0! | G62: #DIV/0! | H62: #DIV/0! | I62: #DIV/0! | J62: #DIV/0! | K62: #DIV/0! | L62: #DIV/0! | N62: #DIV/0!
B63: #DIV/0! | C63: #DIV/0! | D63: #DIV/0! | E63: #DIV/0! | F63: #DIV/0! | G63: #DIV/0! | H63: #DIV/0! | I63: #DIV/0! | J63: #DIV/0! | K63: #DIV/0! | L63: #DIV/0! | N63: #DIV/0!

Sheet BL + Infra Optim
A1: ASSET CLASSES | B1: E(r) BL | C1: s | D1: Pesi | G1: cov | H1: Bofa ML Euro 0-1 anni | I1: Bofa ML Bond Euro 1-3 Y | J1: Bofa ML Obbl. Euro | K1: Bofa ML Obbl. Globale | L1: ML Global HY | M1: Bofa ML Obbl Emergente | N1: MSCI Europe | O1: MSCI North America | P1: MSCI Pacific | Q1: MSCI Emerging Markets | R1: Opportunities | T1: Asset Class | U1: min | V1: MKT NEUTR HBA | W1: MAX
A2: ='Mark opt'!A2 -> Bofa ML Euro 0-1 anni | B2: =BL!C23 -> #DIV/0! | C2: ='Mark opt'!C2 -> 0.0086802842 | D2: =1/11 -> 0.090909091 | G2: =A2 -> Bofa ML Euro 0-1 anni | H2: ='Mark opt'!H2 -> 7.5347334e-05 | I2: ='Mark opt'!I2 -> 8.4124644e-05 | J2: ='Mark opt'!J2 -> 8.3378228e-05 | K2: ='Mark opt'!K2 -> 7.1342985e-05 | L2: ='Mark opt'!L2 -> -0.00017397431 | M2: ='Mark opt'!M2 -> -6.1542754e-05 | N2: ='Mark opt'!N2 -> -0.00033207095 | O2: ='Mark opt'!O2 -> -0.00039257831 | ... R2: ='Mark opt'!R2 -> -0.00026083404 | T2: =A2 -> Bofa ML Euro 0-1 anni | U2: ='Mark infra optim'!U2 -> 0 | V2: ='[10]Naive Strategy'!G2 -> #REF! | W2: ='Mark infra optim'!W2 -> 0 | Z2: =D2/SUM($D$2:$D$7) -> 0.16666667
A3: ='Mark opt'!A3 -> Bofa ML Bond Euro 1-3 Y | B3: =BL!C24 -> #DIV/0! | C3: ='Mark opt'!C3 -> 0.016887831 | D3: =1/11 -> 0.090909091 | G3: =A3 -> Bofa ML Bond Euro 1-3 Y | H3: ='Mark opt'!H3 -> 8.4124644e-05 | I3: ='Mark opt'!I3 -> 0.00028519884 | J3: ='Mark opt'!J3 -> 0.00052850669 | K3: ='Mark opt'!K3 -> 0.000301066 | L3: ='Mark opt'!L3 -> -1.9639822e-06 | M3: ='Mark opt'!M3 -> 7.8226156e-05 | N3: ='Mark opt'!N3 -> -0.00044277805 | O3: ='Mark opt'!O3 -> -0.00057545911 | ... R3: ='Mark opt'!R3 -> -0.00054852013 | T3: =A3 -> Bofa ML Bond Euro 1-3 Y | U3: ='Mark infra optim'!U3 -> 0 | V3: ='[10]Naive Strategy'!G3 -> #REF! | W3: ='Mark infra optim'!W3 -> 0 | Z3: =D3/SUM($D$2:$D$7) -> 0.16666667
A4: ='Mark opt'!A4 -> Bofa ML Obbl. Euro | B4: =BL!C25 -> #DIV/0! | C4: ='Mark opt'!C4 -> 0.04168791 | D4: =1/11 -> 0.090909091 | G4: =A4 -> Bofa ML Obbl. Euro | H4: ='Mark opt'!H4 -> 8.3378228e-05 | I4: ='Mark opt'!I4 -> 0.00052850669 | J4: ='Mark opt'!J4 -> 0.0017378818 | K4: ='Mark opt'!K4 -> 0.0012112773 | L4: ='Mark opt'!L4 -> 0.00043922155 | M4: ='Mark opt'!M4 -> 0.00082645978 | N4: ='Mark opt'!N4 -> -0.00036330969 | O4: ='Mark opt'!O4 -> -0.00033697727 | ... R4: ='Mark opt'!R4 -> -0.00066831916 | T4: =A4 -> Bofa ML Obbl. Euro | U4: ='Mark infra optim'!U4 -> 0 | V4: ='[10]Naive Strategy'!G4 -> #REF! | W4: ='Mark infra optim'!W4 -> 0 | Z4: =D4/SUM($D$2:$D$7) -> 0.16666667
A5: ='Mark opt'!A5 -> Bofa ML Obbl. Globale | B5: =BL!C26 -> #DIV/0! | C5: ='Mark opt'!C5 -> 0.069174632 | D5: =1/11 -> 0.090909091 | G5: =A5 -> Bofa ML Obbl. Globale | H5: ='Mark opt'!H5 -> 7.1342985e-05 | I5: ='Mark opt'!I5 -> 0.000301066 | J5: ='Mark opt'!J5 -> 0.0012112773 | K5: ='Mark opt'!K5 -> 0.0047851297 | L5: ='Mark opt'!L5 -> 0.0023664839 | M5: ='Mark opt'!M5 -> 0.0025755328 | N5: ='Mark opt'!N5 -> -0.0023069931 | O5: ='Mark opt'!O5 -> 0.0008906135 | ... R5: ='Mark opt'!R5 -> -0.00055598841 | T5: =A5 -> Bofa ML Obbl. Globale | U5: ='Mark infra optim'!U5 -> 0 | V5: ='[10]Naive Strategy'!G5 -> #REF! | W5: ='Mark infra optim'!W5 -> 0 | Z5: =D5/SUM($D$2:$D$7) -> 0.16666667
A6: ='Mark opt'!A6 -> ML Global HY | B6: =BL!C27 -> #DIV/0! | C6: ='Mark opt'!C6 -> 0.11065841 | D6: =1/11 -> 0.090909091 | G6: =A6 -> ML Global HY | H6: ='Mark opt'!H6 -> -0.00017397431 | I6: ='Mark opt'!I6 -> -1.9639822e-06 | J6: ='Mark opt'!J6 -> 0.00043922155 | K6: ='Mark opt'!K6 -> 0.0023664839 | L6: ='Mark opt'!L6 -> 0.012245283 | M6: ='Mark opt'!M6 -> 0.00983592 | N6: ='Mark opt'!N6 -> 0.010775571 | O6: ='Mark opt'!O6 -> 0.012850416 | ... R6: ='Mark opt'!R6 -> 0.011378505 | T6: =A6 -> ML Global HY | U6: ='Mark infra optim'!U6 -> 0 | V6: ='[10]Naive Strategy'!G6 -> #REF! | W6: ='Mark infra optim'!W6 -> 0 | Z6: =D6/SUM($D$2:$D$7) -> 0.16666667
A7: ='Mark opt'!A7 -> Bofa ML Obbl Emergente | B7: =BL!C28 -> #DIV/0! | C7: ='Mark opt'!C7 -> 0.12718802 | D7: =1/11 -> 0.090909091 | G7: =A7 -> Bofa ML Obbl Emergente | H7: ='Mark opt'!H7 -> -6.1542754e-05 | I7: ='Mark opt'!I7 -> 7.8226156e-05 | J7: ='Mark opt'!J7 -> 0.00082645978 | K7: ='Mark opt'!K7 -> 0.0025755328 | L7: ='Mark opt'!L7 -> 0.00983592 | M7: ='Mark opt'!M7 -> 0.016176792 | N7: ='Mark opt'!N7 -> 0.010983252 | O7: ='Mark opt'!O7 -> 0.013100393 | ... R7: ='Mark opt'!R7 -> 0.011104224 | T7: =A7 -> Bofa ML Obbl Emergente | U7: ='Mark infra optim'!U7 -> 0 | V7: ='[10]Naive Strategy'!G7 -> #REF! | W7: ='Mark infra optim'!W7 -> 0 | Z7: =D7/SUM($D$2:$D$7) -> 0.16666667
A8: ='Mark opt'!A8 -> MSCI Europe | B8: =BL!C29 -> #DIV/0! | C8: ='Mark opt'!C8 -> 0.17527257 | D8: =1/11 -> 0.090909091 | G8: =A8 -> MSCI Europe | H8: ='Mark opt'!H8 -> -0.00033207095 | I8: ='Mark opt'!I8 -> -0.00044277805 | J8: ='Mark opt'!J8 -> -0.00036330969 | K8: ='Mark opt'!K8 -> -0.0023069931 | L8: ='Mark opt'!L8 -> 0.010775571 | M8: ='Mark opt'!M8 -> 0.010983252 | N8: ='Mark opt'!N8 -> 0.030720472 | O8: ='Mark opt'!O8 -> 0.024597742 | ... R8: ='Mark opt'!R8 -> 0.022943713 | T8: =A8 -> MSCI Europe | U8: ='Mark infra optim'!U8 -> 0 | V8: ='[10]Naive Strategy'!G8 -> #REF! | W8: ='Mark infra optim'!W8 -> 0 | Z8: =D8/SUM($D$8:$D$12) -> 0.2
A9: ='Mark opt'!A9 -> MSCI North America | B9: =BL!C30 -> #DIV/0! | C9: ='Mark opt'!C9 -> 0.178 | D9: =1/11 -> 0.090909091 | G9: =A9 -> MSCI North America | H9: ='Mark opt'!H9 -> -0.00039257831 | I9: ='Mark opt'!I9 -> -0.00057545911 | J9: ='Mark opt'!J9 -> -0.00033697727 | K9: ='Mark opt'!K9 -> 0.0008906135 | L9: ='Mark opt'!L9 -> 0.012850416 | M9: ='Mark opt'!M9 -> 0.013100393 | N9: ='Mark opt'!N9 -> 0.024597742 | O9: ='Mark opt'!O9 -> 0.031684 | ... R9: ='Mark opt'!R9 -> 0.023753384 | T9: =A9 -> MSCI North America | U9: ='Mark infra optim'!U9 -> 0 | V9: ='[10]Naive Strategy'!G9 -> #REF! | W9: ='Mark infra optim'!W9 -> 0 | Z9: =D9/SUM($D$8:$D$12) -> 0.2
A10: ='Mark opt'!A10 -> MSCI Pacific | B10: =BL!C31 -> #DIV/0! | C10: ='Mark opt'!C10 -> 0.18555431 | D10: =1/11 -> 0.090909091 | G10: =A10 -> MSCI Pacific | H10: ='Mark opt'!H10 -> -0.00034189094 | I10: ='Mark opt'!I10 -> -0.0002638948 | J10: ='Mark opt'!J10 -> -0.00023877628 | K10: ='Mark opt'!K10 -> 0.00028093602 | L10: ='Mark opt'!L10 -> 0.010944858 | M10: ='Mark opt'!M10 -> 0.012511455 | N10: ='Mark opt'!N10 -> 0.022749367 | O10: ='Mark opt'!O10 -> 0.022144246 | ... R10: ='Mark opt'!R10 -> 0.02169613 | T10: =A10 -> MSCI Pacific | U10: ='Mark infra optim'!U10 -> 0 | V10: ='[10]Naive Strategy'!G10 -> #REF! | W10: ='Mark infra optim'!W10 -> 0 | Z10: =D10/SUM($D$8:$D$12) -> 0.2
A11: ='Mark opt'!A11 -> MSCI Emerging Markets | B11: =BL!C32 -> #DIV/0! | C11: ='Mark opt'!C11 -> 0.23692683 | D11: =1/11 -> 0.090909091 | G11: =A11 -> MSCI Emerging Markets | H11: ='Mark opt'!H11 -> -0.00033686116 | I11: ='Mark opt'!I11 -> -0.00051360836 | J11: ='Mark opt'!J11 -> -0.0004320099 | K11: ='Mark opt'!K11 -> -0.0019456008 | L11: ='Mark opt'!L11 -> 0.01493782 | M11: ='Mark opt'!M11 -> 0.019179196 | N11: ='Mark opt'!N11 -> 0.030464166 | O11: ='Mark opt'!O11 -> 0.028532455 | ... R11: ='Mark opt'!R11 -> 0.028302038 | T11: =A11 -> MSCI Emerging Markets | U11: ='Mark infra optim'!U11 -> 0 | V11: ='[10]Naive Strategy'!G11 -> #REF! | W11: ='Mark infra optim'!W11 -> 0 | Z11: =D11/SUM($D$8:$D$12) -> 0.2
A12: ='Mark opt'!A12 -> Opportunities | B12: =BL!C33 -> #DIV/0! | C12: ='Mark opt'!C12 -> 0.15358287 | D12: =1/11 -> 0.090909091 | G12: =A12 -> Opportunities | H12: ='Mark opt'!H12 -> -0.00026083404 | I12: ='Mark opt'!I12 -> -0.00054852013 | J12: ='Mark opt'!J12 -> -0.00066831916 | K12: ='Mark opt'!K12 -> -0.00055598841 | L12: ='Mark opt'!L12 -> 0.011378505 | M12: ='Mark opt'!M12 -> 0.011104224 | N12: ='Mark opt'!N12 -> 0.022943713 | O12: ='Mark opt'!O12 -> 0.023753384 | ... R12: ='Mark opt'!R12 -> 0.023587697 | T12: =A12 -> Opportunities | U12: ='Mark infra optim'!U12 -> 0 | V12: ='[10]Naive Strategy'!G12 -> #REF! | W12: ='Mark infra optim'!W12 -> 0 | Z12: =D12/SUM($D$8:$D$12) -> 0.2
A13: PORTAFOGLIO | B13: {=MMULT(TRANSPOSE(D2:D12),B2:B12)} -> #DIV/0! | C13: {=SQRT(MMULT(MMULT(TRANSPOSE(D2:D12),H2:R12),D2:D12))} -> 0.091042359 | D13: =SUM(D2:D12) -> 1
A15: 0.05
A16: Rendimento Target (R*)
H19: Weights
A20: s | B20: E(r) | H20: {=TRANSPOSE(A2:A12)} -> Bofa ML Euro 0-1 anni | I20: Bofa ML Bond Euro 1-3 Y | J20: Bofa ML Obbl. Euro | K20: Bofa ML Obbl. Globale | L20: ML Global HY | M20: Bofa ML Obbl Emergente | N20: MSCI Europe | O20: MSCI North America | P20: MSCI Pacific | Q20: MSCI Emerging Markets | R20: Opportunities

Sheet GRIGLIA_PT
A2: OT/Toll Risk | B2: B | C2: MB | D2: M | E2: MA | F2: A
A3: 1
A4: 3
A5: 5 | E5: 0.075
A6: 10
A7: >10

Sheet Mark infra + BL (VAR)
A1: ASSET CLASSES | B1: E(r) BL | C1: s | D1: Pesi | G1: cov | H1: Bofa ML Euro 0-1 anni | I1: Bofa ML Bond Euro 1-3 Y | J1: Bofa ML Obbl. Euro | K1: Bofa ML Obbl. Globale | L1: ML Global HY | M1: Bofa ML Obbl Emergente | N1: MSCI Europe | O1: MSCI North America | P1: MSCI Pacific | Q1: MSCI Emerging Markets | R1: Opportunities | T1: Asset Class | U1: min | V1: MKT NEUTR HBA | W1: MAX
A2: ='BL + Infra Optim'!A2 -> Bofa ML Euro 0-1 anni | B2: ='BL + Infra Optim'!B2 -> #DIV/0! | C2: ='BL + Infra Optim'!C2 -> 0.0086802842 | D2: =1/11 -> 0.090909091 | G2: =A2 -> Bofa ML Euro 0-1 anni | H2: ='BL + Infra Optim'!H2 -> 7.5347334e-05 | I2: ='BL + Infra Optim'!I2 -> 8.4124644e-05 | J2: ='BL + Infra Optim'!J2 -> 8.3378228e-05 | K2: ='BL + Infra Optim'!K2 -> 7.1342985e-05 | L2: ='BL + Infra Optim'!L2 -> -0.00017397431 | M2: ='BL + Infra Optim'!M2 -> -6.1542754e-05 | N2: ='BL + Infra Optim'!N2 -> -0.00033207095 | O2: ='BL + Infra Optim'!O2 -> -0.00039257831 | ... R2: ='BL + Infra Optim'!R2 -> -0.00026083404 | T2: =A2 -> Bofa ML Euro 0-1 anni | U2: ='BL + Infra Optim'!U2 -> 0 | V2: ='BL + Infra Optim'!V2 -> #REF! | W2: ='BL + Infra Optim'!W2 -> 0 | Z2: =D2/SUM($D$2:$D$7) -> 0.16666667
A3: ='BL + Infra Optim'!A3 -> Bofa ML Bond Euro 1-3 Y | B3: ='BL + Infra Optim'!B3 -> #DIV/0! | C3: ='BL + Infra Optim'!C3 -> 0.016887831 | D3: =1/11 -> 0.090909091 | G3: =A3 -> Bofa ML Bond Euro 1-3 Y | H3: ='BL + Infra Optim'!H3 -> 8.4124644e-05 | I3: ='BL + Infra Optim'!I3 -> 0.00028519884 | J3: ='BL + Infra Optim'!J3 -> 0.00052850669 | K3: ='BL + Infra Optim'!K3 -> 0.000301066 | L3: ='BL + Infra Optim'!L3 -> -1.9639822e-06 | M3: ='BL + Infra Optim'!M3 -> 7.8226156e-05 | N3: ='BL + Infra Optim'!N3 -> -0.00044277805 | O3: ='BL + Infra Optim'!O3 -> -0.00057545911 | ... R3: ='BL + Infra Optim'!R3 -> -0.00054852013 | T3: =A3 -> Bofa ML Bond Euro 1-3 Y | U3: ='BL + Infra Optim'!U3 -> 0 | V3: ='BL + Infra Optim'!V3 -> #REF! | W3: ='BL + Infra Optim'!W3 -> 0 | Z3: =D3/SUM($D$2:$D$7) -> 0.16666667
A4: ='BL + Infra Optim'!A4 -> Bofa ML Obbl. Euro | B4: ='BL + Infra Optim'!B4 -> #DIV/0! | C4: ='BL + Infra Optim'!C4 -> 0.04168791 | D4: =1/11 -> 0.090909091 | G4: =A4 -> Bofa ML Obbl. Euro | H4: ='BL + Infra Optim'!H4 -> 8.3378228e-05 | I4: ='BL + Infra Optim'!I4 -> 0.00052850669 | J4: ='BL + Infra Optim'!J4 -> 0.0017378818 | K4: ='BL + Infra Optim'!K4 -> 0.0012112773 | L4: ='BL + Infra Optim'!L4 -> 0.00043922155 | M4: ='BL + Infra Optim'!M4 -> 0.00082645978 | N4: ='BL + Infra Optim'!N4 -> -0.00036330969 | O4: ='BL + Infra Optim'!O4 -> -0.00033697727 | ... R4: ='BL + Infra Optim'!R4 -> -0.00066831916 | T4: =A4 -> Bofa ML Obbl. Euro | U4: ='BL + Infra Optim'!U4 -> 0 | V4: ='BL + Infra Optim'!V4 -> #REF! | W4: ='BL + Infra Optim'!W4 -> 0 | Z4: =D4/SUM($D$2:$D$7) -> 0.16666667
A5: ='BL + Infra Optim'!A5 -> Bofa ML Obbl. Globale | B5: ='BL + Infra Optim'!B5 -> #DIV/0! | C5: ='BL + Infra Optim'!C5 -> 0.069174632 | D5: =1/11 -> 0.090909091 | G5: =A5 -> Bofa ML Obbl. Globale | H5: ='BL + Infra Optim'!H5 -> 7.1342985e-05 | I5: ='BL + Infra Optim'!I5 -> 0.000301066 | J5: ='BL + Infra Optim'!J5 -> 0.0012112773 | K5: ='BL + Infra Optim'!K5 -> 0.0047851297 | L5: ='BL + Infra Optim'!L5 -> 0.0023664839 | M5: ='BL + Infra Optim'!M5 -> 0.0025755328 | N5: ='BL + Infra Optim'!N5 -> -0.0023069931 | O5: ='BL + Infra Optim'!O5 -> 0.0008906135 | ... R5: ='BL + Infra Optim'!R5 -> -0.00055598841 | T5: =A5 -> Bofa ML Obbl. Globale | U5: ='BL + Infra Optim'!U5 -> 0 | V5: ='BL + Infra Optim'!V5 -> #REF! | W5: ='BL + Infra Optim'!W5 -> 0 | Z5: =D5/SUM($D$2:$D$7) -> 0.16666667
A6: ='BL + Infra Optim'!A6 -> ML Global HY | B6: ='BL + Infra Optim'!B6 -> #DIV/0! | C6: ='BL + Infra Optim'!C6 -> 0.11065841 | D6: =1/11 -> 0.090909091 | G6: =A6 -> ML Global HY | H6: ='BL + Infra Optim'!H6 -> -0.00017397431 | I6: ='BL + Infra Optim'!I6 -> -1.9639822e-06 | J6: ='BL + Infra Optim'!J6 -> 0.00043922155 | K6: ='BL + Infra Optim'!K6 -> 0.0023664839 | L6: ='BL + Infra Optim'!L6 -> 0.012245283 | M6: ='BL + Infra Optim'!M6 -> 0.00983592 | N6: ='BL + Infra Optim'!N6 -> 0.010775571 | O6: ='BL + Infra Optim'!O6 -> 0.012850416 | ... R6: ='BL + Infra Optim'!R6 -> 0.011378505 | T6: =A6 -> ML Global HY | U6: ='BL + Infra Optim'!U6 -> 0 | V6: ='BL + Infra Optim'!V6 -> #REF! | W6: ='BL + Infra Optim'!W6 -> 0 | Z6: =D6/SUM($D$2:$D$7) -> 0.16666667
A7: ='BL + Infra Optim'!A7 -> Bofa ML Obbl Emergente | B7: ='BL + Infra Optim'!B7 -> #DIV/0! | C7: ='BL + Infra Optim'!C7 -> 0.12718802 | D7: =1/11 -> 0.090909091 | G7: =A7 -> Bofa ML Obbl Emergente | H7: ='BL + Infra Optim'!H7 -> -6.1542754e-05 | I7: ='BL + Infra Optim'!I7 -> 7.8226156e-05 | J7: ='BL + Infra Optim'!J7 -> 0.00082645978 | K7: ='BL + Infra Optim'!K7 -> 0.0025755328 | L7: ='BL + Infra Optim'!L7 -> 0.00983592 | M7: ='BL + Infra Optim'!M7 -> 0.016176792 | N7: ='BL + Infra Optim'!N7 -> 0.010983252 | O7: ='BL + Infra Optim'!O7 -> 0.013100393 | ... R7: ='BL + Infra Optim'!R7 -> 0.011104224 | T7: =A7 -> Bofa ML Obbl Emergente | U7: ='BL + Infra Optim'!U7 -> 0 | V7: ='BL + Infra Optim'!V7 -> #REF! | W7: ='BL + Infra Optim'!W7 -> 0 | Z7: =D7/SUM($D$2:$D$7) -> 0.16666667
A8: ='BL + Infra Optim'!A8 -> MSCI Europe | B8: ='BL + Infra Optim'!B8 -> #DIV/0! | C8: ='BL + Infra Optim'!C8 -> 0.17527257 | D8: =1/11 -> 0.090909091 | G8: =A8 -> MSCI Europe | H8: ='BL + Infra Optim'!H8 -> -0.00033207095 | I8: ='BL + Infra Optim'!I8 -> -0.00044277805 | J8: ='BL + Infra Optim'!J8 -> -0.00036330969 | K8: ='BL + Infra Optim'!K8 -> -0.0023069931 | L8: ='BL + Infra Optim'!L8 -> 0.010775571 | M8: ='BL + Infra Optim'!M8 -> 0.010983252 | N8: ='BL + Infra Optim'!N8 -> 0.030720472 | O8: ='BL + Infra Optim'!O8 -> 0.024597742 | ... R8: ='BL + Infra Optim'!R8 -> 0.022943713 | T8: =A8 -> MSCI Europe | U8: ='BL + Infra Optim'!U8 -> 0 | V8: ='BL + Infra Optim'!V8 -> #REF! | W8: ='BL + Infra Optim'!W8 -> 0 | Z8: =D8/SUM($D$8:$D$12) -> 0.2
A9: ='BL + Infra Optim'!A9 -> MSCI North America | B9: ='BL + Infra Optim'!B9 -> #DIV/0! | C9: ='BL + Infra Optim'!C9 -> 0.178 | D9: =1/11 -> 0.090909091 | G9: =A9 -> MSCI North America | H9: ='BL + Infra Optim'!H9 -> -0.00039257831 | I9: ='BL + Infra Optim'!I9 -> -0.00057545911 | J9: ='BL + Infra Optim'!J9 -> -0.00033697727 | K9: ='BL + Infra Optim'!K9 -> 0.0008906135 | L9: ='BL + Infra Optim'!L9 -> 0.012850416 | M9: ='BL + Infra Optim'!M9 -> 0.013100393 | N9: ='BL + Infra Optim'!N9 -> 0.024597742 | O9: ='BL + Infra Optim'!O9 -> 0.031684 | ... R9: ='BL + Infra Optim'!R9 -> 0.023753384 | T9: =A9 -> MSCI North America | U9: ='BL + Infra Optim'!U9 -> 0 | V9: ='BL + Infra Optim'!V9 -> #REF! | W9: ='BL + Infra Optim'!W9 -> 0 | Z9: =D9/SUM($D$8:$D$12) -> 0.2
A10: ='BL + Infra Optim'!A10 -> MSCI Pacific | B10: ='BL + Infra Optim'!B10 -> #DIV/0! | C10: ='BL + Infra Optim'!C10 -> 0.18555431 | D10: =1/11 -> 0.090909091 | G10: =A10 -> MSCI Pacific | H10: ='BL + Infra Optim'!H10 -> -0.00034189094 | I10: ='BL + Infra Optim'!I10 -> -0.0002638948 | J10: ='BL + Infra Optim'!J10 -> -0.00023877628 | K10: ='BL + Infra Optim'!K10 -> 0.00028093602 | L10: ='BL + Infra Optim'!L10 -> 0.010944858 | M10: ='BL + Infra Optim'!M10 -> 0.012511455 | N10: ='BL + Infra Optim'!N10 -> 0.022749367 | O10: ='BL + Infra Optim'!O10 -> 0.022144246 | ... R10: ='BL + Infra Optim'!R10 -> 0.02169613 | T10: =A10 -> MSCI Pacific | U10: ='BL + Infra Optim'!U10 -> 0 | V10: ='BL + Infra Optim'!V10 -> #REF! | W10: ='BL + Infra Optim'!W10 -> 0 | Z10: =D10/SUM($D$8:$D$12) -> 0.2
A11: ='BL + Infra Optim'!A11 -> MSCI Emerging Markets | B11: ='BL + Infra Optim'!B11 -> #DIV/0! | C11: ='BL + Infra Optim'!C11 -> 0.23692683 | D11: =1/11 -> 0.090909091 | G11: =A11 -> MSCI Emerging Markets | H11: ='BL + Infra Optim'!H11 -> -0.00033686116 | I11: ='BL + Infra Optim'!I11 -> -0.00051360836 | J11: ='BL + Infra Optim'!J11 -> -0.0004320099 | K11: ='BL + Infra Optim'!K11 -> -0.0019456008 | L11: ='BL + Infra Optim'!L11 -> 0.01493782 | M11: ='BL + Infra Optim'!M11 -> 0.019179196 | N11: ='BL + Infra Optim'!N11 -> 0.030464166 | O11: ='BL + Infra Optim'!O11 -> 0.028532455 | ... R11: ='BL + Infra Optim'!R11 -> 0.028302038 | T11: =A11 -> MSCI Emerging Markets | U11: ='BL + Infra Optim'!U11 -> 0 | V11: ='BL + Infra Optim'!V11 -> #REF! | W11: ='BL + Infra Optim'!W11 -> 0 | Z11: =D11/SUM($D$8:$D$12) -> 0.2
A12: ='BL + Infra Optim'!A12 -> Opportunities | B12: ='BL + Infra Optim'!B12 -> #DIV/0! | C12: ='BL + Infra Optim'!C12 -> 0.15358287 | D12: =1/11 -> 0.090909091 | G12: =A12 -> Opportunities | H12: ='BL + Infra Optim'!H12 -> -0.00026083404 | I12: ='BL + Infra Optim'!I12 -> -0.00054852013 | J12: ='BL + Infra Optim'!J12 -> -0.00066831916 | K12: ='BL + Infra Optim'!K12 -> -0.00055598841 | L12: ='BL + Infra Optim'!L12 -> 0.011378505 | M12: ='BL + Infra Optim'!M12 -> 0.011104224 | N12: ='BL + Infra Optim'!N12 -> 0.022943713 | O12: ='BL + Infra Optim'!O12 -> 0.023753384 | ... R12: ='BL + Infra Optim'!R12 -> 0.023587697 | T12: =A12 -> Opportunities | U12: ='BL + Infra Optim'!U12 -> 0 | V12: ='BL + Infra Optim'!V12 -> #REF! | W12: ='BL + Infra Optim'!W12 -> 0 | Z12: =D12/SUM($D$8:$D$12) -> 0.2
A13: PORTAFOGLIO | B13: {=MMULT(TRANSPOSE(D2:D12),B2:B12)} -> #DIV/0! | C13: {=SQRT(MMULT(MMULT(TRANSPOSE(D2:D12),H2:R12),D2:D12))} -> 0.091042359 | D13: =SUM(D2:D12) -> 1
A17: Perdita Annua Tollerata
A20: VaR 1yr (95%)

Sheet Approccio Qualitativo
A1: VIEWS | D1: View Quantitativa(Q) | E1: Quantitative Confidenza (C) | G1: Formula:
A2: Corporate Global HY Batte Global Bond: | D2: =B6+NORMSINV(IF(D6="--",20%,IF(D6="-",40%,IF(D6="=",50%,IF(D6="+",65%,IF(D6="++",80%,0))))))*C6 -> 0.0058910822 | E2: =IF(E6="High",40%,IF(E6="Medium",30%,IF(E6="Low",20%,0))) -> 0.2
A3: Equity North America performerà: | D3: =B7+NORMSINV(IF(D7="--",20%,IF(D7="-",40%,IF(D7="=",50%,IF(D7="+",65%,IF(D7="++",80%,0))))))*C7 -> 0.021896872 | E3: =IF(E7="High",40%,IF(E7="Medium",30%,IF(E7="Low",20%,0))) -> 0.3
D4: From... To…
A5: E(R) Market Neutral | B5: E(R) Market Neutral | C5: sExp.Ret …da W | D5: View Qualitativa | E5: Confidenza Qualitativa | G5: View - Perc | H5: Confidenza - %
A6: View 1 | B6: =B14-B13 -> -0.0026548514 | C6: {=SQRT(MMULT(MMULT(U54:AE54,$Y$41:$AI$51),TRANSPOSE(U54:AE54)))} -> 0.022178769 | D6: + | E6: Low | G6: -- 20% | H6: High=40%
A7: View 2 | B7: =B17 -> 0.030575094 | C7: {=SQRT(MMULT(MMULT(U55:AE55,$Y$41:$AI$51),TRANSPOSE(U55:AE55)))} -> 0.034254275 | D7: - | E7: Medium | G7: - 40% | H7: Medium=30%
G8: = 50% | H8: Low=20%
B9: P MN | C9: Rend BL | G9: + 65%
A10: =BL!A6 -> Bofa ML Euro 0-1 anni | B10: {=B36+B37*MMULT(D23:N33,B23:B33)} -> 0.020257134 | C10: {=MMULT(B70:L80,N70:N80)} -> 0.020260397 | G10: ++ 80%
A11: =BL!A7 -> Bofa ML Bond Euro 1-3 Y | B11: 0.021473447 | C11: 0.021487284
A12: =BL!A8 -> Bofa ML Obbl. Euro | B12: 0.02566618 | C12: 0.025579111
A13: =BL!A9 -> Bofa ML Obbl. Globale | B13: 0.037065887 | C13: 0.036582282 | E13: Gap Neutrale | F13: Gap Finale
A14: =BL!A10 -> ML Global HY | B14: 0.034411035 | C14: 0.034600131 | E14: =B14-B13 -> -0.0026548514 | F14: =C14-C13 -> -0.0019821511
A15: =BL!A11 -> Bofa ML Obbl Emergente | B15: 0.037332534 | C15: 0.03707545
A16: =BL!A12 -> MSCI Europe | B16: 0.01965418 | C16: 0.019083474
A17: =BL!A13 -> MSCI North America | B17: 0.030575094 | C17: 0.029311613 | E17: =B17 -> 0.030575094 | F17: =C17 -> 0.029311613
A18: =BL!A14 -> MSCI Pacific | B18: 0.028231842 | C18: 0.0275398
A19: =BL!A15 -> MSCI Emerging Markets | B19: 0.024976588 | C19: 0.024587992
A20: =BL!A16 -> Opportunities | B20: 0.024839546 | C20: 0.024176552
A22: ASSET CLASS | B22: Wmn | D22: S
A23: =A10 -> Bofa ML Euro 0-1 anni | B23: =BL!B6 -> 0.04 | D23: =BL!D6 -> 7.5347334e-05 | E23: =BL!E6 -> 8.4124644e-05 | F23: =BL!F6 -> 8.3378228e-05 | G23: =BL!G6 -> 7.1342985e-05 | H23: =BL!H6 -> -0.00017397431 | I23: =BL!I6 -> -6.1542754e-05 | J23: =BL!J6 -> -0.00033207095 | K23: =BL!K6 -> -0.00039257831 | ... N23: =BL!N6 -> -0.00026083404
A24: =A11 -> Bofa ML Bond Euro 1-3 Y | B24: =BL!B7 -> 0.07 | D24: =BL!D7 -> 8.4124644e-05 | E24: =BL!E7 -> 0.00028519884 | F24: =BL!F7 -> 0.00052850669 | G24: =BL!G7 -> 0.000301066 | H24: =BL!H7 -> -1.9639822e-06 | I24: =BL!I7 -> 7.8226156e-05 | J24: =BL!J7 -> -0.00044277805 | K24: =BL!K7 -> -0.00057545911 | ... N24: =BL!N7 -> -0.00054852013
A25: =A12 -> Bofa ML Obbl. Euro | B25: =BL!B8 -> 0.16 | D25: =BL!D8 -> 8.3378228e-05 | E25: =BL!E8 -> 0.00052850669 | F25: =BL!F8 -> 0.0017378818 | G25: =BL!G8 -> 0.0012112773 | H25: =BL!H8 -> 0.00043922155 | I25: =BL!I8 -> 0.00082645978 | J25: =BL!J8 -> -0.00036330969 | K25: =BL!K8 -> -0.00033697727 | ... N25: =BL!N8 -> -0.00066831916
A26: =A13 -> Bofa ML Obbl. Globale | B26: =BL!B9 -> 0.6 | D26: =BL!D9 -> 7.1342985e-05 | E26: =BL!E9 -> 0.000301066 | F26: =BL!F9 -> 0.0012112773 | G26: =BL!G9 -> 0.0047851297 | H26: =BL!H9 -> 0.0023664839 | I26: =BL!I9 -> 0.0025755328 | J26: =BL!J9 -> -0.0023069931 | K26: =BL!K9 -> 0.0008906135 | ... N26: =BL!N9 -> -0.00055598841
A27: =A14 -> ML Global HY | B27: =BL!B10 -> 0.05 | D27: =BL!D10 -> -0.00017397431 | E27: =BL!E10 -> -1.9639822e-06 | F27: =BL!F10 -> 0.00043922155 | G27: =BL!G10 -> 0.0023664839 | H27: =BL!H10 -> 0.012245283 | I27: =BL!I10 -> 0.00983592 | J27: =BL!J10 -> 0.010775571 | K27: =BL!K10 -> 0.012850416 | ... N27: =BL!N10 -> 0.011378505
A28: =A15 -> Bofa ML Obbl Emergente | B28: =BL!B11 -> 0.08 | D28: =BL!D11 -> -6.1542754e-05 | E28: =BL!E11 -> 7.8226156e-05 | F28: =BL!F11 -> 0.00082645978 | G28: =BL!G11 -> 0.0025755328 | H28: =BL!H11 -> 0.00983592 | I28: =BL!I11 -> 0.016176792 | J28: =BL!J11 -> 0.010983252 | K28: =BL!K11 -> 0.013100393 | ... N28: =BL!N11 -> 0.011104224
A29: =A16 -> MSCI Europe | B29: =BL!B12 -> 0 | D29: =BL!D12 -> -0.00033207095 | E29: =BL!E12 -> -0.00044277805 | F29: =BL!F12 -> -0.00036330969 | G29: =BL!G12 -> -0.0023069931 | H29: =BL!H12 -> 0.010775571 | I29: =BL!I12 -> 0.010983252 | J29: =BL!J12 -> 0.030720472 | K29: =BL!K12 -> 0.024597742 | ... N29: =BL!N12 -> 0.022943713
A30: =A17 -> MSCI North America | B30: =BL!B13 -> 0 | D30: =BL!D13 -> -0.00039257831 | E30: =BL!E13 -> -0.00057545911 | F30: =BL!F13 -> -0.00033697727 | G30: =BL!G13 -> 0.0008906135 | H30: =BL!H13 -> 0.012850416 | I30: =BL!I13 -> 0.013100393 | J30: =BL!J13 -> 0.024597742 | K30: =BL!K13 -> 0.029333884 | ... N30: =BL!N13 -> 0.023753384
A31: =A18 -> MSCI Pacific | B31: =BL!B14 -> 0 | D31: =BL!D14 -> -0.00034189094 | E31: =BL!E14 -> -0.0002638948 | F31: =BL!F14 -> -0.00023877628 | G31: =BL!G14 -> 0.00028093602 | H31: =BL!H14 -> 0.010944858 | I31: =BL!I14 -> 0.012511455 | J31: =BL!J14 -> 0.022749367 | K31: =BL!K14 -> 0.022144246 | ... N31: =BL!N14 -> 0.02169613
A32: =A19 -> MSCI Emerging Markets | B32: =BL!B15 -> 0 | D32: =BL!D15 -> -0.00033686116 | E32: =BL!E15 -> -0.00051360836 | F32: =BL!F15 -> -0.0004320099 | G32: =BL!G15 -> -0.0019456008 | H32: =BL!H15 -> 0.01493782 | I32: =BL!I15 -> 0.019179196 | J32: =BL!J15 -> 0.030464166 | K32: =BL!K15 -> 0.028532455 | ... N32: =BL!N15 -> 0.028302038
A33: =A20 -> Opportunities | B33: =BL!B16 -> 0 | D33: =BL!D16 -> -0.00026083404 | E33: =BL!E16 -> -0.00054852013 | F33: =BL!F16 -> -0.00066831916 | G33: =BL!G16 -> -0.00055598841 | H33: =BL!H16 -> 0.011378505 | I33: =BL!I16 -> 0.011104224 | J33: =BL!J16 -> 0.022943713 | K33: =BL!K16 -> 0.023753384 | ... N33: =BL!N16 -> 0.023587697
A36: rf | B36: =BL!B19 -> 0.02
A37: lambda | B37: =BL!B20 -> 5
Y38: t | Z38: =BL!Z21 -> 0.04
Y40: t*S
Y41: {=Z38*(D23:N33)} -> 3.0138933e-06 | Z41: 3.3649858e-06 | AA41: 3.3351291e-06 | AB41: 2.8537194e-06 | AC41: -6.9589722e-06 | AD41: -2.4617102e-06 | AE41: -1.3282838e-05 | AF41: -1.5703132e-05 | AG41: -1.3675637e-05 | AH41: -1.3474446e-05 | AI41: -1.0433362e-05
Y42: 3.3649858e-06 | Z42: 1.1407954e-05 | AA42: 2.1140268e-05 | AB42: 1.204264e-05 | AC42: -7.8559287e-08 | AD42: 3.1290462e-06 | AE42: -1.7711122e-05 | AF42: -2.3018365e-05 | AG42: -1.0555792e-05 | AH42: -2.0544334e-05 | AI42: -2.1940805e-05
Y43: 3.3351291e-06 | Z43: 2.1140268e-05 | AA43: 6.9515273e-05 | AB43: 4.8451094e-05 | AC43: 1.7568862e-05 | AD43: 3.3058391e-05 | AE43: -1.4532388e-05 | AF43: -1.3479091e-05 | AG43: -9.5510511e-06 | AH43: -1.7280396e-05 | AI43: -2.6732766e-05
Y44: 2.8537194e-06 | Z44: 1.204264e-05 | AA44: 4.8451094e-05 | AB44: 0.00019140519 | AC44: 9.4659356e-05 | AD44: 0.00010302131 | AE44: -9.2279726e-05 | AF44: 3.562454e-05 | AG44: 1.1237441e-05 | AH44: -7.7824033e-05 | AI44: -2.2239537e-05
Y45: -6.9589722e-06 | Z45: -7.8559287e-08 | AA45: 1.7568862e-05 | AB45: 9.4659356e-05 | AC45: 0.00048981131 | AD45: 0.0003934368 | AE45: 0.00043102284 | AF45: 0.00051401664 | AG45: 0.0004377943 | AH45: 0.0005975128 | AI45: 0.00045514019
Y46: -2.4617102e-06 | Z46: 3.1290462e-06 | AA46: 3.3058391e-05 | AB46: 0.00010302131 | AC46: 0.0003934368 | AD46: 0.00064707166 | AE46: 0.00043933007 | AF46: 0.00052401572 | AG46: 0.00050045821 | AH46: 0.00076716783 | AI46: 0.00044416896
Y47: -1.3282838e-05 | Z47: -1.7711122e-05 | AA47: -1.4532388e-05 | AB47: -9.2279726e-05 | AC47: 0.00043102284 | AD47: 0.00043933007 | AE47: 0.0012288189 | AF47: 0.00098390966 | AG47: 0.00090997469 | AH47: 0.0012185666 | AI47: 0.00091774854
Y48: -1.5703132e-05 | Z48: -2.3018365e-05 | AA48: -1.3479091e-05 | AB48: 3.562454e-05 | AC48: 0.00051401664 | AD48: 0.00052401572 | AE48: 0.00098390966 | AF48: 0.0011733554 | AG48: 0.00088576984 | AH48: 0.0011412982 | AI48: 0.00095013537
Y49: -1.3675637e-05 | Z49: -1.0555792e-05 | AA49: -9.5510511e-06 | AB49: 1.1237441e-05 | AC49: 0.0004377943 | AD49: 0.00050045821 | AE49: 0.00090997469 | AF49: 0.00088576984 | AG49: 0.0013772161 | AH49: 0.0013643075 | AI49: 0.00086784521
Y50: -1.3474446e-05 | Z50: -2.0544334e-05 | AA50: -1.7280396e-05 | AB50: -7.7824033e-05 | AC50: 0.0005975128 | AD50: 0.00076716783 | AE50: 0.0012185666 | AF50: 0.0011412982 | AG50: 0.0013643075 | AH50: 0.0022453729 | AI50: 0.0011320815
Y51: -1.0433362e-05 | Z51: -2.1940805e-05 | AA51: -2.6732766e-05 | AB51: -2.2239537e-05 | AC51: 0.00045514019 | AD51: 0.00044416896 | AE51: 0.00091774854 | AF51: 0.00095013537 | AG51: 0.00086784521 | AH51: 0.0011320815 | AI51: 0.00094350789
U53: {=TRANSPOSE(A10:A51)} -> Bofa ML Euro 0-1 anni | V53: Bofa ML Bond Euro 1-3 Y | W53: Bofa ML Obbl. Euro | X53: Bofa ML Obbl. Globale | Y53: ML Global HY | Z53: Bofa ML Obbl Emergente | AA53: MSCI Europe | AB53: MSCI North America | AC53: MSCI Pacific | AD53: MSCI Emerging Markets | AE53: Opportunities
T54: P | U54: 0 | V54: 0 | W54: 0 | X54: -1 | Y54: 1 | Z54: 0 | AA54: 0 | AB54: 0 | AC54: 0 | AD54: 0 | AE54: 0 | AF54: p1
U55: 0 | V55: 0 | W55: 0 | X55: 0 | Y55: 0 | Z55: 0 | AA55: 0 | AB55: 1 | AC55: 0 | AD55: 0 | AE55: 0 | AF55: p2
T57: Q | U57: =D2 -> 0.0058910822
U58: =D3 -> 0.021896872
T60: C | U60: =E2 -> 0.2
U61: =E3 -> 0.3
T63: W | U63: {=(1/U60-1)*MMULT(MMULT(U54:AE54,Z38*(D23:N33)),TRANSPOSE(U54:AE54))} -> 0.0019675912 | V63: 0
U64: 0 | V64: {=(1/U61-1)*MMULT(MMULT(U55:AE55,Z38*(D23:N33)),TRANSPOSE(U55:AE55))} -> 0.0027378292
B70: {=MINVERSE(MINVERSE(Y41:AI51)+MMULT(MMULT(TRANSPOSE(U54:AE55),MINVERSE(U63:V64)),U54:AE55))} -> 2.9249055e-06 | C70: 3.2419808e-06 | D70: 3.1849211e-06 | E70: 2.6644242e-06 | F70: -3.8030284e-06 | G70: 3.8609146e-07 | H70: -8.0079948e-06 | I70: -9.8914635e-06 | J70: -9.0733642e-06 | K70: -7.1312413e-06 | L70: -5.4314888e-06 | N70: {=MMULT(MINVERSE(Y41:AI51),B10:B20)+MMULT(MMULT(TRANSPOSE(U54:AE55),MINVERSE(U63:V64)),U57:U58)} -> 8717.4941
B71: 3.2419808e-06 | C71: 1.1236417e-05 | D71: 2.0947636e-05 | E71: 1.1860443e-05 | F71: 4.2344238e-06 | G71: 7.0901972e-06 | H71: -1.0358765e-05 | I71: -1.4814944e-05 | J71: -4.109458e-06 | K71: -1.175106e-05 | L71: -1.4949197e-05 | N71: -1059.4041
B72: 3.1849211e-06 | C72: 2.0947636e-05 | D72: 6.9112881e-05 | E72: 4.7342864e-05 | F72: 2.3386063e-05 | G72: 3.7619921e-05 | H72: -6.2352651e-06 | I72: -5.3580323e-06 | J72: -2.6239384e-06 | K72: -6.8241347e-06 | L72: -1.9060884e-05 | N72: 267.47987
B73: 2.6644242e-06 | C73: 1.1860443e-05 | D73: 4.7342864e-05 | E73: 0.00018682333 | F73: 0.00010396958 | G73: 0.00010777859 | H73: -8.4273345e-05 | I73: 3.9038484e-05 | J73: 1.6569302e-05 | K73: -6.5659797e-05 | L73: -1.5685347e-05 | N73: -53.721266
B74: -3.8030284e-06 | C74: 4.2344238e-06 | D74: 2.3386063e-05 | E74: 0.00010396958 | F74: 0.00037627245 | G74: 0.00029324799 | H74: 0.00024594842 | I74: 0.00031346702 | J74: 0.0002773454 | K74: 0.00037337758 | L74: 0.00028028819 | N74: 200.64452
B75: 3.8609146e-07 | C75: 7.0901972e-06 | D75: 3.7619921e-05 | E75: 0.00010777859 | F75: 0.00029324799 | G75: 0.00055553116 | H75: 0.00026952348 | I75: 0.00033524501 | J75: 0.00035178822 | K75: 0.00056375805 | L75: 0.00028282679 | N75: -98.122
B76: -8.0079948e-06 | C76: -1.0358765e-05 | D76: -6.2352651e-06 | E76: -8.4273345e-05 | F76: 0.00024594842 | G76: 0.00026952348 | H76: 0.00091367512 | I76: 0.00063253462 | J76: 0.00063374153 | K76: 0.0008415446 | L76: 0.00061811506 | N76: 21.015076
B77: -9.8914635e-06 | C77: -1.4814944e-05 | D77: -5.3580323e-06 | E77: 3.9038484e-05 | F77: 0.00031346702 | G77: 0.00033524501 | H77: 0.00063253462 | I77: 0.00077464236 | J77: 0.00057565606 | K77: 0.00072418671 | L77: 0.0006147215 | N77: 208.2414
B78: -9.0733642e-06 | C78: -4.109458e-06 | D78: -2.6239384e-06 | E78: 1.6569302e-05 | F78: 0.0002773454 | G78: 0.00035178822 | H78: 0.00063374153 | I78: 0.00057565606 | J78: 0.0011344401 | K78: 0.0010348318 | L78: 0.00060479985 | N78: 98.422365
B79: -7.1312413e-06 | C79: -1.175106e-05 | D79: -6.8241347e-06 | E79: -6.5659797e-05 | F79: 0.00037337758 | G79: 0.00056375805 | H79: 0.0008415446 | I79: 0.00072418671 | J79: 0.0010348318 | K79: 0.0017927957 | L79: 0.00077424015 | N79: -20.98145
B80: -5.4314888e-06 | C80: -1.4949197e-05 | D80: -1.9060884e-05 | E80: -1.5685347e-05 | F80: 0.00028028819 | G80: 0.00028282679 | H80: 0.00061811506 | I80: 0.0006147215 | J80: 0.00060479985 | K80: 0.00077424015 | L80: 0.00065836562 | N80: -232.12642

Sheet Serie Storiche_2
B1: Monetario Area € | C1: Obbl € Short Term (1-3 yrs) | D1: Obbl € MLT | E1: Global Bond Dev Mkts | F1: Obbl Corp. High Yield | G1: Obbl Emerg. Markets | H1: Az Europa | I1: Az Nord America | J1: Az Pacifico | K1: Az Emerg. Markets | L1: Opprtunities
B2: Bofa ML Euro 0-1 anni | C2: Bofa ML Bond Euro 1-3 Y | D2: Bofa ML Obbl. Euro | E2: Bofa ML Obbl. Globale | F2: ML Global HY | G2: Bofa ML Obbl Emergente | H2: MSCI Europe | I2: MSCI North America | J2: MSCI Pacific | K2: MSCI Emerging Markets | L2: Opportunities
A3: 2000 | B3: 0.043210458 | C3: 0.047892032 | D3: 0.083903018 | E3: 0.10487753 | F3: 0.0057225468 | G3: 0.17383462 | H3: -0.019300397 | I3: -0.057888151 | J3: -0.20614969 | K3: -0.25916788 | L3: 0.076002506
A4: 2001 | B4: 0.047402997 | C4: 0.059393889 | D4: 0.062532541 | E4: 0.047453241 | F4: 0.087266411 | G4: 0.069257981 | H4: -0.15262665 | I4: -0.076290839 | J4: -0.21150835 | K4: 0.029399749 | L4: -0.16060875
A5: 2002 | B5: 0.035273134 | C5: 0.059999736 | D5: 0.08487556 | E5: 0.0031368277 | F5: -0.16127991 | G5: -0.049689976 | H5: -0.30504445 | I5: -0.34110843 | J5: -0.22793553 | K5: -0.20242283 | L5: -0.22188495
A6: 2003 | B6: 0.025411503 | C6: 0.033410167 | D6: 0.037685942 | E6: -0.049184812 | F6: 0.087401597 | G6: 0.014666739 | H6: 0.15761029 | I6: 0.082617922 | J6: 0.15629158 | K6: 0.30017289 | L6: 0.092450294
A7: 2004 | B7: 0.021831288 | C7: 0.033969726 | D7: 0.075593423 | E7: 0.020888849 | F7: 0.043264419 | G7: 0.051034586 | H7: 0.12646241 | I7: 0.032721522 | J7: 0.10709243 | K7: 0.16880286 | L7: 0.080494475
A8: 2005 | B8: 0.021950303 | C8: 0.020481815 | D8: 0.056697384 | E8: 0.07925695 | F8: 0.16937125 | G8: 0.24110171 | H8: 0.26679539 | I8: 0.23225417 | J8: 0.4174703 | K8: 0.55039624 | L8: 0.31843533
A9: 2006 | B9: 0.03016019 | C9: 0.017654016 | D9: -0.0028239842 | E9: -0.05107058 | F9: 0.015390709 | G9: -0.0018941893 | H9: 0.20183832 | I9: 0.033003098 | J9: 0.0063905048 | K9: 0.18598341 | L9: -0.0063570745
A10: 2007 | B10: 0.044157779 | C10: 0.037934887 | D10: 0.0097233134 | E10: -0.0086455151 | F10: -0.07089022 | G10: -0.0053456654 | H10: 0.031744812 | I10: -0.028932587 | J10: -0.047486666 | K10: 0.26070317 | L10: 0.037263383
A11: 2008 | B11: 0.057465407 | C11: 0.070002921 | D11: 0.099693757 | E11: 0.18469272 | F11: -0.24126013 | G11: -0.012968904 | H11: -0.43286399 | I11: -0.34579211 | J11: -0.32865114 | K11: -0.50755916 | L11: -0.38150412
A12: 2009 | B12: 0.023113024 | C12: 0.042513396 | D12: 0.043247221 | E12: -0.01275322 | F12: 0.56925753 | G12: 0.14658974 | H12: 0.32548822 | I12: 0.25316067 | J12: 0.20469975 | K12: 0.73444663 | L12: 0.22703402
A13: 2010 | B13: 0.011052959 | C13: 0.0089584445 | D13: 0.01143811 | E13: 0.14098047 | F13: 0.21801765 | G13: 0.17277332 | H13: 0.11747023 | I13: 0.24041419 | J13: 0.24141549 | K13: 0.27476196 | L13: 0.19626131
A14: 2011 | B14: 0.015905964 | C14: 0.0025226178 | D14: 0.021785493 | E14: 0.13575395 | F14: 0.060595095 | G14: 0.051516516 | H14: -0.075109009 | I14: 0.039165051 | J14: -0.10717121 | K14: -0.15437573 | L14: -0.0074270671
... A28: 2025 | B28: 0.02164674 | C28: 0.026444465 | D28: 0.0065982019 | E28: -0.058025253 | F28: -0.011809633 | G28: -0.0026515842 | H28: 0.20131654 | I28: 0.04495119 | J28: 0.090049768 | K28: 0.18460104 | L28: 0.083563455
A30: Asimmetria | B30: =SKEW(B3:B27) -> 0.42073349 | C30: =SKEW(C3:C27) -> -0.44528707 | D30: =SKEW(D3:D27) -> -1.8170519 | E30: =SKEW(E3:E27) -> 0.22797586 | F30: =SKEW(F3:F27) -> 1.1287835 | G30: =SKEW(G3:G27) -> 0.14722579 | H30: =SKEW(H3:H27) -> -1.0210152 | I30: =SKEW(I3:I27) -> -0.76624856 | ... L30: =SKEW(L3:L27) -> -0.55700927
A31: Curtosi | B31: =KURT(B3:B27) -> -0.96788725 | C31: =KURT(C3:C27) -> 0.88852249 | D31: =KURT(D3:D27) -> 6.5998454 | E31: =KURT(E3:E27) -> -0.23415777 | F31: =KURT(F3:F27) -> 4.5646308 | G31: =KURT(G3:G27) -> -0.41941485 | H31: =KURT(H3:H27) -> 1.1498728 | I31: =KURT(I3:I27) -> 0.42337642 | ... L31: =KURT(L3:L27) -> 0.83900018

Sheet Skew Optim
A1: ASSET CLASSES | B1: P BL | C1: s | D1: Skewn | E1: Weights | G1: Ret Ports | I1: COV | J1: Bofa ML Euro 0-1 anni | K1: Bofa ML Bond Euro 1-3 Y | L1: Bofa ML Obbl. Euro | M1: Bofa ML Obbl. Globale | N1: ML Global HY | O1: Bofa ML Obbl Emergente | P1: MSCI Europe | Q1: MSCI North America | R1: MSCI Pacific | S1: MSCI Emerging Markets | T1: Opportunities
A2: Money Mkt in € | B2: =BL!C23 -> #DIV/0! | C2: ='Mark infra optim'!C2 -> 0.0086802842 | D2: {=TRANSPOSE('Serie Storiche_2'!B30:L30)} -> 0.42073349 | E2: =1/11 -> 0.090909091 | G2: {=MMULT('Serie Storiche_2'!B3:L3,$E$2:$E$12)} -> -0.00064212734 | I2: =A2 -> Money Mkt in € | J2: ='BL + Infra Optim'!H2 -> 7.5347334e-05 | K2: ='BL + Infra Optim'!I2 -> 8.4124644e-05 | L2: ='BL + Infra Optim'!J2 -> 8.3378228e-05 | M2: ='BL + Infra Optim'!K2 -> 7.1342985e-05 | N2: ='BL + Infra Optim'!L2 -> -0.00017397431 | O2: ='BL + Infra Optim'!M2 -> -6.1542754e-05 | P2: ='BL + Infra Optim'!N2 -> -0.00033207095 | Q2: ='BL + Infra Optim'!O2 -> -0.00039257831 | ... T2: ='BL + Infra Optim'!R2 -> -0.00026083404
A3: € Bond Mkt Short Term | B3: =BL!C24 -> #DIV/0! | C3: ='Mark infra optim'!C3 -> 0.016887831 | D3: -0.44528707 | E3: =1/11 -> 0.090909091 | G3: {=MMULT('Serie Storiche_2'!B4:L4,$E$2:$E$12)} -> -0.018029798 | I3: =A3 -> € Bond Mkt Short Term | J3: ='BL + Infra Optim'!H3 -> 8.4124644e-05 | K3: ='BL + Infra Optim'!I3 -> 0.00028519884 | L3: ='BL + Infra Optim'!J3 -> 0.00052850669 | M3: ='BL + Infra Optim'!K3 -> 0.000301066 | N3: ='BL + Infra Optim'!L3 -> -1.9639822e-06 | O3: ='BL + Infra Optim'!M3 -> 7.8226156e-05 | P3: ='BL + Infra Optim'!N3 -> -0.00044277805 | Q3: ='BL + Infra Optim'!O3 -> -0.00057545911 | ... T3: ='BL + Infra Optim'!R3 -> -0.00054852013
A4: € Bond Mkt | B4: =BL!C25 -> #DIV/0! | C4: ='Mark infra optim'!C4 -> 0.04168791 | D4: -1.8170519 | E4: =1/11 -> 0.090909091 | G4: {=MMULT('Serie Storiche_2'!B5:L5,$E$2:$E$12)} -> -0.1205528 | I4: =A4 -> € Bond Mkt | J4: ='BL + Infra Optim'!H4 -> 8.3378228e-05 | K4: ='BL + Infra Optim'!I4 -> 0.00052850669 | L4: ='BL + Infra Optim'!J4 -> 0.0017378818 | M4: ='BL + Infra Optim'!K4 -> 0.0012112773 | N4: ='BL + Infra Optim'!L4 -> 0.00043922155 | O4: ='BL + Infra Optim'!M4 -> 0.00082645978 | P4: ='BL + Infra Optim'!N4 -> -0.00036330969 | Q4: ='BL + Infra Optim'!O4 -> -0.00033697727 | ... T4: ='BL + Infra Optim'!R4 -> -0.00066831916
A5: Global Bond Dev Mkts | B5: =BL!C26 -> #DIV/0! | C5: ='Mark infra optim'!C5 -> 0.069174632 | D5: 0.22797586 | E5: =1/11 -> 0.090909091 | G5: {=MMULT('Serie Storiche_2'!B6:L6,$E$2:$E$12)} -> 0.085321283 | I5: =A5 -> Global Bond Dev Mkts | J5: ='BL + Infra Optim'!H5 -> 7.1342985e-05 | K5: ='BL + Infra Optim'!I5 -> 0.000301066 | L5: ='BL + Infra Optim'!J5 -> 0.0012112773 | M5: ='BL + Infra Optim'!K5 -> 0.0047851297 | N5: ='BL + Infra Optim'!L5 -> 0.0023664839 | O5: ='BL + Infra Optim'!M5 -> 0.0025755328 | P5: ='BL + Infra Optim'!N5 -> -0.0023069931 | Q5: ='BL + Infra Optim'!O5 -> 0.0008906135 | ... T5: ='BL + Infra Optim'!R5 -> -0.00055598841
A6: Global Corp Bond High Yield | B6: =BL!C27 -> #DIV/0! | C6: ='Mark infra optim'!C6 -> 0.11065841 | D6: 1.1287835 | E6: =1/11 -> 0.090909091 | G6: {=MMULT('Serie Storiche_2'!B7:L7,$E$2:$E$12)} -> 0.069286909 | I6: =A6 -> Global Corp Bond High Yield | J6: ='BL + Infra Optim'!H6 -> -0.00017397431 | K6: ='BL + Infra Optim'!I6 -> -1.9639822e-06 | L6: ='BL + Infra Optim'!J6 -> 0.00043922155 | M6: ='BL + Infra Optim'!K6 -> 0.0023664839 | N6: ='BL + Infra Optim'!L6 -> 0.012245283 | O6: ='BL + Infra Optim'!M6 -> 0.00983592 | P6: ='BL + Infra Optim'!N6 -> 0.010775571 | Q6: ='BL + Infra Optim'!O6 -> 0.012850416 | ... T6: ='BL + Infra Optim'!R6 -> 0.011378505
A7: Em Mkts Bond Mkt | B7: =BL!C28 -> #DIV/0! | C7: ='Mark infra optim'!C7 -> 0.12718802 | D7: 0.14722579 | E7: =1/11 -> 0.090909091 | G7: {=MMULT('Serie Storiche_2'!B8:L8,$E$2:$E$12)} -> 0.21583735 | I7: =A7 -> Em Mkts Bond Mkt | J7: ='BL + Infra Optim'!H7 -> -6.1542754e-05 | K7: ='BL + Infra Optim'!I7 -> 7.8226156e-05 | L7: ='BL + Infra Optim'!J7 -> 0.00082645978 | M7: ='BL + Infra Optim'!K7 -> 0.0025755328 | N7: ='BL + Infra Optim'!L7 -> 0.00983592 | O7: ='BL + Infra Optim'!M7 -> 0.016176792 | P7: ='BL + Infra Optim'!N7 -> 0.010983252 | Q7: ='BL + Infra Optim'!O7 -> 0.013100393 | ... T7: ='BL + Infra Optim'!R7 -> 0.011104224
A8: Equ. Europe | B8: =BL!C29 -> #DIV/0! | C8: ='Mark infra optim'!C8 -> 0.17527257 | D8: -1.0210152 | E8: =1/11 -> 0.090909091 | G8: {=MMULT('Serie Storiche_2'!B9:L9,$E$2:$E$12)} -> 0.038934039 | I8: =A8 -> Equ. Europe | J8: ='BL + Infra Optim'!H8 -> -0.00033207095 | K8: ='BL + Infra Optim'!I8 -> -0.00044277805 | L8: ='BL + Infra Optim'!J8 -> -0.00036330969 | M8: ='BL + Infra Optim'!K8 -> -0.0023069931 | N8: ='BL + Infra Optim'!L8 -> 0.010775571 | O8: ='BL + Infra Optim'!M8 -> 0.010983252 | P8: ='BL + Infra Optim'!N8 -> 0.030720472 | Q8: ='BL + Infra Optim'!O8 -> 0.024597742 | ... T8: ='BL + Infra Optim'!R8 -> 0.022943713
A9: Equ. North America | B9: =BL!C30 -> #DIV/0! | C9: ='Mark infra optim'!C9 -> 0.178 | D9: -0.76624856 | E9: =1/11 -> 0.090909091 | G9: {=MMULT('Serie Storiche_2'!B10:L10,$E$2:$E$12)} -> 0.023656972 | I9: =A9 -> Equ. North America | J9: ='BL + Infra Optim'!H9 -> -0.00039257831 | K9: ='BL + Infra Optim'!I9 -> -0.00057545911 | L9: ='BL + Infra Optim'!J9 -> -0.00033697727 | M9: ='BL + Infra Optim'!K9 -> 0.0008906135 | N9: ='BL + Infra Optim'!L9 -> 0.012850416 | O9: ='BL + Infra Optim'!M9 -> 0.013100393 | P9: ='BL + Infra Optim'!N9 -> 0.024597742 | Q9: ='BL + Infra Optim'!O9 -> 0.031684 | ... T9: ='BL + Infra Optim'!R9 -> 0.023753384
A10: Equ. Pacific | B10: =BL!C31 -> #DIV/0! | C10: ='Mark infra optim'!C10 -> 0.18555431 | D10: -0.37938793 | E10: =1/11 -> 0.090909091 | G10: {=MMULT('Serie Storiche_2'!B11:L11,$E$2:$E$12)} -> -0.16715861 | I10: =A10 -> Equ. Pacific | J10: ='BL + Infra Optim'!H10 -> -0.00034189094 | K10: ='BL + Infra Optim'!I10 -> -0.0002638948 | L10: ='BL + Infra Optim'!J10 -> -0.00023877628 | M10: ='BL + Infra Optim'!K10 -> 0.00028093602 | N10: ='BL + Infra Optim'!L10 -> 0.010944858 | O10: ='BL + Infra Optim'!M10 -> 0.012511455 | P10: ='BL + Infra Optim'!N10 -> 0.022749367 | Q10: ='BL + Infra Optim'!O10 -> 0.022144246 | ... T10: ='BL + Infra Optim'!R10 -> 0.02169613
A11: Equ. Em Mkts | B11: =BL!C32 -> #DIV/0! | C11: ='Mark infra optim'!C11 -> 0.23692683 | D11: 0.19668397 | E11: =1/11 -> 0.090909091 | G11: {=MMULT('Serie Storiche_2'!B12:L12,$E$2:$E$12)} -> 0.23243609 | I11: =A11 -> Equ. Em Mkts | J11: ='BL + Infra Optim'!H11 -> -0.00033686116 | K11: ='BL + Infra Optim'!I11 -> -0.00051360836 | L11: ='BL + Infra Optim'!J11 -> -0.0004320099 | M11: ='BL + Infra Optim'!K11 -> -0.0019456008 | N11: ='BL + Infra Optim'!L11 -> 0.01493782 | O11: ='BL + Infra Optim'!M11 -> 0.019179196 | P11: ='BL + Infra Optim'!N11 -> 0.030464166 | Q11: ='BL + Infra Optim'!O11 -> 0.028532455 | ... T11: ='BL + Infra Optim'!R11 -> 0.028302038
A12: Opportunities | B12: =BL!C33 -> #DIV/0! | C12: ='Mark infra optim'!C12 -> 0.15358287 | D12: -0.55700927 | E12: =1/11 -> 0.090909091 | G12: {=MMULT('Serie Storiche_2'!B13:L13,$E$2:$E$12)} -> 0.14850401 | I12: =A12 -> Opportunities | J12: ='BL + Infra Optim'!H12 -> -0.00026083404 | K12: ='BL + Infra Optim'!I12 -> -0.00054852013 | L12: ='BL + Infra Optim'!J12 -> -0.00066831916 | M12: ='BL + Infra Optim'!K12 -> -0.00055598841 | N12: ='BL + Infra Optim'!L12 -> 0.011378505 | O12: ='BL + Infra Optim'!M12 -> 0.011104224 | P12: ='BL + Infra Optim'!N12 -> 0.022943713 | Q12: ='BL + Infra Optim'!O12 -> 0.023753384 | ... T12: ='BL + Infra Optim'!R12 -> 0.023587697
A13: PORTFOLIO | B13: {=MMULT(TRANSPOSE(E2:E12),B2:B12)} -> #DIV/0! | C13: {=SQRT(MMULT(MMULT(TRANSPOSE(E2:E12),J2:T12),E2:E12))} -> 0.091042359 | D13: Skew (Sk) | E13: =SUM(E2:E12) -> 1 | G13: {=MMULT('Serie Storiche_2'!B14:L14,$E$2:$E$12)} -> -0.0015307576
D14: =SKEW(G2:G27) -> -0.40462617 | G14: {=MMULT('Serie Storiche_2'!B15:L15,$E$2:$E$12)} -> 0.10571248
A15: 0.1 | C15: Sk* | D15: =D14/200 -> -0.0020231309 | G15: {=MMULT('Serie Storiche_2'!B16:L16,$E$2:$E$12)} -> 0.048202684 | J15: Sk | K15: E(R)
A16: Sigma Target | G16: {=MMULT('Serie Storiche_2'!B17:L17,$E$2:$E$12)} -> 0.12223245 | I16: MAX | J16: 1.232 | K16: 0.052
G17: {=MMULT('Serie Storiche_2'!B18:L18,$E$2:$E$12)} -> 0.056330162 | I17: min | J17: -0.69 | K17: 0.0447
A18: Preferenza per E(R) (Alfa) | B18: 0 | G18: {=MMULT('Serie Storiche_2'!B19:L19,$E$2:$E$12)} -> 0.085483616 | I18: Delta | J18: =(J16-J17) -> 1.922 | K18: =(K16-K17) -> 0.0073 | L18: =J18/K18 -> 263.28767
G19: {=MMULT('Serie Storiche_2'!B20:L20,$E$2:$E$12)} -> 0.034837218
G20: {=MMULT('Serie Storiche_2'!B21:L21,$E$2:$E$12)} -> -0.025141027
A21: Fuzione Obiettivo | B21: =B18*B13+(1-B18)*D15 -> #DIV/0! | G21: {=MMULT('Serie Storiche_2'!B22:L22,$E$2:$E$12)} -> 0.16138049
G22: {=MMULT('Serie Storiche_2'!B23:L23,$E$2:$E$12)} -> 0.01662309
G23: {=MMULT('Serie Storiche_2'!B24:L24,$E$2:$E$12)} -> 0.11480475
G24: {=MMULT('Serie Storiche_2'!B25:L25,$E$2:$E$12)} -> -0.10397176
B25: Alfa=100% | C25: Alfa=75% | D25: Alfa=50% | E25: Alfa=0% | G25: {=MMULT('Serie Storiche_2'!B26:L26,$E$2:$E$12)} -> 0.089008843
A26: Bofa ML Euro 0-1 anni | B26: 0 | C26: 0 | D26: 0 | E26: 0 | G26: {=MMULT('Serie Storiche_2'!B27:L27,$E$2:$E$12)} -> 0.12339997
A27: Bofa ML Bond Euro 1-3 Y | B27: 0 | C27: 0 | D27: 0.17527353 | E27: 0.096423187 | G27: {=MMULT('Serie Storiche_2'!B28:L28,$E$2:$E$12)} -> 0.053334994
A28: Bofa ML Obbl. Euro | B28: 0.19172172 | C28: 0.15934874 | D28: 0 | E28: 0
A29: Bofa ML Obbl. Globale | B29: 0.096201658 | C29: 0.08918457 | D29: 0 | E29: 0
A30: ML Global HY | B30: 0.13089034 | C30: 0.31828671 | D30: 0.66230836 | E30: 0.90357681
A31: Bofa ML Obbl Emergente | B31: 0.0608177 | C31: 0.0080154919 | D31: 0 | E31: 0
A32: MSCI Europe | B32: 0.15237943 | C32: 0.13165737 | D32: 0.0032646661 | E32: 0
A33: MSCI North America | B33: 0.23512489 | C33: 0.1950767 | D33: 0 | E33: 0
A34: MSCI Pacific | B34: 0.040067346 | C34: 0.027801519 | D34: 0 | E34: 0
A35: MSCI Emerging Markets | B35: 0 | C35: 0.055542043 | D35: 0.15915345 | E35: 0
A36: Opportunities | B36: 0.092796915 | C36: 0.01508687 | D36: 0 | E36: 0
A38: E(R) | B38: 0.051954564 | C38: 0.051487124 | D38: 0.047313779 | E38: 0.044669151
A39: Skew | B39: -0.69114298 | C39: -0.34546562 | D39: 1.0670284 | E39: 1.2322218

Sheet Carmignac Patrimoine
A1: =_xll.DSGRID("880784,36233K","","31/12/2006","31/12/2025","Y","RowHeader=true;ColHeader=true;Code=true;Curn=true;DispSeriesDescription=true;YearlyTSFormat=false;QuarterlyTSFormat=false;MonthlyTSFormat=true") -> Name | B1: CARMIGNAC GESTION PATRIMOINE FCP 3 D C | C1: CARMIGNAC PATRIMOINE E CARMIGNAC GESTION | G1: =_xll.DSGRID("880784,36233K","TNA","31/12/2006","31/12/2025","Y","RowHeader=true;ColHeader=true;Code=true;Curn=true;DispSeriesDescription=true;YearlyTSFormat=false;QuarterlyTSFormat=false;MonthlyTSFormat=true") -> Name | H1: CARMIGNAC GESTION PATRIMOINE FCP 3 D C - TOTAL NET ASSETS | I1: CARMIGNAC PATRIMOINE E CARMIGNAC GESTION - TOTAL NET ASSETS
A2: Code | B2: 880784 | C2: 36233K | G2: Code | H2: 880784(TNA) | I2: 36233K(TNA)
A3: CURRENCY | B3: E | C3: E | G3: CURRENCY | H3: E | I3: E | J3: SOMMA
A4: 2006 | B4: 383.5657 | C4: 102.48 | G4: 2006 | H4: 2851.846 | I4: 2.942 | J4: =H4+I4 -> 2854.788
A5: 2007 | B5: 418.6377 | C5: 110.019 | D5: =(B5-B4)/B4 -> 0.091436747 | E5: =(C5-C4)/C4 -> 0.073565574 | G5: 2007 | H5: 2792.407 | I5: 90.399 | J5: =H5+I5 -> 2882.806
A6: 2008 | B6: 418.6904 | C6: 109.38 | D6: =(B6-B5)/B5 -> 0.00012588451 | E6: =(C6-C5)/C5 -> -0.0058080877 | G6: 2008 | H6: 4786.387 | I6: 355.241 | J6: =H6+I6 -> 5141.628
A7: 2009 | B7: 492.3406 | C7: 127.49 | D7: =(B7-B6)/B6 -> 0.17590611 | E7: =(C7-C6)/C6 -> 0.16556957 | G7: 2009 | H7: 14317.21 | I7: 2394.803 | J7: =H7+I7 -> 16712.013
A8: 2010 | B8: 526.4656 | C8: 135.65 | D8: =(B8-B7)/B7 -> 0.069311773 | E8: =(C8-C7)/C7 -> 0.06400502 | G8: 2010 | H8: 23198 | I8: 4796 | J8: =H8+I8 -> 27994
A9: 2011 | B9: 522.4795 | C9: 133.95 | D9: =(B9-B8)/B8 -> -0.0075714349 | E9: =(C9-C8)/C8 -> -0.012532252 | G9: 2011 | H9: 20815.95 | I9: 3867 | J9: =H9+I9 -> 24682.95
A10: 2012 | B10: 550.8098 | C10: 140.51 | D10: =(B10-B9)/B9 -> 0.054222797 | E10: =(C10-C9)/C9 -> 0.048973498 | G10: 2012 | H10: 23759.33 | I10: 4063.512 | J10: =H10+I10 -> 27822.842
A11: 2013 | B11: 570.2798 | C11: 144.76 | D11: =(B11-B10)/B10 -> 0.035347955 | E11: =(C11-C10)/C10 -> 0.030246958 | G11: 2013 | H11: 22882.11 | I11: 3508.647 | J11: =H11+I11 -> 26390.757
A12: 2014 | B12: 620.5198 | C12: 156.72 | D12: =(B12-B11)/B11 -> 0.088097106 | E12: =(C12-C11)/C11 -> 0.082619508 | G12: 2014 | H12: 20808.91 | I12: 2713.175 | J12: =H12+I12 -> 23522.085
A13: 2015 | B13: 624.96 | C13: 157.06 | D13: =(B13-B12)/B12 -> 0.0071556137 | E13: =(C13-C12)/C12 -> 0.0021694742 | G13: 2015 | H13: 21452.6 | I13: 2698.961 | J13: =H13+I13 -> 24151.561
A14: 2016 | B14: 649.21 | C14: 162.35 | D14: =(B14-B13)/B13 -> 0.038802483 | E14: =(C14-C13)/C13 -> 0.033681396 | G14: 2016 | H14: 21162.77 | I14: 2530.825 | J14: =H14+I14 -> 23693.595
A15: 2017 | B15: 649.7698 | C15: 161.69 | D15: =(B15-B14)/B14 -> 0.00086227877 | E15: =(C15-C14)/C14 -> -0.004065291 | G15: 2017 | H15: 19066.54 | I15: 2260.107 | J15: =H15+I15 -> 21326.647
A16: 2018 | B16: 576.3999 | C16: 142.71 | D16: =(B16-B15)/B15 -> -0.11291676 | E16: =(C16-C15)/C15 -> -0.11738512 | G16: 2018 | H16: 12441.5 | I16: 1486.009 | J16: =H16+I16 -> 13927.509
... A23: 2025 | B23: 789.23 | C23: 189.49 | D23: =(B23-B22)/B22 -> 0.12120884 | E23: =(C23-C22)/C22 -> 0.11872712 | G23: 2025 | H23: 5591.078 | I23: 618.592 | J23: =H23+I23 -> 6209.67

Sheet Tactical Optim
A1: ASSET CLASSES | B1: Rend att TATTICI | C1: s Tatt | D1: AAS | E1: AAT | F1: PESI Tatt- PESI Strat | P1: LB | Q1: AAS | R1: UB
A2: ='Mark infra optim'!A2 -> Bofa ML Euro 0-1 anni | O2: =A2 -> Bofa ML Euro 0-1 anni
A3: ='Mark infra optim'!A3 -> Bofa ML Bond Euro 1-3 Y | O3: =A3 -> Bofa ML Bond Euro 1-3 Y
A4: ='Mark infra optim'!A4 -> Bofa ML Obbl. Euro | O4: =A4 -> Bofa ML Obbl. Euro
A5: ='Mark infra optim'!A5 -> Bofa ML Obbl. Globale | O5: =A5 -> Bofa ML Obbl. Globale
A6: ='Mark infra optim'!A6 -> ML Global HY | O6: =A6 -> ML Global HY
A7: ='Mark infra optim'!A7 -> Bofa ML Obbl Emergente | O7: =A7 -> Bofa ML Obbl Emergente
A8: ='Mark infra optim'!A8 -> MSCI Europe | O8: =A8 -> MSCI Europe
A9: ='Mark infra optim'!A9 -> MSCI North America | O9: =A9 -> MSCI North America
A10: ='Mark infra optim'!A10 -> MSCI Pacific | O10: =A10 -> MSCI Pacific
A11: ='Mark infra optim'!A11 -> MSCI Emerging Markets | O11: =A11 -> MSCI Emerging Markets
A12: ='Mark infra optim'!A12 -> Opportunities | O12: =A12 -> Opportunities
A13: PORTAFOGLIO
O14: RISKY ASSETS | Q14: =SUM(E6:E12) -> 0
A15: Soglia di SIGMA
A17: E(R) strategico | B17: s STRAT
A31: RE-VAR (cl=95%)
A32: Soglia di ReVaR

Sheet Tactical Views
A1: Asset Class | B1: Fund Manager 1 | C1: Fund Manager 2 | D1: Fund Manager 3 | E1: View Finale
A2: Liquidità in € | B2: - | C2: - | D2: = | E2: = | F2: Negativa
A3: Obbligazionario Globale | B3: = | C3: = | D3: - | E3: = | F3: Neutrale
A4: Obbligazionario Paesi Emergenti | B4: + | C4: + | D4: = | E4: + | F4: Positiva
A5: Obbligazionario Euro Corporate | B5: = | C5: = | D5: = | E5: = | F5: Neutrale
A6: Obbligazionario Globale High Yield | B6: + | C6: + | D6: + | E6: + | F6: Positiva
A7: Obbligazionario Euro BT | B7: - | C7: = | D7: = | E7: = | F7: Neutrale
A8: Obbligazionario Euro MLT | B8: - | C8: - | D8: = | E8: - | F8: Negativa
A9: Azionario Europa | B9: + | C9: = | D9: = | E9: = | F9: Neutrale
A10: Azionario Pacifico | B10: - | C10: - | D10: = | E10: - | F10: Negativa
A11: Azionario Paesi Emergenti | B11: + | C11: ++ | D11: = | E11: + | F11: Positiva
A12: Azionario Nord America | B12: + | C12: + | D12: = | E12: = | F12: Positiva
A13: Opportunities | B13: = | C13: + | D13: = | E13: = | F13: Neutrale
A16: Macro Asset Class | B16: Fund Manager 1 | C16: Fund Manager 2 | D16: Fund Manager 3 | E16: View Finale
A17: Monetario | B17: - | C17: - | D17: = | E17: - | F17: Negativa
A18: Obbligazionario | B18: = | C18: = | D18: = | E18: = | F18: Neutrale
A19: Azionario | B19: + | C19: + | D19: = | E19: + | F19: Positiva
A20: Opportunities | B20: = | C20: + | D20: = | E20: = | F20: Neutrale
